Workbook

Sheet Table 1 Water Stored
B2: Water in North Mine Area
B3: Location | C3: Estimated Volume at EOY 2030 (gallons)
B4: East Pit | C4: 740204439
B5: Estrella Pit | C5: 363542840
B6: Lee Hill Pit | C6: 0
B7: Reservoir 9 | C7: 2737148
B8: Reservoir 4a (Overflow Pond) | C8: 1368574
B9: Reservoir 2 (Overflow Pond) | C9: 684287
B10: Reservoir 17 | C10: 9149896
B11: Fleming Pond 2 | C11: =8400000*0.6 -> 5040000
B12: Frog Pond | C12: 1500000
B13: PLS Tank at Ivanhoe Concentrator | C13: 300000
B14: 5900 PLS Sump | C14: 299131
B15: Lee Hill Sump #1 | C15: 60000
B16: 5400 Sump | C16: 36000
B17: Tailings Thickener | C17: 6777710
B18: 6525 Raffinate Tank | C18: 80000
B19: South Stockpile | C19: 120700000
B20: Reservoir 6 | C20: 54580043
B21: Reservoir 7 | C21: 63201939
B22: Reservoir 8 | C22: 1955106
B23: SX/EW PLS Feed Pond | C23: 1260000
... B29: Lampbright Stockpile | C29: 350600000
B30: Total | C30: =SUM(C4:C29) -> 1.7284615e+09
B31: Rounded Total | C31: =MROUND(C30,100) -> 1728461500
B32: Water in South Mine Area
B33: Location | C33: Estimated Volume at EOY 2030 (gallons)
B34: Tailings Pond 7, Axiflo Lake, Elmo's Pond, and Lower Lined Pond | C34: 1.6149176e+08
B35: Volume estimates provided by Chino from GoldSim model

Sheet Table 2 StormwaterGroundwater
C2: South Mine Area Flows | F2: Interceptor Wells, Pit and Groundwater | J2: Facilities Runoff | P2: Waste Rock Stockpile Runoff/Seepage | Z2: Leach Stockpile Runoff/Seepage | AH2: Additional Information
C3: Continental Mine Inflows | D3: Tailings Pond 7 Interceptor Wells | F3: NMA Groundwater Interceptor Wells Princess Shaft Oswaldo Shaft and 6 Other Wells TBD Inflow | G3: Groundwater Inflows to Santa Rita Pit (5% not Captured) | H3: West Stockpile, Lambright, and Kessel Groundwater | I3: Sant Rita Open Pit Area Storm Water Run-Off | J3: Ivanhoe Concentrator Area | L3: Chino Offices and Shops Area | N3: SX/EW Area | P3: West Side of West Stockpile | R3: 3A, Reservoir 9, and Rustler Canyon Waste Rock Stockpiles | T3: Northeast Waste Rock Pile and Reservoir 5 South | V3: Southwest Lampbright Waste Rock Pile | X3: Kessel Stockpile | Z3: East Side of West Leach Stockpile | AB3: South Stockpile | AD3: North, Main, and South Lampbright Leach Stockpiles | AH3: Destination of Water | AI3: South Circuit Flowrate | AJ3: Lampbright Circuit Flowrate | AK3: Tailing Pond 7 Flowrate | AL3: Acreage Remediated | AM3: Total Flow to Evaporation on Stockpiles then Estrella | AN3: Total Flow to WTP
B4: Surface Area (acres) | D4: 1169 | I4: =1863+56 -> 1919 | J4: 92.5 | L4: =53.4+17+8 -> 78.4 | N4: =44+53 -> 97 | P4: 260 | R4: =134+59 -> 193 | T4: =86.3+13 -> 99.3 | V4: 79.8 | X4: 270 | Z4: 260 | AB4: 629 | AD4: =674+117 -> 791
B5: Pre Closure Average Runoff (inches) | I5: 0.81 | J5: 3.77 | L5: 3.77 | N5: 3.77 | P5: 2.23 | R5: 2.23 | T5: 2.23 | V5: 2.23 | X5: 2.23 | Z5: 2.23 | AB5: 2.23 | AD5: 2.23
B6: Pre Closure Average Seepage (inches) | P6: 0.33 | R6: 0.33 | T6: 0.33 | V6: 0.33 | X6: 0.33 | Z6: 0.33 | AB6: 0.33 | AD6: 0.33
B7: Post Closure Average Seepage (inches) | P7: 0.25 | R7: 0.25 | T7: 0.25 | V7: 0.25 | X7: 0.25 | Z7: 0.25 | AB7: 0.25 | AD7: 0.25
B8: Year | C8: (gpm) | D8: (acres) | E8: (gpm) | F8: (gpm) | G8: (gpm) | H8: (gpm) | I8: (gpm) | J8: (acres) | K8: (gpm) | L8: (acres) | M8: (gpm) | N8: (acres) | O8: (gpm) | P8: (acres) | Q8: (gpm) | R8: (acres) | S8: (gpm) | T8: (acres) | U8: (gpm) | V8: (acres) | W8: (gpm) | X8: (acres) | Y8: (gpm) | Z8: (acres) | AA8: (gpm) | AB8: (acres) | AC8: (gpm) | AD8: (acres) | AE8: (gpm) | AI8: gpm | AJ8: gpm | AK8: gpm | AL8: acres | AN8: gpm
B9: 1 | C9: 119.5276 | D9: 1169 | E9: 1410 | F9: =368-G9 -> 350 | G9: 18 | H9: 8.65 | I9: =(($I$4*($I$5/12))*325851)/(365*1440) -> 80.304975 | J9: 92.5 | K9: =((J9*($J$5/12))*325851)/(365*1440) -> 18.016297 | L9: =L4 -> 78.4 | M9: =((L9*($L$5/12))*325851)/(365*1440) -> 15.270029 | N9: =N4 -> 97 | O9: =((N9*($N$5/12))*325851)/(365*1440) -> 18.892766 | P9: =$P$4 -> 260 | Q9: =((((($P$5)/12)*P9)*325851)/(365*1440))+((((($P$6)/12)*P9)*325851)/(365*1440)) -> 34.387117 | R9: =R4 -> 193 | S9: =((((($R$5)/12)*R9)*325851)/(365*1440))+((((($R$6)/12)*R9)*325851)/(365*1440)) -> 25.525822 | T9: =T4 -> 99.3 | U9: =((((($T$5)/12)*T9)*325851)/(365*1440))+((((($T$6)/12)*T9)*325851)/(365*1440)) -> 13.133234 | V9: =79.8 -> 79.8 | W9: =((((($V$5)/12)*V9)*325851)/(365*1440))+((((($V$6)/12)*V9)*325851)/(365*1440)) -> 10.5542 | X9: 270 | Y9: =((((($X$5)/12)*X9)*325851)/(365*1440))+((((($X$6)/12)*X9)*325851)/(365*1440)) -> 35.709699 | Z9: =$Z$4-100 -> 160 | AA9: =((((($Z$5)/12)*Z9)*325851)/(365*1440))+((((($Z$6)/12)*Z9)*325851)/(365*1440)) -> 21.161303 | AB9: 629 | AC9: =((((($AB$5)/12)*AB9)*325851)/(365*1440))+((((($AB$6)/12)*AB9)*325851)/(365*1440)) -> 83.190372 | AD9: =AD4 -> 791 | AE9: =((((($AD$5)/12)*AD9)*325851)/(365*1440))+((((($AD$6)/12)*AD9)*325851)/(365*1440)) -> 104.61619 | AH9: Evaporation | AI9: =F9+I9+K9+AA9+AC9+Q9+M9+G9+H9 -> 628.98009 | AJ9: =O9+AE9+U9+W9+Y9+(S9*(59/193)) -> 190.70932 | AK9: =C9+E9 -> 1529.5276 | AL9: =(SUM($D$4:$AE$4)-$I$4)-(D9+L9+J9+N9+P9+R9+T9+V9+X9+Z9+AB9+AD9) -> 100 | AM9: =AI9+AJ9 -> 819.68941 | AN9: -
B10: =B9+1 -> 2 | C10: 119.91894 | D10: 1169 | E10: =E9*0.95 -> 1339.5 | F10: =368-G10 -> 350 | G10: 18 | H10: 8.65 | I10: =(($I$4*($I$5/12))*325851)/(365*1440) -> 80.304975 | J10: 92.5 | K10: =((J10*($J$5/12))*325851)/(365*1440) -> 18.016297 | L10: =L9 -> 78.4 | M10: =((L10*($L$5/12))*325851)/(365*1440) -> 15.270029 | N10: =N9 -> 97 | O10: =((N10*($N$5/12))*325851)/(365*1440) -> 18.892766 | P10: =$P$4 -> 260 | Q10: =((((($P$5)/12)*P10)*325851)/(365*1440))+((((($P$6)/12)*P10)*325851)/(365*1440)) -> 34.387117 | R10: =R9 -> 193 | S10: =((((($R$5)/12)*R10)*325851)/(365*1440))+((((($R$6)/12)*R10)*325851)/(365*1440)) -> 25.525822 | T10: =T9 -> 99.3 | U10: =((((($T$5)/12)*T10)*325851)/(365*1440))+((((($T$6)/12)*T10)*325851)/(365*1440)) -> 13.133234 | V10: =79.8 -> 79.8 | W10: =((((($V$5)/12)*V10)*325851)/(365*1440))+((((($V$6)/12)*V10)*325851)/(365*1440)) -> 10.5542 | X10: =X9-100 -> 170 | Y10: =((((($X$5)/12)*X10)*325851)/(365*1440))+((((($X$6)/12)*X10)*325851)/(365*1440)) -> 22.483884 | Z10: =Z9-100 -> 60 | AA10: =((((($Z$5)/12)*Z10)*325851)/(365*1440))+((((($Z$6)/12)*Z10)*325851)/(365*1440)) -> 7.9354886 | AB10: 629 | AC10: =((((($AB$5)/12)*AB10)*325851)/(365*1440))+((((($AB$6)/12)*AB10)*325851)/(365*1440)) -> 83.190372 | AD10: =AD9 -> 791 | AE10: =((((($AD$5)/12)*AD10)*325851)/(365*1440))+((((($AD$6)/12)*AD10)*325851)/(365*1440)) -> 104.61619 | AH10: Evaporation | AI10: =F10+I10+K10+AA10+AC10+Q10+M10+G10+H10 -> 615.75428 | AJ10: =O10+AE10+U10+W10+Y10+(S10*(59/193)) -> 177.48351 | AK10: =C10+E10 -> 1459.4189 | AL10: =(SUM($D$4:$AE$4)-$I$4)-(D10+L10+J10+N10+P10+R10+T10+V10+X10+Z10+AB10+AD10) -> 300 | AM10: =AI10+AJ10 -> 793.23778 | AN10: -
B11: =B10+1 -> 3 | C11: 120.46579 | D11: 1169 | E11: =E10*0.95 -> 1272.525 | F11: =368-G11 -> 350 | G11: 18 | H11: 8.65 | I11: =(($I$4*($I$5/12))*325851)/(365*1440) -> 80.304975 | J11: 92.5 | K11: =((J11*($J$5/12))*325851)/(365*1440) -> 18.016297 | L11: =L10 -> 78.4 | M11: =((L11*($L$5/12))*325851)/(365*1440) -> 15.270029 | N11: =N10 -> 97 | O11: =((N11*($N$5/12))*325851)/(365*1440) -> 18.892766 | P11: =$P$4 -> 260 | Q11: =((((($P$5)/12)*P11)*325851)/(365*1440))+((((($P$6)/12)*P11)*325851)/(365*1440)) -> 34.387117 | R11: =R10 -> 193 | S11: =((((($R$5)/12)*R11)*325851)/(365*1440))+((((($R$6)/12)*R11)*325851)/(365*1440)) -> 25.525822 | T11: =T10 -> 99.3 | U11: =((((($T$5)/12)*T11)*325851)/(365*1440))+((((($T$6)/12)*T11)*325851)/(365*1440)) -> 13.133234 | V11: =79.8 -> 79.8 | W11: =((((($V$5)/12)*V11)*325851)/(365*1440))+((((($V$6)/12)*V11)*325851)/(365*1440)) -> 10.5542 | X11: 170 | Y11: =((((($X$5)/12)*X11)*325851)/(365*1440))+((((($X$6)/12)*X11)*325851)/(365*1440)) -> 22.483884 | Z11: 50 | AA11: =((((($Z$5)/12)*Z11)*325851)/(365*1440))+((((($Z$6)/12)*Z11)*325851)/(365*1440)) -> 6.6129072 | AB11: 629 | AC11: =((((($AB$5)/12)*AB11)*325851)/(365*1440))+((((($AB$6)/12)*AB11)*325851)/(365*1440)) -> 83.190372 | AD11: =AD10-190 -> 601 | AE11: =((((($AD$5)/12)*AD11)*325851)/(365*1440))+((((($AD$6)/12)*AD11)*325851)/(365*1440)) -> 79.487144 | AH11: Evaporation | AI11: =F11+I11+K11+AA11+AC11+Q11+M11+G11+H11 -> 614.4317 | AJ11: =O11+AE11+U11+W11+Y11+(S11*(59/193)) -> 152.35446 | AK11: =C11+E11 -> 1392.9908 | AL11: =(SUM($D$4:$AE$4)-$I$4)-(D11+L11+J11+N11+P11+R11+T11+V11+X11+Z11+AB11+AD11) -> 500 | AM11: =AI11+AJ11 -> 766.78616 | AN11: -
B12: =B11+1 -> 4 | C12: 116.43004 | D12: 1169 | E12: =E11*0.95 -> 1208.8987 | F12: =368-G12 -> 350 | G12: 18 | H12: 8.65 | I12: =(($I$4*($I$5/12))*325851)/(365*1440) -> 80.304975 | J12: 92.5 | K12: =((J12*($J$5/12))*325851)/(365*1440) -> 18.016297 | L12: =L11 -> 78.4 | M12: =((L12*($L$5/12))*325851)/(365*1440) -> 15.270029 | N12: =N11 -> 97 | O12: =((N12*($N$5/12))*325851)/(365*1440) -> 18.892766 | P12: =$P$4 -> 260 | Q12: =((((($P$5)/12)*P12)*325851)/(365*1440))+((((($P$6)/12)*P12)*325851)/(365*1440)) -> 34.387117 | R12: =R11 -> 193 | S12: =((((($R$5)/12)*R12)*325851)/(365*1440))+((((($R$6)/12)*R12)*325851)/(365*1440)) -> 25.525822 | T12: =T11 -> 99.3 | U12: =((((($T$5)/12)*T12)*325851)/(365*1440))+((((($T$6)/12)*T12)*325851)/(365*1440)) -> 13.133234 | V12: =79.8 -> 79.8 | W12: =((((($V$5)/12)*V12)*325851)/(365*1440))+((((($V$6)/12)*V12)*325851)/(365*1440)) -> 10.5542 | X12: =X11 -> 170 | Y12: =((((($X$5)/12)*X12)*325851)/(365*1440))+((((($X$6)/12)*X12)*325851)/(365*1440)) -> 22.483884 | Z12: 50 | AA12: =AA11 -> 6.6129072 | AB12: 629 | AC12: =((((($AB$5)/12)*AB12)*325851)/(365*1440))+((((($AB$6)/12)*AB12)*325851)/(365*1440)) -> 83.190372 | AD12: =AD11-200 -> 401 | AE12: =((((($AD$5)/12)*AD12)*325851)/(365*1440))+((((($AD$6)/12)*AD12)*325851)/(365*1440)) -> 53.035515 | AH12: Evaporation | AI12: =F12+I12+K12+AA12+AC12+Q12+M12+G12+H12 -> 614.4317 | AJ12: =O12+AE12+U12+W12+Y12+(S12*(59/193)) -> 125.90283 | AK12: =C12+E12 -> 1325.3288 | AL12: =(SUM($D$4:$AE$4)-$I$4)-(D12+L12+J12+N12+P12+R12+T12+V12+X12+Z12+AB12+AD12) -> 700 | AM12: =AI12+AJ12 -> 740.33453 | AN12: -
B13: =B12+1 -> 5 | C13: 107.19226 | D13: 1169 | E13: =E12*0.95 -> 1148.4538 | F13: =368-G13 -> 350 | G13: 18 | H13: 8.65 | I13: =(($I$4*($I$5/12))*325851)/(365*1440) -> 80.304975 | J13: 92.5 | K13: =((J13*($J$5/12))*325851)/(365*1440) -> 18.016297 | L13: =L12 -> 78.4 | M13: =((L13*($L$5/12))*325851)/(365*1440) -> 15.270029 | N13: =N12 -> 97 | O13: =((N13*($N$5/12))*325851)/(365*1440) -> 18.892766 | P13: =$P$4 -> 260 | Q13: =((((($P$5)/12)*P13)*325851)/(365*1440))+((((($P$6)/12)*P13)*325851)/(365*1440)) -> 34.387117 | R13: =R12 -> 193 | S13: =((((($R$5)/12)*R13)*325851)/(365*1440))+((((($R$6)/12)*R13)*325851)/(365*1440)) -> 25.525822 | T13: =T12 -> 99.3 | U13: =((((($T$5)/12)*T13)*325851)/(365*1440))+((((($T$6)/12)*T13)*325851)/(365*1440)) -> 13.133234 | V13: =79.8 -> 79.8 | W13: =((((($V$5)/12)*V13)*325851)/(365*1440))+((((($V$6)/12)*V13)*325851)/(365*1440)) -> 10.5542 | X13: =X12 -> 170 | Y13: =((((($X$5)/12)*X13)*325851)/(365*1440))+((((($X$6)/12)*X13)*325851)/(365*1440)) -> 22.483884 | Z13: 50 | AA13: =AA12 -> 6.6129072 | AB13: 629 | AC13: =((((($AB$5)/12)*AB13)*325851)/(365*1440))+((((($AB$6)/12)*AB13)*325851)/(365*1440)) -> 83.190372 | AD13: =AD12-200 -> 201 | AE13: =((((($AD$5)/12)*AD13)*325851)/(365*1440))+((((($AD$6)/12)*AD13)*325851)/(365*1440)) -> 26.583887 | AH13: Evaporation | AI13: =F13+I13+K13+AA13+AC13+Q13+M13+G13+H13 -> 614.4317 | AJ13: =O13+AE13+U13+W13+Y13+(S13*(59/193)) -> 99.451201 | AK13: =C13+E13 -> 1255.6461 | AL13: =(SUM($D$4:$AE$4)-$I$4)-(D13+L13+J13+N13+P13+R13+T13+V13+X13+Z13+AB13+AD13) -> 900 | AM13: =AI13+AJ13 -> 713.8829 | AN13: -
B14: =B13+1 -> 6 | C14: 98.287569 | D14: 1169 | E14: =E13*0.95 -> 1091.0311 | F14: =368-G14 -> 350 | G14: 18 | H14: 8.65 | I14: =(($I$4*($I$5/12))*325851)/(365*1440) -> 80.304975 | J14: 92.5 | K14: =((J14*($J$5/12))*325851)/(365*1440) -> 18.016297 | L14: =L13 -> 78.4 | M14: =((L14*($L$5/12))*325851)/(365*1440) -> 15.270029 | N14: =N13 -> 97 | O14: =((N14*($N$5/12))*325851)/(365*1440) -> 18.892766 | P14: =$P$4 -> 260 | Q14: =((((($P$5)/12)*P14)*325851)/(365*1440))+((((($P$6)/12)*P14)*325851)/(365*1440)) -> 34.387117 | R14: =R13 -> 193 | S14: =((((($R$5)/12)*R14)*325851)/(365*1440))+((((($R$6)/12)*R14)*325851)/(365*1440)) -> 25.525822 | T14: =T13 -> 99.3 | U14: =((((($T$5)/12)*T14)*325851)/(365*1440))+((((($T$6)/12)*T14)*325851)/(365*1440)) -> 13.133234 | V14: =79.8 -> 79.8 | W14: =((((($V$5)/12)*V14)*325851)/(365*1440))+((((($V$6)/12)*V14)*325851)/(365*1440)) -> 10.5542 | X14: =X13 -> 170 | Y14: =((((($X$5)/12)*X14)*325851)/(365*1440))+((((($X$6)/12)*X14)*325851)/(365*1440)) -> 22.483884 | Z14: 50 | AA14: =AA13 -> 6.6129072 | AB14: 629 | AC14: =((((($AB$5)/12)*AB14)*325851)/(365*1440))+((((($AB$6)/12)*AB14)*325851)/(365*1440)) -> 83.190372 | AD14: =AD13-200 -> 1 | AE14: =((((($AD$5)/12)*AD14)*325851)/(365*1440))+((((($AD$6)/12)*AD14)*325851)/(365*1440)) -> 0.13225814 | AH14: UF/RO Treatment | AI14: =F14+I14+K14+AA14+AC14+Q14+M14+G14+H14 -> 614.4317 | AJ14: =O14+AE14+U14+W14+Y14+(S14*(59/193)) -> 72.999572 | AK14: =C14+E14 -> 1189.3187 | AL14: =(SUM($D$4:$AE$4)-$I$4)-(D14+L14+J14+N14+P14+R14+T14+V14+X14+Z14+AB14+AD14) -> 1100 | AM14: =G14+I14+K14+M14+O14+Q14+U14+W14+Y14+AA14+AC14+AE14+H14+(S14*(59/193)) -> 337.43127 | AN14: =C14+E14+F14 -> 1539.3187
B15: =B14+1 -> 7 | C15: 90.247162 | D15: 1169 | E15: =E14*0.95 -> 1036.4796 | F15: =368-G15 -> 350 | G15: 18 | H15: 8.65 | I15: =(($I$4*($I$5/12))*325851)/(365*1440) -> 80.304975 | J15: 92.5 | K15: =((J15*($J$5/12))*325851)/(365*1440) -> 18.016297 | L15: =L14 -> 78.4 | M15: =((L15*($L$5/12))*325851)/(365*1440) -> 15.270029 | N15: =N14 -> 97 | O15: =((N15*($N$5/12))*325851)/(365*1440) -> 18.892766 | P15: =$P$4 -> 260 | Q15: =((((($P$5)/12)*P15)*325851)/(365*1440))+((((($P$6)/12)*P15)*325851)/(365*1440)) -> 34.387117 | R15: =R14 -> 193 | S15: =((((($R$5)/12)*R15)*325851)/(365*1440))+((((($R$6)/12)*R15)*325851)/(365*1440)) -> 25.525822 | T15: =T14 -> 99.3 | U15: =((((($T$5)/12)*T15)*325851)/(365*1440))+((((($T$6)/12)*T15)*325851)/(365*1440)) -> 13.133234 | V15: =79.8 -> 79.8 | W15: =((((($V$5)/12)*V15)*325851)/(365*1440))+((((($V$6)/12)*V15)*325851)/(365*1440)) -> 10.5542 | X15: =X14 -> 170 | Y15: =((((($X$5)/12)*X15)*325851)/(365*1440))+((((($X$6)/12)*X15)*325851)/(365*1440)) -> 22.483884 | Z15: 50 | AA15: =AA14 -> 6.6129072 | AB15: 430 | AC15: =((((($AB$5)/12)*AB15)*325851)/(365*1440))+((((($AB$6)/12)*AB15)*325851)/(365*1440)) -> 56.871002 | AD15: 0 | AE15: =((($AD$7/12)*$AD$4)*325851)/(365*1440) -> 10.216425 | AH15: UF/RO Treatment | AI15: =F15+I15+K15+AA15+AC15+Q15+M15+G15+H15 -> 588.11233 | AJ15: =O15+AE15+U15+W15+Y15+(S15*(59/193)) -> 83.083739 | AK15: =C15+E15 -> 1126.7267 | AL15: =(SUM($D$4:$AE$4)-$I$4)-(D15+L15+J15+N15+P15+R15+T15+V15+X15+Z15+AB15+AD15) -> 1300 | AM15: =G15+I15+K15+M15+O15+Q15+U15+W15+Y15+AA15+AC15+AE15+H15+(S15*(59/193)) -> 321.19607 | AN15: =C15+E15+F15 -> 1476.7267
B16: =B15+1 -> 8 | C16: 83.204069 | D16: 1169 | E16: =E15*0.95 -> 984.65559 | F16: =368-G16 -> 350 | G16: 18 | H16: 8.65 | I16: =(($I$4*($I$5/12))*325851)/(365*1440) -> 80.304975 | J16: 92.5 | K16: =((J16*($J$5/12))*325851)/(365*1440) -> 18.016297 | L16: =L15 -> 78.4 | M16: =((L16*($L$5/12))*325851)/(365*1440) -> 15.270029 | N16: =N15 -> 97 | O16: =((N16*($N$5/12))*325851)/(365*1440) -> 18.892766 | P16: =$P$4 -> 260 | Q16: =((((($P$5)/12)*P16)*325851)/(365*1440))+((((($P$6)/12)*P16)*325851)/(365*1440)) -> 34.387117 | R16: =R15 -> 193 | S16: =((((($R$5)/12)*R16)*325851)/(365*1440))+((((($R$6)/12)*R16)*325851)/(365*1440)) -> 25.525822 | T16: =T15 -> 99.3 | U16: =((((($T$5)/12)*T16)*325851)/(365*1440))+((((($T$6)/12)*T16)*325851)/(365*1440)) -> 13.133234 | V16: =79.8 -> 79.8 | W16: =((((($V$5)/12)*V16)*325851)/(365*1440))+((((($V$6)/12)*V16)*325851)/(365*1440)) -> 10.5542 | X16: =X15 -> 170 | Y16: =((((($X$5)/12)*X16)*325851)/(365*1440))+((((($X$6)/12)*X16)*325851)/(365*1440)) -> 22.483884 | Z16: 50 | AA16: =AA15 -> 6.6129072 | AB16: =AB15-200 -> 230 | AC16: =((((($AB$5)/12)*AB16)*325851)/(365*1440))+((((($AB$6)/12)*AB16)*325851)/(365*1440)) -> 30.419373 | AD16: =AD15 -> 0 | AE16: =((($AD$7/12)*$AD$4)*325851)/(365*1440) -> 10.216425 | AH16: UF/RO Treatment | AI16: =F16+I16+K16+AA16+AC16+Q16+M16+G16+H16 -> 561.6607 | AJ16: =O16+AE16+U16+W16+Y16+(S16*(59/193)) -> 83.083739 | AK16: =C16+E16 -> 1067.8597 | AL16: =(SUM($D$4:$AE$4)-$I$4)-(D16+L16+J16+N16+P16+R16+T16+V16+X16+Z16+AB16+AD16) -> 1500 | AM16: =G16+I16+K16+M16+O16+Q16+U16+W16+Y16+AA16+AC16+AE16+H16+(S16*(59/193)) -> 294.74444 | AN16: =C16+E16+F16 -> 1417.8597
B17: =B16+1 -> 9 | C17: 77.131492 | D17: 1169 | E17: =E16*0.95 -> 935.42281 | F17: =368-G17 -> 350 | G17: 18 | H17: 8.65 | I17: =(($I$4*($I$5/12))*325851)/(365*1440) -> 80.304975 | J17: 92.5 | K17: =((J17*($J$5/12))*325851)/(365*1440) -> 18.016297 | L17: =L16 -> 78.4 | M17: =((L17*($L$5/12))*325851)/(365*1440) -> 15.270029 | N17: =N16 -> 97 | O17: =((N17*($N$5/12))*325851)/(365*1440) -> 18.892766 | P17: =$P$4 -> 260 | Q17: =((((($P$5)/12)*P17)*325851)/(365*1440))+((((($P$6)/12)*P17)*325851)/(365*1440)) -> 34.387117 | R17: =R16 -> 193 | S17: =((((($R$5)/12)*R17)*325851)/(365*1440))+((((($R$6)/12)*R17)*325851)/(365*1440)) -> 25.525822 | T17: =T16 -> 99.3 | U17: =((((($T$5)/12)*T17)*325851)/(365*1440))+((((($T$6)/12)*T17)*325851)/(365*1440)) -> 13.133234 | V17: =79.8 -> 79.8 | W17: =((((($V$5)/12)*V17)*325851)/(365*1440))+((((($V$6)/12)*V17)*325851)/(365*1440)) -> 10.5542 | X17: =X16 -> 170 | Y17: =((((($X$5)/12)*X17)*325851)/(365*1440))+((((($X$6)/12)*X17)*325851)/(365*1440)) -> 22.483884 | Z17: 50 | AA17: =AA16 -> 6.6129072 | AB17: =AB16-200 -> 30 | AC17: =((((($AB$5)/12)*AB17)*325851)/(365*1440))+((((($AB$6)/12)*AB17)*325851)/(365*1440)) -> 3.9677443 | AD17: =AD16 -> 0 | AE17: =((($AD$7/12)*$AD$4)*325851)/(365*1440) -> 10.216425 | AH17: UF/RO Treatment | AI17: =F17+I17+K17+AA17+AC17+Q17+M17+G17+H17 -> 535.20907 | AJ17: =O17+AE17+U17+W17+Y17+(S17*(59/193)) -> 83.083739 | AK17: =C17+E17 -> 1012.5543 | AL17: =(SUM($D$4:$AE$4)-$I$4)-(D17+L17+J17+N17+P17+R17+T17+V17+X17+Z17+AB17+AD17) -> 1700 | AM17: =G17+I17+K17+M17+O17+Q17+U17+W17+Y17+AA17+AC17+AE17+H17+(S17*(59/193)) -> 268.29281 | AN17: =C17+E17+F17 -> 1362.5543
B18: =B17+1 -> 10 | C18: 71.930031 | D18: 1169 | E18: =E17*0.95 -> 888.65167 | F18: =368-G18 -> 350 | G18: 18 | H18: 8.65 | I18: =(($I$4*($I$5/12))*325851)/(365*1440) -> 80.304975 | J18: 92.5 | K18: =((J18*($J$5/12))*325851)/(365*1440) -> 18.016297 | L18: =L17 -> 78.4 | M18: =((L18*($L$5/12))*325851)/(365*1440) -> 15.270029 | N18: =N17 -> 97 | O18: =((N18*($N$5/12))*325851)/(365*1440) -> 18.892766 | P18: =$P$4 -> 260 | Q18: =((((($P$5)/12)*P18)*325851)/(365*1440))+((((($P$6)/12)*P18)*325851)/(365*1440)) -> 34.387117 | R18: =R17 -> 193 | S18: =((((($R$5)/12)*R18)*325851)/(365*1440))+((((($R$6)/12)*R18)*325851)/(365*1440)) -> 25.525822 | T18: =T17 -> 99.3 | U18: =((((($T$5)/12)*T18)*325851)/(365*1440))+((((($T$6)/12)*T18)*325851)/(365*1440)) -> 13.133234 | V18: =79.8 -> 79.8 | W18: =((((($V$5)/12)*V18)*325851)/(365*1440))+((((($V$6)/12)*V18)*325851)/(365*1440)) -> 10.5542 | X18: 0 | Y18: =((($X$7/12)*$X$4)*325851)/(365*1440) -> 3.4872753 | Z18: 50 | AA18: =AA17 -> 6.6129072 | AB18: 0 | AC18: =((($AB$7/12)*$AB$4)*325851)/(365*1440) -> 8.1240598 | AD18: =AD17 -> 0 | AE18: =((($AD$7/12)*$AD$4)*325851)/(365*1440) -> 10.216425 | AH18: UF/RO Treatment | AI18: =F18+I18+K18+AA18+AC18+Q18+M18+G18+H18 -> 539.36539 | AJ18: =O18+AE18+U18+W18+Y18+(S18*(59/193)) -> 64.08713 | AK18: =C18+E18 -> 960.5817 | AL18: =(SUM($D$4:$AE$4)-$I$4)-(D18+L18+J18+N18+P18+R18+T18+V18+X18+Z18+AB18+AD18) -> 1900 | AM18: =G18+I18+K18+M18+O18+Q18+U18+W18+Y18+AA18+AC18+AE18+H18+(S18*(59/193)) -> 253.45252 | AN18: =C18+E18+F18 -> 1310.5817
B19: =B18+1 -> 11 | C19: 67.468211 | D19: 1169 | E19: =E18*0.95 -> 844.21908 | F19: =368-G19 -> 350 | G19: 18 | H19: 8.65 | I19: =(($I$4*($I$5/12))*325851)/(365*1440) -> 80.304975 | J19: 92.5 | K19: =((J19*($J$5/12))*325851)/(365*1440) -> 18.016297 | L19: =L18 -> 78.4 | M19: =((L19*($L$5/12))*325851)/(365*1440) -> 15.270029 | N19: =N18 -> 97 | O19: =((N19*($N$5/12))*325851)/(365*1440) -> 18.892766 | P19: =$P$4 -> 260 | Q19: =((((($P$5)/12)*P19)*325851)/(365*1440))+((((($P$6)/12)*P19)*325851)/(365*1440)) -> 34.387117 | R19: 172 | S19: =((((($R$5)/12)*R19)*325851)/(365*1440))+((((($R$6)/12)*R19)*325851)/(365*1440)) -> 22.748401 | T19: 0 | U19: =((($T$7/12)*$T$4)*325851)/(365*1440) -> 1.2825423 | V19: 0 | W19: =((($V$7/12)*$V$4)*325851)/(365*1440) -> 1.0306836 | X19: 0 | Y19: =((($X$7/12)*$X$4)*325851)/(365*1440) -> 3.4872753 | Z19: 50 | AA19: =AA18 -> 6.6129072 | AB19: 0 | AC19: =((($AB$7/12)*$AB$4)*325851)/(365*1440) -> 8.1240598 | AD19: =AD18 -> 0 | AE19: =((($AD$7/12)*$AD$4)*325851)/(365*1440) -> 10.216425 | AH19: UF/RO Treatment | AI19: =F19+I19+K19+AA19+AC19+Q19+M19+G19+H19 -> 539.36539 | AJ19: =O19+AE19+U19+W19+Y19+(S19*(59/193)) -> 41.863866 | AK19: =C19+E19 -> 911.6873 | AL19: =(SUM($D$4:$AE$4)-$I$4)-(D19+L19+J19+N19+P19+R19+T19+V19+X19+Z19+AB19+AD19) -> 2100.1 | AM19: =G19+I19+K19+M19+O19+Q19+U19+W19+Y19+AA19+AC19+AE19+H19+(S19*(59/193)) -> 231.22925 | AN19: =C19+E19+F19 -> 1261.6873
B20: =B19+1 -> 12 | C20: 63.624038 | D20: 1169 | E20: =E19*0.95 -> 802.00813 | F20: =368-G20 -> 350 | G20: 18 | H20: 8.65 | I20: =(($I$4*($I$5/12))*325851)/(365*1440) -> 80.304975 | J20: 92.5 | K20: =((J20*($J$5/12))*325851)/(365*1440) -> 18.016297 | L20: =L19 -> 78.4 | M20: =((L20*($L$5/12))*325851)/(365*1440) -> 15.270029 | N20: =N19 -> 97 | O20: =((N20*($N$5/12))*325851)/(365*1440) -> 18.892766 | P20: 232 | Q20: =((((($P$5)/12)*P20)*325851)/(365*1440))+((((($P$6)/12)*P20)*325851)/(365*1440)) -> 30.683889 | R20: 0 | S20: =((($R$7/12)*$R$4)*325851)/(365*1440) -> 2.492756 | T20: 0 | U20: =((($T$7/12)*$T$4)*325851)/(365*1440) -> 1.2825423 | V20: 0 | W20: =((($V$7/12)*$V$4)*325851)/(365*1440) -> 1.0306836 | X20: 0 | Y20: =((($X$7/12)*$X$4)*325851)/(365*1440) -> 3.4872753 | Z20: 50 | AA20: =AA19 -> 6.6129072 | AB20: 0 | AC20: =((($AB$7/12)*$AB$4)*325851)/(365*1440) -> 8.1240598 | AD20: =AD19 -> 0 | AE20: =((($AD$7/12)*$AD$4)*325851)/(365*1440) -> 10.216425 | AH20: UF/RO Treatment | AI20: =F20+I20+K20+AA20+AC20+Q20+M20+G20+H20 -> 535.66216 | AJ20: =O20+AE20+U20+W20+Y20+(S20*(59/193)) -> 35.671726 | AK20: =C20+E20 -> 865.63217 | AL20: =(SUM($D$4:$AE$4)-$I$4)-(D20+L20+J20+N20+P20+R20+T20+V20+X20+Z20+AB20+AD20) -> 2300.1 | AM20: =G20+I20+K20+M20+O20+Q20+U20+W20+Y20+AA20+AC20+AE20+H20+(S20*(59/193)) -> 221.33388 | AN20: =C20+E20+F20 -> 1215.6322
B21: =B20+1 -> 13 | C21: 60.298857 | D21: 1169 | E21: =E20*0.95 -> 761.90772 | F21: =368-G21 -> 350 | G21: 18 | H21: 8.65 | I21: =(($I$4*($I$5/12))*325851)/(365*1440) -> 80.304975 | J21: 92.5 | K21: =((J21*($J$5/12))*325851)/(365*1440) -> 18.016297 | L21: =L20 -> 78.4 | M21: =((L21*($L$5/12))*325851)/(365*1440) -> 15.270029 | N21: 97 | O21: =((N21*($N$5/12))*325851)/(365*1440) -> 18.892766 | P21: 32 | Q21: =((((($P$5)/12)*P21)*325851)/(365*1440))+((((($P$6)/12)*P21)*325851)/(365*1440)) -> 4.2322606 | R21: 0 | S21: =((($R$7/12)*$R$4)*325851)/(365*1440) -> 2.492756 | T21: 0 | U21: =((($T$7/12)*$T$4)*325851)/(365*1440) -> 1.2825423 | V21: 0 | W21: =((($V$7/12)*$V$4)*325851)/(365*1440) -> 1.0306836 | X21: 0 | Y21: =((($X$7/12)*$X$4)*325851)/(365*1440) -> 3.4872753 | Z21: 50 | AA21: =AA20 -> 6.6129072 | AB21: 0 | AC21: =((($AB$7/12)*$AB$4)*325851)/(365*1440) -> 8.1240598 | AD21: =AD20 -> 0 | AE21: =((($AD$7/12)*$AD$4)*325851)/(365*1440) -> 10.216425 | AH21: UF/RO Treatment | AI21: =F21+I21+K21+AA21+AC21+Q21+M21+G21+H21 -> 509.21053 | AJ21: =O21+AE21+U21+W21+Y21+(S21*(59/193)) -> 35.671726 | AK21: =C21+E21 -> 822.20658 | AL21: =(SUM($D$4:$AE$4)-$I$4)-(D21+L21+J21+N21+P21+R21+T21+V21+X21+Z21+AB21+AD21) -> 2500.1 | AM21: =G21+I21+K21+M21+O21+Q21+U21+W21+Y21+AA21+AC21+AE21+H21+(S21*(59/193)) -> 194.88225 | AN21: =C21+E21+F21 -> 1172.2066
B22: =B21+1 -> 14 | C22: 57.407247 | D22: 1169 | E22: =E21*0.95 -> 723.81234 | F22: =368-G22 -> 350 | G22: 18 | H22: 8.65 | I22: =(($I$4*($I$5/12))*325851)/(365*1440) -> 80.304975 | J22: 93 | K22: =((J22*($J$5/12))*325851)/(365*1440) -> 18.113683 | L22: 7 | M22: =((L22*($L$5/12))*325851)/(365*1440) -> 1.3633955 | N22: 0 | O22: =((N22*($N$5/12))*325851)/(365*1440) -> 0 | P22: 0 | Q22: =((($P$7/12)*$P$4)*325851)/(365*1440) -> 3.3581169 | R22: 0 | S22: =((($R$7/12)*$R$4)*325851)/(365*1440) -> 2.492756 | T22: 0 | U22: =((($T$7/12)*$T$4)*325851)/(365*1440) -> 1.2825423 | V22: 0 | W22: =((($V$7/12)*$V$4)*325851)/(365*1440) -> 1.0306836 | X22: 0 | Y22: =((($X$7/12)*$X$4)*325851)/(365*1440) -> 3.4872753 | Z22: 50 | AA22: =AA21 -> 6.6129072 | AB22: 0 | AC22: =((($AB$7/12)*$AB$4)*325851)/(365*1440) -> 8.1240598 | AD22: =AD21 -> 0 | AE22: =((($AD$7/12)*$AD$4)*325851)/(365*1440) -> 10.216425 | AH22: UF/RO Treatment | AI22: =F22+I22+K22+AA22+AC22+Q22+M22+G22+H22 -> 494.52714 | AJ22: =O22+AE22+U22+W22+Y22+(S22*(59/193)) -> 16.77896 | AK22: =C22+E22 -> 781.21958 | AL22: =(SUM($D$4:$AE$4)-$I$4)-(D22+L22+J22+N22+P22+R22+T22+V22+X22+Z22+AB22+AD22) -> 2700 | AM22: =G22+I22+K22+M22+O22+Q22+U22+W22+Y22+AA22+AC22+AE22+H22+(S22*(59/193)) -> 161.3061 | AN22: =C22+E22+F22 -> 1131.2196
B23: =B22+1 -> 15 | C23: 54.862769 | D23: 1069 | E23: =E22*0.95 -> 687.62172 | F23: =368-G23 -> 350 | G23: 18 | H23: 8.65 | I23: =(($I$4*($I$5/12))*325851)/(365*1440) -> 80.304975 | J23: 0 | K23: =((J23*($J$5/12))*325851)/(365*1440) -> 0 | L23: 0 | M23: =((L23*($N$5/12))*325851)/(365*1440) -> 0 | N23: 0 | O23: =((N23*($N$5/12))*325851)/(365*1440) -> 0 | P23: 0 | Q23: =((($P$7/12)*$P$4)*325851)/(365*1440) -> 3.3581169 | R23: 0 | S23: =((($R$7/12)*$R$4)*325851)/(365*1440) -> 2.492756 | T23: 0 | U23: =((($T$7/12)*$T$4)*325851)/(365*1440) -> 1.2825423 | V23: 0 | W23: =((($V$7/12)*$V$4)*325851)/(365*1440) -> 1.0306836 | X23: 0 | Y23: =((($X$7/12)*$X$4)*325851)/(365*1440) -> 3.4872753 | Z23: 50 | AA23: =AA22 -> 6.6129072 | AB23: 0 | AC23: =((($AB$7/12)*$AB$4)*325851)/(365*1440) -> 8.1240598 | AD23: =AD22 -> 0 | AE23: =((($AD$7/12)*$AD$4)*325851)/(365*1440) -> 10.216425 | AH23: UF/RO Treatment | AI23: =F23+I23+K23+AA23+AC23+Q23+M23+G23+H23 -> 475.05006 | AJ23: =O23+AE23+U23+W23+Y23+(S23*(59/193)) -> 16.77896 | AK23: =C23+E23 -> 742.48449 | AL23: =(SUM($D$4:$AE$4)-$I$4)-(D23+L23+J23+N23+P23+R23+T23+V23+X23+Z23+AB23+AD23) -> 2900 | AM23: =G23+I23+K23+M23+O23+Q23+U23+W23+Y23+AA23+AC23+AE23+H23+(S23*(59/193)) -> 141.82902 | AN23: =C23+E23+F23 -> 1092.4845
B24: =B23+1 -> 16 | C24: 52.620527 | D24: =D23-200 -> 869 | E24: =E23*0.95 -> 653.24063 | F24: =368-G24 -> 350 | G24: 18 | H24: 8.65 | I24: =(($I$4*($I$5/12))*325851)/(365*1440) -> 80.304975 | J24: 0 | K24: =((J24*($J$5/12))*325851)/(365*1440) -> 0 | L24: 0 | M24: =((L24*($N$5/12))*325851)/(365*1440) -> 0 | N24: 0 | O24: =((N24*($N$5/12))*325851)/(365*1440) -> 0 | P24: 0 | Q24: =((($P$7/12)*$P$4)*325851)/(365*1440) -> 3.3581169 | R24: 0 | S24: =((($R$7/12)*$R$4)*325851)/(365*1440) -> 2.492756 | T24: 0 | U24: =((($T$7/12)*$T$4)*325851)/(365*1440) -> 1.2825423 | V24: 0 | W24: =((($V$7/12)*$V$4)*325851)/(365*1440) -> 1.0306836 | X24: 0 | Y24: =((($X$7/12)*$X$4)*325851)/(365*1440) -> 3.4872753 | Z24: 50 | AA24: =AA23 -> 6.6129072 | AB24: 0 | AC24: =((($AB$7/12)*$AB$4)*325851)/(365*1440) -> 8.1240598 | AD24: =AD23 -> 0 | AE24: =((($AD$7/12)*$AD$4)*325851)/(365*1440) -> 10.216425 | AH24: UF/RO Treatment | AI24: =F24+I24+K24+AA24+AC24+Q24+M24+G24+H24 -> 475.05006 | AJ24: =O24+AE24+U24+W24+Y24+(S24*(59/193)) -> 16.77896 | AK24: =C24+E24 -> 705.86116 | AL24: =(SUM($D$4:$AE$4)-$I$4)-(D24+L24+J24+N24+P24+R24+T24+V24+X24+Z24+AB24+AD24) -> 3100 | AM24: =G24+I24+K24+M24+O24+Q24+U24+W24+Y24+AA24+AC24+AE24+H24+(S24*(59/193)) -> 141.82902 | AN24: =C24+E24+F24 -> 1055.8612
B25: =B24+1 -> 17 | C25: 50.611715 | D25: =D24-200 -> 669 | E25: =E24*0.95 -> 620.5786 | F25: =368-G25 -> 350 | G25: 18 | H25: 8.65 | I25: =(($I$4*($I$5/12))*325851)/(365*1440) -> 80.304975 | J25: 0 | K25: =((J25*($J$5/12))*325851)/(365*1440) -> 0 | L25: 0 | M25: =((L25*($N$5/12))*325851)/(365*1440) -> 0 | N25: 0 | O25: =((N25*($N$5/12))*325851)/(365*1440) -> 0 | P25: 0 | Q25: =((($P$7/12)*$P$4)*325851)/(365*1440) -> 3.3581169 | R25: 0 | S25: =((($R$7/12)*$R$4)*325851)/(365*1440) -> 2.492756 | T25: 0 | U25: =((($T$7/12)*$T$4)*325851)/(365*1440) -> 1.2825423 | V25: 0 | W25: =((($V$7/12)*$V$4)*325851)/(365*1440) -> 1.0306836 | X25: 0 | Y25: =((($X$7/12)*$X$4)*325851)/(365*1440) -> 3.4872753 | Z25: 50 | AA25: =AA24 -> 6.6129072 | AB25: 0 | AC25: =((($AB$7/12)*$AB$4)*325851)/(365*1440) -> 8.1240598 | AD25: =AD24 -> 0 | AE25: =((($AD$7/12)*$AD$4)*325851)/(365*1440) -> 10.216425 | AH25: UF/RO Treatment | AI25: =F25+I25+K25+AA25+AC25+Q25+M25+G25+H25 -> 475.05006 | AJ25: =O25+AE25+U25+W25+Y25+(S25*(59/193)) -> 16.77896 | AK25: =C25+E25 -> 671.19032 | AL25: =(SUM($D$4:$AE$4)-$I$4)-(D25+L25+J25+N25+P25+R25+T25+V25+X25+Z25+AB25+AD25) -> 3300 | AM25: =G25+I25+K25+M25+O25+Q25+U25+W25+Y25+AA25+AC25+AE25+H25+(S25*(59/193)) -> 141.82902 | AN25: =C25+E25+F25 -> 1021.1903
B26: =B25+1 -> 18 | C26: 48.801483 | D26: =D25-200 -> 469 | E26: =E25*0.95 -> 589.54967 | F26: =368-G26 -> 350 | G26: 18 | H26: 8.65 | I26: =(($I$4*($I$5/12))*325851)/(365*1440) -> 80.304975 | J26: 0 | K26: =((J26*($J$5/12))*325851)/(365*1440) -> 0 | L26: 0 | M26: =((L26*($N$5/12))*325851)/(365*1440) -> 0 | N26: 0 | O26: =((N26*($N$5/12))*325851)/(365*1440) -> 0 | P26: 0 | Q26: =((($P$7/12)*$P$4)*325851)/(365*1440) -> 3.3581169 | R26: 0 | S26: =((($R$7/12)*$R$4)*325851)/(365*1440) -> 2.492756 | T26: 0 | U26: =((($T$7/12)*$T$4)*325851)/(365*1440) -> 1.2825423 | V26: 0 | W26: =((($V$7/12)*$V$4)*325851)/(365*1440) -> 1.0306836 | X26: 0 | Y26: =((($X$7/12)*$X$4)*325851)/(365*1440) -> 3.4872753 | Z26: 50 | AA26: =AA25 -> 6.6129072 | AB26: 0 | AC26: =((($AB$7/12)*$AB$4)*325851)/(365*1440) -> 8.1240598 | AD26: =AD25 -> 0 | AE26: =((($AD$7/12)*$AD$4)*325851)/(365*1440) -> 10.216425 | AH26: UF/RO Treatment | AI26: =F26+I26+K26+AA26+AC26+Q26+M26+G26+H26 -> 475.05006 | AJ26: =O26+AE26+U26+W26+Y26+(S26*(59/193)) -> 16.77896 | AK26: =C26+E26 -> 638.35116 | AL26: =(SUM($D$4:$AE$4)-$I$4)-(D26+L26+J26+N26+P26+R26+T26+V26+X26+Z26+AB26+AD26) -> 3500 | AM26: =G26+I26+K26+M26+O26+Q26+U26+W26+Y26+AA26+AC26+AE26+H26+(S26*(59/193)) -> 141.82902 | AN26: =C26+E26+F26 -> 988.35116
B27: =B26+1 -> 19 | C27: 47.150172 | D27: =D26-200 -> 269 | E27: =E26*0.95 -> 560.07219 | F27: =368-G27 -> 350 | G27: 18 | H27: 8.65 | I27: =(($I$4*($I$5/12))*325851)/(365*1440) -> 80.304975 | J27: 0 | K27: =((J27*($J$5/12))*325851)/(365*1440) -> 0 | L27: 0 | M27: =((L27*($N$5/12))*325851)/(365*1440) -> 0 | N27: 0 | O27: =((N27*($N$5/12))*325851)/(365*1440) -> 0 | P27: 0 | Q27: =((($P$7/12)*$P$4)*325851)/(365*1440) -> 3.3581169 | R27: 0 | S27: =((($R$7/12)*$R$4)*325851)/(365*1440) -> 2.492756 | T27: 0 | U27: =((($T$7/12)*$T$4)*325851)/(365*1440) -> 1.2825423 | V27: 0 | W27: =((($V$7/12)*$V$4)*325851)/(365*1440) -> 1.0306836 | X27: 0 | Y27: =((($X$7/12)*$X$4)*325851)/(365*1440) -> 3.4872753 | Z27: 50 | AA27: =AA26 -> 6.6129072 | AB27: 0 | AC27: =((($AB$7/12)*$AB$4)*325851)/(365*1440) -> 8.1240598 | AD27: =AD26 -> 0 | AE27: =((($AD$7/12)*$AD$4)*325851)/(365*1440) -> 10.216425 | AH27: UF/RO Treatment | AI27: =F27+I27+K27+AA27+AC27+Q27+M27+G27+H27 -> 475.05006 | AJ27: =O27+AE27+U27+W27+Y27+(S27*(59/193)) -> 16.77896 | AK27: =C27+E27 -> 607.22236 | AL27: =(SUM($D$4:$AE$4)-$I$4)-(D27+L27+J27+N27+P27+R27+T27+V27+X27+Z27+AB27+AD27) -> 3700 | AM27: =G27+I27+K27+M27+O27+Q27+U27+W27+Y27+AA27+AC27+AE27+H27+(S27*(59/193)) -> 141.82902 | AN27: =C27+E27+F27 -> 957.22236
B28: =B27+1 -> 20 | C28: 45.624944 | D28: =D27-200 -> 69 | E28: =E27*0.95 -> 532.06858 | F28: =368-G28 -> 350 | G28: 18 | H28: 8.65 | I28: =(($I$4*($I$5/12))*325851)/(365*1440) -> 80.304975 | J28: 0 | K28: =((J28*($J$5/12))*325851)/(365*1440) -> 0 | L28: 0 | M28: =((L28*($N$5/12))*325851)/(365*1440) -> 0 | N28: 0 | O28: =((N28*($N$5/12))*325851)/(365*1440) -> 0 | P28: 0 | Q28: =((($P$7/12)*$P$4)*325851)/(365*1440) -> 3.3581169 | R28: 0 | S28: =((($R$7/12)*$R$4)*325851)/(365*1440) -> 2.492756 | T28: 0 | U28: =((($T$7/12)*$T$4)*325851)/(365*1440) -> 1.2825423 | V28: 0 | W28: =((($V$7/12)*$V$4)*325851)/(365*1440) -> 1.0306836 | X28: 0 | Y28: =((($X$7/12)*$X$4)*325851)/(365*1440) -> 3.4872753 | Z28: 50 | AA28: =AA27 -> 6.6129072 | AB28: 0 | AC28: =((($AB$7/12)*$AB$4)*325851)/(365*1440) -> 8.1240598 | AD28: =AD27 -> 0 | AE28: =((($AD$7/12)*$AD$4)*325851)/(365*1440) -> 10.216425 | AH28: UF/RO Treatment | AI28: =F28+I28+K28+AA28+AC28+Q28+M28+G28+H28 -> 475.05006 | AJ28: =O28+AE28+U28+W28+Y28+(S28*(59/193)) -> 16.77896 | AK28: =C28+E28 -> 577.69352 | AL28: =(SUM($D$4:$AE$4)-$I$4)-(D28+L28+J28+N28+P28+R28+T28+V28+X28+Z28+AB28+AD28) -> 3900 | AM28: =G28+I28+K28+M28+O28+Q28+U28+W28+Y28+AA28+AC28+AE28+H28+(S28*(59/193)) -> 141.82902 | AN28: =C28+E28+F28 -> 927.69352
B29: =B28+1 -> 21 | C29: 44.201858 | D29: 0 | E29: 525 | F29: =368-G29 -> 350 | G29: 18 | H29: 8.65 | I29: =(($I$4*($I$5/12))*325851)/(365*1440) -> 80.304975 | J29: 0 | K29: =((J29*($J$5/12))*325851)/(365*1440) -> 0 | L29: 0 | M29: =((L29*($N$5/12))*325851)/(365*1440) -> 0 | N29: 0 | O29: =((N29*($N$5/12))*325851)/(365*1440) -> 0 | P29: 0 | Q29: =((($P$7/12)*$P$4)*325851)/(365*1440) -> 3.3581169 | R29: 0 | S29: =((($R$7/12)*$R$4)*325851)/(365*1440) -> 2.492756 | T29: 0 | U29: =((($T$7/12)*$T$4)*325851)/(365*1440) -> 1.2825423 | V29: 0 | W29: =((($V$7/12)*$V$4)*325851)/(365*1440) -> 1.0306836 | X29: 0 | Y29: =((($X$7/12)*$X$4)*325851)/(365*1440) -> 3.4872753 | Z29: 50 | AA29: =AA28 -> 6.6129072 | AB29: 0 | AC29: =((($AB$7/12)*$AB$4)*325851)/(365*1440) -> 8.1240598 | AD29: =AD28 -> 0 | AE29: =((($AD$7/12)*$AD$4)*325851)/(365*1440) -> 10.216425 | AH29: UF/RO Treatment | AI29: =F29+I29+K29+AA29+AC29+Q29+M29+G29+H29 -> 475.05006 | AJ29: =O29+AE29+U29+W29+Y29+(S29*(59/193)) -> 16.77896 | AK29: =C29+E29 -> 569.20186 | AL29: =(SUM($D$4:$AE$4)-$I$4)-(D29+L29+J29+N29+P29+R29+T29+V29+X29+Z29+AB29+AD29) -> 3969 | AM29: =G29+I29+K29+M29+O29+Q29+U29+W29+Y29+AA29+AC29+AE29+H29+(S29*(59/193)) -> 141.82902 | AN29: =C29+E29+F29 -> 919.20186
B30: =B29+1 -> 22 | C30: 42.86089 | D30: =D29 -> 0 | E30: 525 | F30: =368-G30 -> 350 | G30: 18 | H30: 8.65 | I30: =(($I$4*($I$5/12))*325851)/(365*1440) -> 80.304975 | J30: 0 | K30: =((J30*($J$5/12))*325851)/(365*1440) -> 0 | L30: 0 | M30: =((L30*($N$5/12))*325851)/(365*1440) -> 0 | N30: 0 | O30: =((N30*($N$5/12))*325851)/(365*1440) -> 0 | P30: 0 | Q30: =((($P$7/12)*$P$4)*325851)/(365*1440) -> 3.3581169 | R30: 0 | S30: =((($R$7/12)*$R$4)*325851)/(365*1440) -> 2.492756 | T30: 0 | U30: =((($T$7/12)*$T$4)*325851)/(365*1440) -> 1.2825423 | V30: 0 | W30: =((($V$7/12)*$V$4)*325851)/(365*1440) -> 1.0306836 | X30: 0 | Y30: =((($X$7/12)*$X$4)*325851)/(365*1440) -> 3.4872753 | Z30: 50 | AA30: =AA29 -> 6.6129072 | AB30: 0 | AC30: =((($AB$7/12)*$AB$4)*325851)/(365*1440) -> 8.1240598 | AD30: =AD29 -> 0 | AE30: =((($AD$7/12)*$AD$4)*325851)/(365*1440) -> 10.216425 | AH30: UF/RO Treatment | AI30: =F30+I30+K30+AA30+AC30+Q30+M30+G30+H30 -> 475.05006 | AJ30: =O30+AE30+U30+W30+Y30+(S30*(59/193)) -> 16.77896 | AK30: =C30+E30 -> 567.86089 | AL30: =(SUM($D$4:$AE$4)-$I$4)-(D30+L30+J30+N30+P30+R30+T30+V30+X30+Z30+AB30+AD30) -> 3969 | AM30: =G30+I30+K30+M30+O30+Q30+U30+W30+Y30+AA30+AC30+AE30+H30+(S30*(59/193)) -> 141.82902 | AN30: =C30+E30+F30 -> 917.86089
B31: =B30+1 -> 23 | C31: 41.581752 | D31: =D30 -> 0 | E31: 525 | F31: =368-G31 -> 350 | G31: 18 | H31: 8.65 | I31: =(($I$4*($I$5/12))*325851)/(365*1440) -> 80.304975 | J31: 0 | K31: =((J31*($J$5/12))*325851)/(365*1440) -> 0 | L31: 0 | M31: =((L31*($N$5/12))*325851)/(365*1440) -> 0 | N31: 0 | O31: =((N31*($N$5/12))*325851)/(365*1440) -> 0 | P31: 0 | Q31: =((($P$7/12)*$P$4)*325851)/(365*1440) -> 3.3581169 | R31: 0 | S31: =((($R$7/12)*$R$4)*325851)/(365*1440) -> 2.492756 | T31: 0 | U31: =((($T$7/12)*$T$4)*325851)/(365*1440) -> 1.2825423 | V31: 0 | W31: =((($V$7/12)*$V$4)*325851)/(365*1440) -> 1.0306836 | X31: 0 | Y31: =((($X$7/12)*$X$4)*325851)/(365*1440) -> 3.4872753 | Z31: 50 | AA31: =AA30 -> 6.6129072 | AB31: 0 | AC31: =((($AB$7/12)*$AB$4)*325851)/(365*1440) -> 8.1240598 | AD31: =AD30 -> 0 | AE31: =((($AD$7/12)*$AD$4)*325851)/(365*1440) -> 10.216425 | AH31: UF/RO Treatment | AI31: =F31+I31+K31+AA31+AC31+Q31+M31+G31+H31 -> 475.05006 | AJ31: =O31+AE31+U31+W31+Y31+(S31*(59/193)) -> 16.77896 | AK31: =C31+E31 -> 566.58175 | AL31: =(SUM($D$4:$AE$4)-$I$4)-(D31+L31+J31+N31+P31+R31+T31+V31+X31+Z31+AB31+AD31) -> 3969 | AM31: =G31+I31+K31+M31+O31+Q31+U31+W31+Y31+AA31+AC31+AE31+H31+(S31*(59/193)) -> 141.82902 | AN31: =C31+E31+F31 -> 916.58175
B32: =B31+1 -> 24 | C32: 40.347907 | D32: =D31 -> 0 | E32: 525 | F32: =368-G32 -> 350 | G32: 18 | H32: 8.65 | I32: =(($I$4*($I$5/12))*325851)/(365*1440) -> 80.304975 | J32: 0 | K32: =((J32*($J$5/12))*325851)/(365*1440) -> 0 | L32: 0 | M32: =((L32*($N$5/12))*325851)/(365*1440) -> 0 | N32: 0 | O32: =((N32*($N$5/12))*325851)/(365*1440) -> 0 | P32: 0 | Q32: =((($P$7/12)*$P$4)*325851)/(365*1440) -> 3.3581169 | R32: 0 | S32: =((($R$7/12)*$R$4)*325851)/(365*1440) -> 2.492756 | T32: 0 | U32: =((($T$7/12)*$T$4)*325851)/(365*1440) -> 1.2825423 | V32: 0 | W32: =((($V$7/12)*$V$4)*325851)/(365*1440) -> 1.0306836 | X32: 0 | Y32: =((($X$7/12)*$X$4)*325851)/(365*1440) -> 3.4872753 | Z32: 50 | AA32: =AA31 -> 6.6129072 | AB32: 0 | AC32: =((($AB$7/12)*$AB$4)*325851)/(365*1440) -> 8.1240598 | AD32: =AD31 -> 0 | AE32: =((($AD$7/12)*$AD$4)*325851)/(365*1440) -> 10.216425 | AH32: UF/RO Treatment | AI32: =F32+I32+K32+AA32+AC32+Q32+M32+G32+H32 -> 475.05006 | AJ32: =O32+AE32+U32+W32+Y32+(S32*(59/193)) -> 16.77896 | AK32: =C32+E32 -> 565.34791 | AL32: =(SUM($D$4:$AE$4)-$I$4)-(D32+L32+J32+N32+P32+R32+T32+V32+X32+Z32+AB32+AD32) -> 3969 | AM32: =G32+I32+K32+M32+O32+Q32+U32+W32+Y32+AA32+AC32+AE32+H32+(S32*(59/193)) -> 141.82902 | AN32: =C32+E32+F32 -> 915.34791
B33: =B32+1 -> 25 | C33: 39.149157 | D33: =D32 -> 0 | E33: 525 | F33: =368-G33 -> 350 | G33: 18 | H33: 8.65 | I33: =(($I$4*($I$5/12))*325851)/(365*1440) -> 80.304975 | J33: 0 | K33: =((J33*($J$5/12))*325851)/(365*1440) -> 0 | L33: 0 | M33: =((L33*($N$5/12))*325851)/(365*1440) -> 0 | N33: 0 | O33: =((N33*($N$5/12))*325851)/(365*1440) -> 0 | P33: 0 | Q33: =((($P$7/12)*$P$4)*325851)/(365*1440) -> 3.3581169 | R33: 0 | S33: =((($R$7/12)*$R$4)*325851)/(365*1440) -> 2.492756 | T33: 0 | U33: =((($T$7/12)*$T$4)*325851)/(365*1440) -> 1.2825423 | V33: 0 | W33: =((($V$7/12)*$V$4)*325851)/(365*1440) -> 1.0306836 | X33: 0 | Y33: =((($X$7/12)*$X$4)*325851)/(365*1440) -> 3.4872753 | Z33: 50 | AA33: =AA32 -> 6.6129072 | AB33: 0 | AC33: =((($AB$7/12)*$AB$4)*325851)/(365*1440) -> 8.1240598 | AD33: =AD32 -> 0 | AE33: =((($AD$7/12)*$AD$4)*325851)/(365*1440) -> 10.216425 | AH33: UF/RO Treatment | AI33: =F33+I33+K33+AA33+AC33+Q33+M33+G33+H33 -> 475.05006 | AJ33: =O33+AE33+U33+W33+Y33+(S33*(59/193)) -> 16.77896 | AK33: =C33+E33 -> 564.14916 | AL33: =(SUM($D$4:$AE$4)-$I$4)-(D33+L33+J33+N33+P33+R33+T33+V33+X33+Z33+AB33+AD33) -> 3969 | AM33: =G33+I33+K33+M33+O33+Q33+U33+W33+Y33+AA33+AC33+AE33+H33+(S33*(59/193)) -> 141.82902 | AN33: =C33+E33+F33 -> 914.14916
B34: =B33+1 -> 26 | C34: 37.977994 | D34: =D33 -> 0 | E34: 525 | F34: =368-G34 -> 350 | G34: 18 | H34: 8.65 | I34: =(($I$4*($I$5/12))*325851)/(365*1440) -> 80.304975 | J34: 0 | K34: =((J34*($J$5/12))*325851)/(365*1440) -> 0 | L34: 0 | M34: =((L34*($N$5/12))*325851)/(365*1440) -> 0 | N34: 0 | O34: =((N34*($N$5/12))*325851)/(365*1440) -> 0 | P34: 0 | Q34: =((($P$7/12)*$P$4)*325851)/(365*1440) -> 3.3581169 | R34: 0 | S34: =((($R$7/12)*$R$4)*325851)/(365*1440) -> 2.492756 | T34: 0 | U34: =((($T$7/12)*$T$4)*325851)/(365*1440) -> 1.2825423 | V34: 0 | W34: =((($V$7/12)*$V$4)*325851)/(365*1440) -> 1.0306836 | X34: 0 | Y34: =((($X$7/12)*$X$4)*325851)/(365*1440) -> 3.4872753 | Z34: 50 | AA34: =AA33 -> 6.6129072 | AB34: 0 | AC34: =((($AB$7/12)*$AB$4)*325851)/(365*1440) -> 8.1240598 | AD34: =AD33 -> 0 | AE34: =((($AD$7/12)*$AD$4)*325851)/(365*1440) -> 10.216425 | AH34: UF/RO Treatment | AI34: =F34+I34+K34+AA34+AC34+Q34+M34+G34+H34 -> 475.05006 | AJ34: =O34+AE34+U34+W34+Y34+(S34*(59/193)) -> 16.77896 | AK34: =C34+E34 -> 562.97799 | AL34: =(SUM($D$4:$AE$4)-$I$4)-(D34+L34+J34+N34+P34+R34+T34+V34+X34+Z34+AB34+AD34) -> 3969 | AM34: =G34+I34+K34+M34+O34+Q34+U34+W34+Y34+AA34+AC34+AE34+H34+(S34*(59/193)) -> 141.82902 | AN34: =C34+E34+F34 -> 912.97799
B35: =B34+1 -> 27 | C35: 36.826262 | D35: =D34 -> 0 | E35: =E34 -> 525 | F35: =368-G35 -> 350 | G35: 18 | H35: 8.65 | I35: =(($I$4*($I$5/12))*325851)/(365*1440) -> 80.304975 | J35: 0 | K35: =((J35*($J$5/12))*325851)/(365*1440) -> 0 | L35: 0 | M35: =((L35*($N$5/12))*325851)/(365*1440) -> 0 | N35: 0 | O35: =((N35*($N$5/12))*325851)/(365*1440) -> 0 | P35: 0 | Q35: =((($P$7/12)*$P$4)*325851)/(365*1440) -> 3.3581169 | R35: 0 | S35: =((($R$7/12)*$R$4)*325851)/(365*1440) -> 2.492756 | T35: 0 | U35: =((($T$7/12)*$T$4)*325851)/(365*1440) -> 1.2825423 | V35: 0 | W35: =((($V$7/12)*$V$4)*325851)/(365*1440) -> 1.0306836 | X35: 0 | Y35: =((($X$7/12)*$X$4)*325851)/(365*1440) -> 3.4872753 | Z35: 50 | AA35: =AA34 -> 6.6129072 | AB35: 0 | AC35: =((($AB$7/12)*$AB$4)*325851)/(365*1440) -> 8.1240598 | AD35: =AD34 -> 0 | AE35: =((($AD$7/12)*$AD$4)*325851)/(365*1440) -> 10.216425 | AH35: UF/RO Treatment | AI35: =F35+I35+K35+AA35+AC35+Q35+M35+G35+H35 -> 475.05006 | AJ35: =O35+AE35+U35+W35+Y35+(S35*(59/193)) -> 16.77896 | AK35: =C35+E35 -> 561.82626 | AL35: =(SUM($D$4:$AE$4)-$I$4)-(D35+L35+J35+N35+P35+R35+T35+V35+X35+Z35+AB35+AD35) -> 3969 | AM35: =G35+I35+K35+M35+O35+Q35+U35+W35+Y35+AA35+AC35+AE35+H35+(S35*(59/193)) -> 141.82902 | AN35: =C35+E35+F35 -> 911.82626
B36: =B35+1 -> 28 | C36: 35.688322 | D36: =D35 -> 0 | E36: =E35 -> 525 | F36: =368-G36 -> 350 | G36: 18 | H36: 8.65 | I36: =(($I$4*($I$5/12))*325851)/(365*1440) -> 80.304975 | J36: 0 | K36: =((J36*($J$5/12))*325851)/(365*1440) -> 0 | L36: 0 | M36: =((L36*($N$5/12))*325851)/(365*1440) -> 0 | N36: 0 | O36: =((N36*($N$5/12))*325851)/(365*1440) -> 0 | P36: 0 | Q36: =((($P$7/12)*$P$4)*325851)/(365*1440) -> 3.3581169 | R36: 0 | S36: =((($R$7/12)*$R$4)*325851)/(365*1440) -> 2.492756 | T36: 0 | U36: =((($T$7/12)*$T$4)*325851)/(365*1440) -> 1.2825423 | V36: 0 | W36: =((($V$7/12)*$V$4)*325851)/(365*1440) -> 1.0306836 | X36: 0 | Y36: =((($X$7/12)*$X$4)*325851)/(365*1440) -> 3.4872753 | Z36: 50 | AA36: =AA35 -> 6.6129072 | AB36: 0 | AC36: =((($AB$7/12)*$AB$4)*325851)/(365*1440) -> 8.1240598 | AD36: =AD35 -> 0 | AE36: =((($AD$7/12)*$AD$4)*325851)/(365*1440) -> 10.216425 | AH36: UF/RO Treatment | AI36: =F36+I36+K36+AA36+AC36+Q36+M36+G36+H36 -> 475.05006 | AJ36: =O36+AE36+U36+W36+Y36+(S36*(59/193)) -> 16.77896 | AK36: =C36+E36 -> 560.68832 | AL36: =(SUM($D$4:$AE$4)-$I$4)-(D36+L36+J36+N36+P36+R36+T36+V36+X36+Z36+AB36+AD36) -> 3969 | AM36: =G36+I36+K36+M36+O36+Q36+U36+W36+Y36+AA36+AC36+AE36+H36+(S36*(59/193)) -> 141.82902 | AN36: =C36+E36+F36 -> 910.68832
B37: =B36+1 -> 29 | C37: 34.563938 | D37: =D36 -> 0 | E37: =E36 -> 525 | F37: =368-G37 -> 350 | G37: 18 | H37: 8.65 | I37: =(($I$4*($I$5/12))*325851)/(365*1440) -> 80.304975 | J37: 0 | K37: =((J37*($J$5/12))*325851)/(365*1440) -> 0 | L37: 0 | M37: =((L37*($N$5/12))*325851)/(365*1440) -> 0 | N37: 0 | O37: =((N37*($N$5/12))*325851)/(365*1440) -> 0 | P37: 0 | Q37: =((($P$7/12)*$P$4)*325851)/(365*1440) -> 3.3581169 | R37: 0 | S37: =((($R$7/12)*$R$4)*325851)/(365*1440) -> 2.492756 | T37: 0 | U37: =((($T$7/12)*$T$4)*325851)/(365*1440) -> 1.2825423 | V37: 0 | W37: =((($V$7/12)*$V$4)*325851)/(365*1440) -> 1.0306836 | X37: 0 | Y37: =((($X$7/12)*$X$4)*325851)/(365*1440) -> 3.4872753 | Z37: 50 | AA37: =AA36 -> 6.6129072 | AB37: 0 | AC37: =((($AB$7/12)*$AB$4)*325851)/(365*1440) -> 8.1240598 | AD37: =AD36 -> 0 | AE37: =((($AD$7/12)*$AD$4)*325851)/(365*1440) -> 10.216425 | AH37: UF/RO Treatment | AI37: =F37+I37+K37+AA37+AC37+Q37+M37+G37+H37 -> 475.05006 | AJ37: =O37+AE37+U37+W37+Y37+(S37*(59/193)) -> 16.77896 | AK37: =C37+E37 -> 559.56394 | AL37: =(SUM($D$4:$AE$4)-$I$4)-(D37+L37+J37+N37+P37+R37+T37+V37+X37+Z37+AB37+AD37) -> 3969 | AM37: =G37+I37+K37+M37+O37+Q37+U37+W37+Y37+AA37+AC37+AE37+H37+(S37*(59/193)) -> 141.82902 | AN37: =C37+E37+F37 -> 909.56394
B38: =B37+1 -> 30 | C38: 33.454908 | D38: =D37 -> 0 | E38: =E37 -> 525 | F38: =368-G38 -> 350 | G38: 18 | H38: 8.65 | I38: =(($I$4*($I$5/12))*325851)/(365*1440) -> 80.304975 | J38: 0 | K38: =((J38*($J$5/12))*325851)/(365*1440) -> 0 | L38: 0 | M38: =((L38*($N$5/12))*325851)/(365*1440) -> 0 | N38: 0 | O38: =((N38*($N$5/12))*325851)/(365*1440) -> 0 | P38: 0 | Q38: =((($P$7/12)*$P$4)*325851)/(365*1440) -> 3.3581169 | R38: 0 | S38: =((($R$7/12)*$R$4)*325851)/(365*1440) -> 2.492756 | T38: 0 | U38: =((($T$7/12)*$T$4)*325851)/(365*1440) -> 1.2825423 | V38: 0 | W38: =((($V$7/12)*$V$4)*325851)/(365*1440) -> 1.0306836 | X38: 0 | Y38: =((($X$7/12)*$X$4)*325851)/(365*1440) -> 3.4872753 | Z38: 50 | AA38: =AA37 -> 6.6129072 | AB38: 0 | AC38: =((($AB$7/12)*$AB$4)*325851)/(365*1440) -> 8.1240598 | AD38: =AD37 -> 0 | AE38: =((($AD$7/12)*$AD$4)*325851)/(365*1440) -> 10.216425 | AH38: UF/RO Treatment | AI38: =F38+I38+K38+AA38+AC38+Q38+M38+G38+H38 -> 475.05006 | AJ38: =O38+AE38+U38+W38+Y38+(S38*(59/193)) -> 16.77896 | AK38: =C38+E38 -> 558.45491 | AL38: =(SUM($D$4:$AE$4)-$I$4)-(D38+L38+J38+N38+P38+R38+T38+V38+X38+Z38+AB38+AD38) -> 3969 | AM38: =G38+I38+K38+M38+O38+Q38+U38+W38+Y38+AA38+AC38+AE38+H38+(S38*(59/193)) -> 141.82902 | AN38: =C38+E38+F38 -> 908.45491
B39: =B38+1 -> 31 | C39: 32.361696 | D39: =D38 -> 0 | E39: =E38 -> 525 | F39: =368-G39 -> 350 | G39: 18 | H39: 8.65 | I39: =(($I$4*($I$5/12))*325851)/(365*1440) -> 80.304975 | J39: 0 | K39: =((J39*($J$5/12))*325851)/(365*1440) -> 0 | L39: 0 | M39: =((L39*($N$5/12))*325851)/(365*1440) -> 0 | N39: 0 | O39: =((N39*($N$5/12))*325851)/(365*1440) -> 0 | P39: 0 | Q39: =((($P$7/12)*$P$4)*325851)/(365*1440) -> 3.3581169 | R39: 0 | S39: =((($R$7/12)*$R$4)*325851)/(365*1440) -> 2.492756 | T39: 0 | U39: =((($T$7/12)*$T$4)*325851)/(365*1440) -> 1.2825423 | V39: 0 | W39: =((($V$7/12)*$V$4)*325851)/(365*1440) -> 1.0306836 | X39: 0 | Y39: =((($X$7/12)*$X$4)*325851)/(365*1440) -> 3.4872753 | Z39: 50 | AA39: =AA38 -> 6.6129072 | AB39: 0 | AC39: =((($AB$7/12)*$AB$4)*325851)/(365*1440) -> 8.1240598 | AD39: =AD38 -> 0 | AE39: =((($AD$7/12)*$AD$4)*325851)/(365*1440) -> 10.216425 | AH39: UF/RO Treatment | AI39: =F39+I39+K39+AA39+AC39+Q39+M39+G39+H39 -> 475.05006 | AJ39: =O39+AE39+U39+W39+Y39+(S39*(59/193)) -> 16.77896 | AK39: =C39+E39 -> 557.3617 | AL39: =(SUM($D$4:$AE$4)-$I$4)-(D39+L39+J39+N39+P39+R39+T39+V39+X39+Z39+AB39+AD39) -> 3969 | AM39: =G39+I39+K39+M39+O39+Q39+U39+W39+Y39+AA39+AC39+AE39+H39+(S39*(59/193)) -> 141.82902 | AN39: =C39+E39+F39 -> 907.3617
B40: =B39+1 -> 32 | C40: 31.286323 | D40: =D39 -> 0 | E40: =E39 -> 525 | F40: =368-G40 -> 350 | G40: 18 | H40: 8.65 | I40: =(($I$4*($I$5/12))*325851)/(365*1440) -> 80.304975 | J40: 0 | K40: =((J40*($J$5/12))*325851)/(365*1440) -> 0 | L40: 0 | M40: =((L40*($N$5/12))*325851)/(365*1440) -> 0 | N40: 0 | O40: =((N40*($N$5/12))*325851)/(365*1440) -> 0 | P40: 0 | Q40: =((($P$7/12)*$P$4)*325851)/(365*1440) -> 3.3581169 | R40: 0 | S40: =((($R$7/12)*$R$4)*325851)/(365*1440) -> 2.492756 | T40: 0 | U40: =((($T$7/12)*$T$4)*325851)/(365*1440) -> 1.2825423 | V40: 0 | W40: =((($V$7/12)*$V$4)*325851)/(365*1440) -> 1.0306836 | X40: 0 | Y40: =((($X$7/12)*$X$4)*325851)/(365*1440) -> 3.4872753 | Z40: 50 | AA40: =AA39 -> 6.6129072 | AB40: 0 | AC40: =((($AB$7/12)*$AB$4)*325851)/(365*1440) -> 8.1240598 | AD40: =AD39 -> 0 | AE40: =((($AD$7/12)*$AD$4)*325851)/(365*1440) -> 10.216425 | AH40: UF/RO Treatment | AI40: =F40+I40+K40+AA40+AC40+Q40+M40+G40+H40 -> 475.05006 | AJ40: =O40+AE40+U40+W40+Y40+(S40*(59/193)) -> 16.77896 | AK40: =C40+E40 -> 556.28632 | AL40: =(SUM($D$4:$AE$4)-$I$4)-(D40+L40+J40+N40+P40+R40+T40+V40+X40+Z40+AB40+AD40) -> 3969 | AM40: =G40+I40+K40+M40+O40+Q40+U40+W40+Y40+AA40+AC40+AE40+H40+(S40*(59/193)) -> 141.82902 | AN40: =C40+E40+F40 -> 906.28632
B41: =B40+1 -> 33 | C41: 30.235022 | D41: =D40 -> 0 | E41: =E40 -> 525 | F41: =368-G41 -> 350 | G41: 18 | H41: 8.65 | I41: =(($I$4*($I$5/12))*325851)/(365*1440) -> 80.304975 | J41: 0 | K41: =((J41*($J$5/12))*325851)/(365*1440) -> 0 | L41: 0 | M41: =((L41*($N$5/12))*325851)/(365*1440) -> 0 | N41: 0 | O41: =((N41*($N$5/12))*325851)/(365*1440) -> 0 | P41: 0 | Q41: =((($P$7/12)*$P$4)*325851)/(365*1440) -> 3.3581169 | R41: 0 | S41: =((($R$7/12)*$R$4)*325851)/(365*1440) -> 2.492756 | T41: 0 | U41: =((($T$7/12)*$T$4)*325851)/(365*1440) -> 1.2825423 | V41: 0 | W41: =((($V$7/12)*$V$4)*325851)/(365*1440) -> 1.0306836 | X41: 0 | Y41: =((($X$7/12)*$X$4)*325851)/(365*1440) -> 3.4872753 | Z41: 50 | AA41: =AA40 -> 6.6129072 | AB41: 0 | AC41: =((($AB$7/12)*$AB$4)*325851)/(365*1440) -> 8.1240598 | AD41: =AD40 -> 0 | AE41: =((($AD$7/12)*$AD$4)*325851)/(365*1440) -> 10.216425 | AH41: UF/RO Treatment | AI41: =F41+I41+K41+AA41+AC41+Q41+M41+G41+H41 -> 475.05006 | AJ41: =O41+AE41+U41+W41+Y41+(S41*(59/193)) -> 16.77896 | AK41: =C41+E41 -> 555.23502 | AL41: =(SUM($D$4:$AE$4)-$I$4)-(D41+L41+J41+N41+P41+R41+T41+V41+X41+Z41+AB41+AD41) -> 3969 | AM41: =G41+I41+K41+M41+O41+Q41+U41+W41+Y41+AA41+AC41+AE41+H41+(S41*(59/193)) -> 141.82902 | AN41: =C41+E41+F41 -> 905.23502
B42: =B41+1 -> 34 | C42: 29.214779 | D42: =D41 -> 0 | E42: =E41 -> 525 | F42: =368-G42 -> 350 | G42: 18 | H42: 8.65 | I42: =(($I$4*($I$5/12))*325851)/(365*1440) -> 80.304975 | J42: 0 | K42: =((J42*($J$5/12))*325851)/(365*1440) -> 0 | L42: 0 | M42: =((L42*($N$5/12))*325851)/(365*1440) -> 0 | N42: 0 | O42: =((N42*($N$5/12))*325851)/(365*1440) -> 0 | P42: 0 | Q42: =((($P$7/12)*$P$4)*325851)/(365*1440) -> 3.3581169 | R42: 0 | S42: =((($R$7/12)*$R$4)*325851)/(365*1440) -> 2.492756 | T42: 0 | U42: =((($T$7/12)*$T$4)*325851)/(365*1440) -> 1.2825423 | V42: 0 | W42: =((($V$7/12)*$V$4)*325851)/(365*1440) -> 1.0306836 | X42: 0 | Y42: =((($X$7/12)*$X$4)*325851)/(365*1440) -> 3.4872753 | Z42: 50 | AA42: =AA41 -> 6.6129072 | AB42: 0 | AC42: =((($AB$7/12)*$AB$4)*325851)/(365*1440) -> 8.1240598 | AD42: =AD41 -> 0 | AE42: =((($AD$7/12)*$AD$4)*325851)/(365*1440) -> 10.216425 | AH42: UF/RO Treatment | AI42: =F42+I42+K42+AA42+AC42+Q42+M42+G42+H42 -> 475.05006 | AJ42: =O42+AE42+U42+W42+Y42+(S42*(59/193)) -> 16.77896 | AK42: =C42+E42 -> 554.21478 | AL42: =(SUM($D$4:$AE$4)-$I$4)-(D42+L42+J42+N42+P42+R42+T42+V42+X42+Z42+AB42+AD42) -> 3969 | AM42: =G42+I42+K42+M42+O42+Q42+U42+W42+Y42+AA42+AC42+AE42+H42+(S42*(59/193)) -> 141.82902 | AN42: =C42+E42+F42 -> 904.21478
B43: =B42+1 -> 35 | C43: 28.228853 | D43: =D42 -> 0 | E43: =E42 -> 525 | F43: =368-G43 -> 350 | G43: 18 | H43: 8.65 | I43: =(($I$4*($I$5/12))*325851)/(365*1440) -> 80.304975 | J43: 0 | K43: =((J43*($J$5/12))*325851)/(365*1440) -> 0 | L43: 0 | M43: =((L43*($N$5/12))*325851)/(365*1440) -> 0 | N43: 0 | O43: =((N43*($N$5/12))*325851)/(365*1440) -> 0 | P43: 0 | Q43: =((($P$7/12)*$P$4)*325851)/(365*1440) -> 3.3581169 | R43: 0 | S43: =((($R$7/12)*$R$4)*325851)/(365*1440) -> 2.492756 | T43: 0 | U43: =((($T$7/12)*$T$4)*325851)/(365*1440) -> 1.2825423 | V43: 0 | W43: =((($V$7/12)*$V$4)*325851)/(365*1440) -> 1.0306836 | X43: 0 | Y43: =((($X$7/12)*$X$4)*325851)/(365*1440) -> 3.4872753 | Z43: 50 | AA43: =AA42 -> 6.6129072 | AB43: 0 | AC43: =((($AB$7/12)*$AB$4)*325851)/(365*1440) -> 8.1240598 | AD43: =AD42 -> 0 | AE43: =((($AD$7/12)*$AD$4)*325851)/(365*1440) -> 10.216425 | AH43: UF/RO Treatment | AI43: =F43+I43+K43+AA43+AC43+Q43+M43+G43+H43 -> 475.05006 | AJ43: =O43+AE43+U43+W43+Y43+(S43*(59/193)) -> 16.77896 | AK43: =C43+E43 -> 553.22885 | AL43: =(SUM($D$4:$AE$4)-$I$4)-(D43+L43+J43+N43+P43+R43+T43+V43+X43+Z43+AB43+AD43) -> 3969 | AM43: =G43+I43+K43+M43+O43+Q43+U43+W43+Y43+AA43+AC43+AE43+H43+(S43*(59/193)) -> 141.82902 | AN43: =C43+E43+F43 -> 903.22885
B44: =B43+1 -> 36 | C44: 27.257605 | D44: =D43 -> 0 | E44: =E43 -> 525 | F44: =368-G44 -> 350 | G44: 18 | H44: 8.65 | I44: =(($I$4*($I$5/12))*325851)/(365*1440) -> 80.304975 | J44: 0 | K44: =((J44*($J$5/12))*325851)/(365*1440) -> 0 | L44: 0 | M44: =((L44*($N$5/12))*325851)/(365*1440) -> 0 | N44: 0 | O44: =((N44*($N$5/12))*325851)/(365*1440) -> 0 | P44: 0 | Q44: =((($P$7/12)*$P$4)*325851)/(365*1440) -> 3.3581169 | R44: 0 | S44: =((($R$7/12)*$R$4)*325851)/(365*1440) -> 2.492756 | T44: 0 | U44: =((($T$7/12)*$T$4)*325851)/(365*1440) -> 1.2825423 | V44: 0 | W44: =((($V$7/12)*$V$4)*325851)/(365*1440) -> 1.0306836 | X44: 0 | Y44: =((($X$7/12)*$X$4)*325851)/(365*1440) -> 3.4872753 | Z44: 50 | AA44: =AA43 -> 6.6129072 | AB44: 0 | AC44: =((($AB$7/12)*$AB$4)*325851)/(365*1440) -> 8.1240598 | AD44: =AD43 -> 0 | AE44: =((($AD$7/12)*$AD$4)*325851)/(365*1440) -> 10.216425 | AH44: UF/RO Treatment | AI44: =F44+I44+K44+AA44+AC44+Q44+M44+G44+H44 -> 475.05006 | AJ44: =O44+AE44+U44+W44+Y44+(S44*(59/193)) -> 16.77896 | AK44: =C44+E44 -> 552.25761 | AL44: =(SUM($D$4:$AE$4)-$I$4)-(D44+L44+J44+N44+P44+R44+T44+V44+X44+Z44+AB44+AD44) -> 3969 | AM44: =G44+I44+K44+M44+O44+Q44+U44+W44+Y44+AA44+AC44+AE44+H44+(S44*(59/193)) -> 141.82902 | AN44: =C44+E44+F44 -> 902.25761
B45: =B44+1 -> 37 | C45: 26.286126 | D45: =D44 -> 0 | E45: =E44 -> 525 | F45: =368-G45 -> 350 | G45: 18 | H45: 8.65 | I45: =(($I$4*($I$5/12))*325851)/(365*1440) -> 80.304975 | J45: 0 | K45: =((J45*($J$5/12))*325851)/(365*1440) -> 0 | L45: 0 | M45: =((L45*($N$5/12))*325851)/(365*1440) -> 0 | N45: 0 | O45: =((N45*($N$5/12))*325851)/(365*1440) -> 0 | P45: 0 | Q45: =((($P$7/12)*$P$4)*325851)/(365*1440) -> 3.3581169 | R45: 0 | S45: =((($R$7/12)*$R$4)*325851)/(365*1440) -> 2.492756 | T45: 0 | U45: =((($T$7/12)*$T$4)*325851)/(365*1440) -> 1.2825423 | V45: 0 | W45: =((($V$7/12)*$V$4)*325851)/(365*1440) -> 1.0306836 | X45: 0 | Y45: =((($X$7/12)*$X$4)*325851)/(365*1440) -> 3.4872753 | Z45: 50 | AA45: =AA44 -> 6.6129072 | AB45: 0 | AC45: =((($AB$7/12)*$AB$4)*325851)/(365*1440) -> 8.1240598 | AD45: =AD44 -> 0 | AE45: =((($AD$7/12)*$AD$4)*325851)/(365*1440) -> 10.216425 | AH45: UF/RO Treatment | AI45: =F45+I45+K45+AA45+AC45+Q45+M45+G45+H45 -> 475.05006 | AJ45: =O45+AE45+U45+W45+Y45+(S45*(59/193)) -> 16.77896 | AK45: =C45+E45 -> 551.28613 | AL45: =(SUM($D$4:$AE$4)-$I$4)-(D45+L45+J45+N45+P45+R45+T45+V45+X45+Z45+AB45+AD45) -> 3969 | AM45: =G45+I45+K45+M45+O45+Q45+U45+W45+Y45+AA45+AC45+AE45+H45+(S45*(59/193)) -> 141.82902 | AN45: =C45+E45+F45 -> 901.28613
B46: =B45+1 -> 38 | C46: 25.318443 | D46: =D45 -> 0 | E46: =E45 -> 525 | F46: =368-G46 -> 350 | G46: 18 | H46: 8.65 | I46: =(($I$4*($I$5/12))*325851)/(365*1440) -> 80.304975 | J46: 0 | K46: =((J46*($J$5/12))*325851)/(365*1440) -> 0 | L46: 0 | M46: =((L46*($N$5/12))*325851)/(365*1440) -> 0 | N46: 0 | O46: =((N46*($N$5/12))*325851)/(365*1440) -> 0 | P46: 0 | Q46: =((($P$7/12)*$P$4)*325851)/(365*1440) -> 3.3581169 | R46: 0 | S46: =((($R$7/12)*$R$4)*325851)/(365*1440) -> 2.492756 | T46: 0 | U46: =((($T$7/12)*$T$4)*325851)/(365*1440) -> 1.2825423 | V46: 0 | W46: =((($V$7/12)*$V$4)*325851)/(365*1440) -> 1.0306836 | X46: 0 | Y46: =((($X$7/12)*$X$4)*325851)/(365*1440) -> 3.4872753 | Z46: 50 | AA46: =AA45 -> 6.6129072 | AB46: 0 | AC46: =((($AB$7/12)*$AB$4)*325851)/(365*1440) -> 8.1240598 | AD46: =AD45 -> 0 | AE46: =((($AD$7/12)*$AD$4)*325851)/(365*1440) -> 10.216425 | AH46: UF/RO Treatment | AI46: =F46+I46+K46+AA46+AC46+Q46+M46+G46+H46 -> 475.05006 | AJ46: =O46+AE46+U46+W46+Y46+(S46*(59/193)) -> 16.77896 | AK46: =C46+E46 -> 550.31844 | AL46: =(SUM($D$4:$AE$4)-$I$4)-(D46+L46+J46+N46+P46+R46+T46+V46+X46+Z46+AB46+AD46) -> 3969 | AM46: =G46+I46+K46+M46+O46+Q46+U46+W46+Y46+AA46+AC46+AE46+H46+(S46*(59/193)) -> 141.82902 | AN46: =C46+E46+F46 -> 900.31844
... B70: =B69+1 -> 62 | C70: 2.3972106 | D70: =D69 -> 0 | E70: =E69 -> 525 | F70: =368-G70 -> 350 | G70: 18 | H70: 8.65 | I70: =(($I$4*($I$5/12))*325851)/(365*1440) -> 80.304975 | J70: 0 | K70: =((J70*($J$5/12))*325851)/(365*1440) -> 0 | L70: 0 | M70: =((L70*($N$5/12))*325851)/(365*1440) -> 0 | N70: 0 | O70: =((N70*($N$5/12))*325851)/(365*1440) -> 0 | P70: 0 | Q70: =((($P$7/12)*$P$4)*325851)/(365*1440) -> 3.3581169 | R70: 0 | S70: =((($R$7/12)*$R$4)*325851)/(365*1440) -> 2.492756 | T70: 0 | U70: =((($T$7/12)*$T$4)*325851)/(365*1440) -> 1.2825423 | V70: 0 | W70: =((($V$7/12)*$V$4)*325851)/(365*1440) -> 1.0306836 | X70: 0 | Y70: =((($X$7/12)*$X$4)*325851)/(365*1440) -> 3.4872753 | Z70: 50 | AA70: =AA69 -> 6.6129072 | AB70: 0 | AC70: =((($AB$7/12)*$AB$4)*325851)/(365*1440) -> 8.1240598 | AD70: =AD69 -> 0 | AE70: =((($AD$7/12)*$AD$4)*325851)/(365*1440) -> 10.216425 | AH70: UF/RO Treatment | AI70: =F70+I70+K70+AA70+AC70+Q70+M70+G70+H70 -> 475.05006 | AJ70: =O70+AE70+U70+W70+Y70+(S70*(59/193)) -> 16.77896 | AK70: =C70+E70 -> 527.39721 | AL70: =(SUM($D$4:$AE$4)-$I$4)-(D70+L70+J70+N70+P70+R70+T70+V70+X70+Z70+AB70+AD70) -> 3969 | AM70: =G70+I70+K70+M70+O70+Q70+U70+W70+Y70+AA70+AC70+AE70+H70+(S70*(59/193)) -> 141.82902 | AN70: =C70+E70+F70 -> 877.39721
B71: 63-100 | C71: 0 | D71: =D70 -> 0 | E71: =E70 -> 525 | F71: =368-G71 -> 350 | G71: 18 | H71: 8.65 | I71: =(($I$4*($I$5/12))*325851)/(365*1440) -> 80.304975 | J71: 0 | K71: =((J71*($J$5/12))*325851)/(365*1440) -> 0 | L71: 0 | M71: =((L71*($N$5/12))*325851)/(365*1440) -> 0 | N71: 0 | O71: =((N71*($N$5/12))*325851)/(365*1440) -> 0 | P71: 0 | Q71: =((($P$7/12)*$P$4)*325851)/(365*1440) -> 3.3581169 | R71: 0 | S71: =((($R$7/12)*$R$4)*325851)/(365*1440) -> 2.492756 | T71: 0 | U71: =((($T$7/12)*$T$4)*325851)/(365*1440) -> 1.2825423 | V71: 0 | W71: =((($V$7/12)*$V$4)*325851)/(365*1440) -> 1.0306836 | X71: 0 | Y71: =((($X$7/12)*$X$4)*325851)/(365*1440) -> 3.4872753 | Z71: 50 | AA71: =AA70 -> 6.6129072 | AB71: 0 | AC71: =((($AB$7/12)*$AB$4)*325851)/(365*1440) -> 8.1240598 | AD71: =AD70 -> 0 | AE71: =((($AD$7/12)*$AD$4)*325851)/(365*1440) -> 10.216425 | AH71: UF/RO Treatment | AI71: =F71+I71+K71+AA71+AC71+Q71+M71+G71+H71 -> 475.05006 | AJ71: =O71+AE71+U71+W71+Y71+(S71*(59/193)) -> 16.77896 | AK71: =C71+E71 -> 525 | AL71: =(SUM($D$4:$AE$4)-$I$4)-(D71+L71+J71+N71+P71+R71+T71+V71+X71+Z71+AB71+AD71) -> 3969 | AM71: =G71+I71+K71+M71+O71+Q71+U71+W71+Y71+AA71+AC71+AE71+H71+(S71*(59/193)) -> 141.82902 | AN71: =C71+E71+F71 -> 875
B72: =B70+2 -> 64 | C72: 0 | D72: =D71 -> 0 | E72: =E71 -> 525 | F72: =368-G72 -> 350 | G72: 18 | H72: 8.65 | I72: =(($I$4*($I$5/12))*325851)/(365*1440) -> 80.304975 | J72: 0 | K72: =((J72*($J$5/12))*325851)/(365*1440) -> 0 | L72: 0 | M72: =((L72*($N$5/12))*325851)/(365*1440) -> 0 | N72: 0 | O72: =((N72*($N$5/12))*325851)/(365*1440) -> 0 | P72: 0 | Q72: =((($P$7/12)*$P$4)*325851)/(365*1440) -> 3.3581169 | R72: 0 | S72: =((($R$7/12)*$R$4)*325851)/(365*1440) -> 2.492756 | T72: 0 | U72: =((($T$7/12)*$T$4)*325851)/(365*1440) -> 1.2825423 | V72: 0 | W72: =((($V$7/12)*$V$4)*325851)/(365*1440) -> 1.0306836 | X72: 0 | Y72: =((($X$7/12)*$X$4)*325851)/(365*1440) -> 3.4872753 | Z72: 50 | AA72: =AA71 -> 6.6129072 | AB72: 0 | AC72: =((($AB$7/12)*$AB$4)*325851)/(365*1440) -> 8.1240598 | AD72: =AD71 -> 0 | AE72: =((($AD$7/12)*$AD$4)*325851)/(365*1440) -> 10.216425 | AH72: UF/RO Treatment | AI72: =F72+I72+K72+AA72+AC72+Q72+M72+G72+H72 -> 475.05006 | AJ72: =O72+AE72+U72+W72+Y72+(S72*(59/193)) -> 16.77896 | AK72: =C72+E72 -> 525 | AL72: =(SUM($D$4:$AE$4)-$I$4)-(D72+L72+J72+N72+P72+R72+T72+V72+X72+Z72+AB72+AD72) -> 3969 | AM72: =G72+I72+K72+M72+O72+Q72+U72+W72+Y72+AA72+AC72+AE72+H72+(S72*(59/193)) -> 141.82902 | AN72: =C72+E72+F72 -> 875
B73: =B72+1 -> 65 | C73: 0 | D73: =D72 -> 0 | E73: =E72 -> 525 | F73: =368-G73 -> 350 | G73: 18 | H73: 8.65 | I73: =(($I$4*($I$5/12))*325851)/(365*1440) -> 80.304975 | J73: 0 | K73: =((J73*($J$5/12))*325851)/(365*1440) -> 0 | L73: 0 | M73: =((L73*($N$5/12))*325851)/(365*1440) -> 0 | N73: 0 | O73: =((N73*($N$5/12))*325851)/(365*1440) -> 0 | P73: 0 | Q73: =((($P$7/12)*$P$4)*325851)/(365*1440) -> 3.3581169 | R73: 0 | S73: =((($R$7/12)*$R$4)*325851)/(365*1440) -> 2.492756 | T73: 0 | U73: =((($T$7/12)*$T$4)*325851)/(365*1440) -> 1.2825423 | V73: 0 | W73: =((($V$7/12)*$V$4)*325851)/(365*1440) -> 1.0306836 | X73: 0 | Y73: =((($X$7/12)*$X$4)*325851)/(365*1440) -> 3.4872753 | Z73: 50 | AA73: =AA72 -> 6.6129072 | AB73: 0 | AC73: =((($AB$7/12)*$AB$4)*325851)/(365*1440) -> 8.1240598 | AD73: =AD72 -> 0 | AE73: =((($AD$7/12)*$AD$4)*325851)/(365*1440) -> 10.216425 | AH73: UF/RO Treatment | AI73: =F73+I73+K73+AA73+AC73+Q73+M73+G73+H73 -> 475.05006 | AJ73: =O73+AE73+U73+W73+Y73+(S73*(59/193)) -> 16.77896 | AK73: =C73+E73 -> 525 | AL73: =(SUM($D$4:$AE$4)-$I$4)-(D73+L73+J73+N73+P73+R73+T73+V73+X73+Z73+AB73+AD73) -> 3969 | AM73: =G73+I73+K73+M73+O73+Q73+U73+W73+Y73+AA73+AC73+AE73+H73+(S73*(59/193)) -> 141.82902 | AN73: =C73+E73+F73 -> 875
B74: =B73+1 -> 66 | C74: 0 | D74: =D73 -> 0 | E74: =E73 -> 525 | F74: =368-G74 -> 350 | G74: 18 | H74: 8.65 | I74: =(($I$4*($I$5/12))*325851)/(365*1440) -> 80.304975 | J74: 0 | K74: =((J74*($J$5/12))*325851)/(365*1440) -> 0 | L74: 0 | M74: =((L74*($N$5/12))*325851)/(365*1440) -> 0 | N74: 0 | O74: =((N74*($N$5/12))*325851)/(365*1440) -> 0 | P74: 0 | Q74: =((($P$7/12)*$P$4)*325851)/(365*1440) -> 3.3581169 | R74: 0 | S74: =((($R$7/12)*$R$4)*325851)/(365*1440) -> 2.492756 | T74: 0 | U74: =((($T$7/12)*$T$4)*325851)/(365*1440) -> 1.2825423 | V74: 0 | W74: =((($V$7/12)*$V$4)*325851)/(365*1440) -> 1.0306836 | X74: 0 | Y74: =((($X$7/12)*$X$4)*325851)/(365*1440) -> 3.4872753 | Z74: 50 | AA74: =AA73 -> 6.6129072 | AB74: 0 | AC74: =((($AB$7/12)*$AB$4)*325851)/(365*1440) -> 8.1240598 | AD74: =AD73 -> 0 | AE74: =((($AD$7/12)*$AD$4)*325851)/(365*1440) -> 10.216425 | AH74: UF/RO Treatment | AI74: =F74+I74+K74+AA74+AC74+Q74+M74+G74+H74 -> 475.05006 | AJ74: =O74+AE74+U74+W74+Y74+(S74*(59/193)) -> 16.77896 | AK74: =C74+E74 -> 525 | AL74: =(SUM($D$4:$AE$4)-$I$4)-(D74+L74+J74+N74+P74+R74+T74+V74+X74+Z74+AB74+AD74) -> 3969 | AM74: =G74+I74+K74+M74+O74+Q74+U74+W74+Y74+AA74+AC74+AE74+H74+(S74*(59/193)) -> 141.82902 | AN74: =C74+E74+F74 -> 875
B75: =B74+1 -> 67 | C75: 0 | D75: =D74 -> 0 | E75: =E74 -> 525 | F75: =368-G75 -> 350 | G75: 18 | H75: 8.65 | I75: =(($I$4*($I$5/12))*325851)/(365*1440) -> 80.304975 | J75: 0 | K75: =((J75*($J$5/12))*325851)/(365*1440) -> 0 | L75: 0 | M75: =((L75*($N$5/12))*325851)/(365*1440) -> 0 | N75: 0 | O75: =((N75*($N$5/12))*325851)/(365*1440) -> 0 | P75: 0 | Q75: =((($P$7/12)*$P$4)*325851)/(365*1440) -> 3.3581169 | R75: 0 | S75: =((($R$7/12)*$R$4)*325851)/(365*1440) -> 2.492756 | T75: 0 | U75: =((($T$7/12)*$T$4)*325851)/(365*1440) -> 1.2825423 | V75: 0 | W75: =((($V$7/12)*$V$4)*325851)/(365*1440) -> 1.0306836 | X75: 0 | Y75: =((($X$7/12)*$X$4)*325851)/(365*1440) -> 3.4872753 | Z75: 50 | AA75: =AA74 -> 6.6129072 | AB75: 0 | AC75: =((($AB$7/12)*$AB$4)*325851)/(365*1440) -> 8.1240598 | AD75: =AD74 -> 0 | AE75: =((($AD$7/12)*$AD$4)*325851)/(365*1440) -> 10.216425 | AH75: UF/RO Treatment | AI75: =F75+I75+K75+AA75+AC75+Q75+M75+G75+H75 -> 475.05006 | AJ75: =O75+AE75+U75+W75+Y75+(S75*(59/193)) -> 16.77896 | AK75: =C75+E75 -> 525 | AL75: =(SUM($D$4:$AE$4)-$I$4)-(D75+L75+J75+N75+P75+R75+T75+V75+X75+Z75+AB75+AD75) -> 3969 | AM75: =G75+I75+K75+M75+O75+Q75+U75+W75+Y75+AA75+AC75+AE75+H75+(S75*(59/193)) -> 141.82902 | AN75: =C75+E75+F75 -> 875
B76: =B75+1 -> 68 | C76: 0 | D76: =D75 -> 0 | E76: =E75 -> 525 | F76: =368-G76 -> 350 | G76: 18 | H76: 8.65 | I76: =(($I$4*($I$5/12))*325851)/(365*1440) -> 80.304975 | J76: 0 | K76: =((J76*($J$5/12))*325851)/(365*1440) -> 0 | L76: 0 | M76: =((L76*($N$5/12))*325851)/(365*1440) -> 0 | N76: 0 | O76: =((N76*($N$5/12))*325851)/(365*1440) -> 0 | P76: 0 | Q76: =((($P$7/12)*$P$4)*325851)/(365*1440) -> 3.3581169 | R76: 0 | S76: =((($R$7/12)*$R$4)*325851)/(365*1440) -> 2.492756 | T76: 0 | U76: =((($T$7/12)*$T$4)*325851)/(365*1440) -> 1.2825423 | V76: 0 | W76: =((($V$7/12)*$V$4)*325851)/(365*1440) -> 1.0306836 | X76: 0 | Y76: =((($X$7/12)*$X$4)*325851)/(365*1440) -> 3.4872753 | Z76: 50 | AA76: =AA75 -> 6.6129072 | AB76: 0 | AC76: =((($AB$7/12)*$AB$4)*325851)/(365*1440) -> 8.1240598 | AD76: =AD75 -> 0 | AE76: =((($AD$7/12)*$AD$4)*325851)/(365*1440) -> 10.216425 | AH76: UF/RO Treatment | AI76: =F76+I76+K76+AA76+AC76+Q76+M76+G76+H76 -> 475.05006 | AJ76: =O76+AE76+U76+W76+Y76+(S76*(59/193)) -> 16.77896 | AK76: =C76+E76 -> 525 | AL76: =(SUM($D$4:$AE$4)-$I$4)-(D76+L76+J76+N76+P76+R76+T76+V76+X76+Z76+AB76+AD76) -> 3969 | AM76: =G76+I76+K76+M76+O76+Q76+U76+W76+Y76+AA76+AC76+AE76+H76+(S76*(59/193)) -> 141.82902 | AN76: =C76+E76+F76 -> 875
B77: =B76+1 -> 69 | C77: 0 | D77: =D76 -> 0 | E77: =E76 -> 525 | F77: =368-G77 -> 350 | G77: 18 | H77: 8.65 | I77: =(($I$4*($I$5/12))*325851)/(365*1440) -> 80.304975 | J77: 0 | K77: =((J77*($J$5/12))*325851)/(365*1440) -> 0 | L77: 0 | M77: =((L77*($N$5/12))*325851)/(365*1440) -> 0 | N77: 0 | O77: =((N77*($N$5/12))*325851)/(365*1440) -> 0 | P77: 0 | Q77: =((($P$7/12)*$P$4)*325851)/(365*1440) -> 3.3581169 | R77: 0 | S77: =((($R$7/12)*$R$4)*325851)/(365*1440) -> 2.492756 | T77: 0 | U77: =((($T$7/12)*$T$4)*325851)/(365*1440) -> 1.2825423 | V77: 0 | W77: =((($V$7/12)*$V$4)*325851)/(365*1440) -> 1.0306836 | X77: 0 | Y77: =((($X$7/12)*$X$4)*325851)/(365*1440) -> 3.4872753 | Z77: 50 | AA77: =AA76 -> 6.6129072 | AB77: 0 | AC77: =((($AB$7/12)*$AB$4)*325851)/(365*1440) -> 8.1240598 | AD77: =AD76 -> 0 | AE77: =((($AD$7/12)*$AD$4)*325851)/(365*1440) -> 10.216425 | AH77: UF/RO Treatment | AI77: =F77+I77+K77+AA77+AC77+Q77+M77+G77+H77 -> 475.05006 | AJ77: =O77+AE77+U77+W77+Y77+(S77*(59/193)) -> 16.77896 | AK77: =C77+E77 -> 525 | AL77: =(SUM($D$4:$AE$4)-$I$4)-(D77+L77+J77+N77+P77+R77+T77+V77+X77+Z77+AB77+AD77) -> 3969 | AM77: =G77+I77+K77+M77+O77+Q77+U77+W77+Y77+AA77+AC77+AE77+H77+(S77*(59/193)) -> 141.82902 | AN77: =C77+E77+F77 -> 875
B78: =B77+1 -> 70 | C78: 0 | D78: =D77 -> 0 | E78: =E77 -> 525 | F78: =368-G78 -> 350 | G78: 18 | H78: 8.65 | I78: =(($I$4*($I$5/12))*325851)/(365*1440) -> 80.304975 | J78: 0 | K78: =((J78*($J$5/12))*325851)/(365*1440) -> 0 | L78: 0 | M78: =((L78*($N$5/12))*325851)/(365*1440) -> 0 | N78: 0 | O78: =((N78*($N$5/12))*325851)/(365*1440) -> 0 | P78: 0 | Q78: =((($P$7/12)*$P$4)*325851)/(365*1440) -> 3.3581169 | R78: 0 | S78: =((($R$7/12)*$R$4)*325851)/(365*1440) -> 2.492756 | T78: 0 | U78: =((($T$7/12)*$T$4)*325851)/(365*1440) -> 1.2825423 | V78: 0 | W78: =((($V$7/12)*$V$4)*325851)/(365*1440) -> 1.0306836 | X78: 0 | Y78: =((($X$7/12)*$X$4)*325851)/(365*1440) -> 3.4872753 | Z78: 50 | AA78: =AA77 -> 6.6129072 | AB78: 0 | AC78: =((($AB$7/12)*$AB$4)*325851)/(365*1440) -> 8.1240598 | AD78: =AD77 -> 0 | AE78: =((($AD$7/12)*$AD$4)*325851)/(365*1440) -> 10.216425 | AH78: UF/RO Treatment | AI78: =F78+I78+K78+AA78+AC78+Q78+M78+G78+H78 -> 475.05006 | AJ78: =O78+AE78+U78+W78+Y78+(S78*(59/193)) -> 16.77896 | AK78: =C78+E78 -> 525 | AL78: =(SUM($D$4:$AE$4)-$I$4)-(D78+L78+J78+N78+P78+R78+T78+V78+X78+Z78+AB78+AD78) -> 3969 | AM78: =G78+I78+K78+M78+O78+Q78+U78+W78+Y78+AA78+AC78+AE78+H78+(S78*(59/193)) -> 141.82902 | AN78: =C78+E78+F78 -> 875
B79: =B78+1 -> 71 | C79: 0 | D79: =D78 -> 0 | E79: =E78 -> 525 | F79: =368-G79 -> 350 | G79: 18 | H79: 8.65 | I79: =(($I$4*($I$5/12))*325851)/(365*1440) -> 80.304975 | J79: 0 | K79: =((J79*($J$5/12))*325851)/(365*1440) -> 0 | L79: 0 | M79: =((L79*($N$5/12))*325851)/(365*1440) -> 0 | N79: 0 | O79: =((N79*($N$5/12))*325851)/(365*1440) -> 0 | P79: 0 | Q79: =((($P$7/12)*$P$4)*325851)/(365*1440) -> 3.3581169 | R79: 0 | S79: =((($R$7/12)*$R$4)*325851)/(365*1440) -> 2.492756 | T79: 0 | U79: =((($T$7/12)*$T$4)*325851)/(365*1440) -> 1.2825423 | V79: 0 | W79: =((($V$7/12)*$V$4)*325851)/(365*1440) -> 1.0306836 | X79: 0 | Y79: =((($X$7/12)*$X$4)*325851)/(365*1440) -> 3.4872753 | Z79: 50 | AA79: =AA78 -> 6.6129072 | AB79: 0 | AC79: =((($AB$7/12)*$AB$4)*325851)/(365*1440) -> 8.1240598 | AD79: =AD78 -> 0 | AE79: =((($AD$7/12)*$AD$4)*325851)/(365*1440) -> 10.216425 | AH79: UF/RO Treatment | AI79: =F79+I79+K79+AA79+AC79+Q79+M79+G79+H79 -> 475.05006 | AJ79: =O79+AE79+U79+W79+Y79+(S79*(59/193)) -> 16.77896 | AK79: =C79+E79 -> 525 | AL79: =(SUM($D$4:$AE$4)-$I$4)-(D79+L79+J79+N79+P79+R79+T79+V79+X79+Z79+AB79+AD79) -> 3969 | AM79: =G79+I79+K79+M79+O79+Q79+U79+W79+Y79+AA79+AC79+AE79+H79+(S79*(59/193)) -> 141.82902 | AN79: =C79+E79+F79 -> 875
B80: =B79+1 -> 72 | C80: 0 | D80: =D79 -> 0 | E80: =E79 -> 525 | F80: =368-G80 -> 350 | G80: 18 | H80: 8.65 | I80: =(($I$4*($I$5/12))*325851)/(365*1440) -> 80.304975 | J80: 0 | K80: =((J80*($J$5/12))*325851)/(365*1440) -> 0 | L80: 0 | M80: =((L80*($N$5/12))*325851)/(365*1440) -> 0 | N80: 0 | O80: =((N80*($N$5/12))*325851)/(365*1440) -> 0 | P80: 0 | Q80: =((($P$7/12)*$P$4)*325851)/(365*1440) -> 3.3581169 | R80: 0 | S80: =((($R$7/12)*$R$4)*325851)/(365*1440) -> 2.492756 | T80: 0 | U80: =((($T$7/12)*$T$4)*325851)/(365*1440) -> 1.2825423 | V80: 0 | W80: =((($V$7/12)*$V$4)*325851)/(365*1440) -> 1.0306836 | X80: 0 | Y80: =((($X$7/12)*$X$4)*325851)/(365*1440) -> 3.4872753 | Z80: 50 | AA80: =AA79 -> 6.6129072 | AB80: 0 | AC80: =((($AB$7/12)*$AB$4)*325851)/(365*1440) -> 8.1240598 | AD80: =AD79 -> 0 | AE80: =((($AD$7/12)*$AD$4)*325851)/(365*1440) -> 10.216425 | AH80: UF/RO Treatment | AI80: =F80+I80+K80+AA80+AC80+Q80+M80+G80+H80 -> 475.05006 | AJ80: =O80+AE80+U80+W80+Y80+(S80*(59/193)) -> 16.77896 | AK80: =C80+E80 -> 525 | AL80: =(SUM($D$4:$AE$4)-$I$4)-(D80+L80+J80+N80+P80+R80+T80+V80+X80+Z80+AB80+AD80) -> 3969 | AM80: =G80+I80+K80+M80+O80+Q80+U80+W80+Y80+AA80+AC80+AE80+H80+(S80*(59/193)) -> 141.82902 | AN80: =C80+E80+F80 -> 875
B81: =B80+1 -> 73 | C81: 0 | D81: =D80 -> 0 | E81: =E80 -> 525 | F81: =368-G81 -> 350 | G81: 18 | H81: 8.65 | I81: =(($I$4*($I$5/12))*325851)/(365*1440) -> 80.304975 | J81: 0 | K81: =((J81*($J$5/12))*325851)/(365*1440) -> 0 | L81: 0 | M81: =((L81*($N$5/12))*325851)/(365*1440) -> 0 | N81: 0 | O81: =((N81*($N$5/12))*325851)/(365*1440) -> 0 | P81: 0 | Q81: =((($P$7/12)*$P$4)*325851)/(365*1440) -> 3.3581169 | R81: 0 | S81: =((($R$7/12)*$R$4)*325851)/(365*1440) -> 2.492756 | T81: 0 | U81: =((($T$7/12)*$T$4)*325851)/(365*1440) -> 1.2825423 | V81: 0 | W81: =((($V$7/12)*$V$4)*325851)/(365*1440) -> 1.0306836 | X81: 0 | Y81: =((($X$7/12)*$X$4)*325851)/(365*1440) -> 3.4872753 | Z81: 50 | AA81: =AA80 -> 6.6129072 | AB81: 0 | AC81: =((($AB$7/12)*$AB$4)*325851)/(365*1440) -> 8.1240598 | AD81: =AD80 -> 0 | AE81: =((($AD$7/12)*$AD$4)*325851)/(365*1440) -> 10.216425 | AH81: UF/RO Treatment | AI81: =F81+I81+K81+AA81+AC81+Q81+M81+G81+H81 -> 475.05006 | AJ81: =O81+AE81+U81+W81+Y81+(S81*(59/193)) -> 16.77896 | AK81: =C81+E81 -> 525 | AL81: =(SUM($D$4:$AE$4)-$I$4)-(D81+L81+J81+N81+P81+R81+T81+V81+X81+Z81+AB81+AD81) -> 3969 | AM81: =G81+I81+K81+M81+O81+Q81+U81+W81+Y81+AA81+AC81+AE81+H81+(S81*(59/193)) -> 141.82902 | AN81: =C81+E81+F81 -> 875
B82: =B81+1 -> 74 | C82: 0 | D82: =D81 -> 0 | E82: =E81 -> 525 | F82: =368-G82 -> 350 | G82: 18 | H82: 8.65 | I82: =(($I$4*($I$5/12))*325851)/(365*1440) -> 80.304975 | J82: 0 | K82: =((J82*($J$5/12))*325851)/(365*1440) -> 0 | L82: 0 | M82: =((L82*($N$5/12))*325851)/(365*1440) -> 0 | N82: 0 | O82: =((N82*($N$5/12))*325851)/(365*1440) -> 0 | P82: 0 | Q82: =((($P$7/12)*$P$4)*325851)/(365*1440) -> 3.3581169 | R82: 0 | S82: =((($R$7/12)*$R$4)*325851)/(365*1440) -> 2.492756 | T82: 0 | U82: =((($T$7/12)*$T$4)*325851)/(365*1440) -> 1.2825423 | V82: 0 | W82: =((($V$7/12)*$V$4)*325851)/(365*1440) -> 1.0306836 | X82: 0 | Y82: =((($X$7/12)*$X$4)*325851)/(365*1440) -> 3.4872753 | Z82: 50 | AA82: =AA81 -> 6.6129072 | AB82: 0 | AC82: =((($AB$7/12)*$AB$4)*325851)/(365*1440) -> 8.1240598 | AD82: =AD81 -> 0 | AE82: =((($AD$7/12)*$AD$4)*325851)/(365*1440) -> 10.216425 | AH82: UF/RO Treatment | AI82: =F82+I82+K82+AA82+AC82+Q82+M82+G82+H82 -> 475.05006 | AJ82: =O82+AE82+U82+W82+Y82+(S82*(59/193)) -> 16.77896 | AK82: =C82+E82 -> 525 | AL82: =(SUM($D$4:$AE$4)-$I$4)-(D82+L82+J82+N82+P82+R82+T82+V82+X82+Z82+AB82+AD82) -> 3969 | AM82: =G82+I82+K82+M82+O82+Q82+U82+W82+Y82+AA82+AC82+AE82+H82+(S82*(59/193)) -> 141.82902 | AN82: =C82+E82+F82 -> 875
B83: =B82+1 -> 75 | C83: 0 | D83: =D82 -> 0 | E83: =E82 -> 525 | F83: =368-G83 -> 350 | G83: 18 | H83: 8.65 | I83: =(($I$4*($I$5/12))*325851)/(365*1440) -> 80.304975 | J83: 0 | K83: =((J83*($J$5/12))*325851)/(365*1440) -> 0 | L83: 0 | M83: =((L83*($N$5/12))*325851)/(365*1440) -> 0 | N83: 0 | O83: =((N83*($N$5/12))*325851)/(365*1440) -> 0 | P83: 0 | Q83: =((($P$7/12)*$P$4)*325851)/(365*1440) -> 3.3581169 | R83: 0 | S83: =((($R$7/12)*$R$4)*325851)/(365*1440) -> 2.492756 | T83: 0 | U83: =((($T$7/12)*$T$4)*325851)/(365*1440) -> 1.2825423 | V83: 0 | W83: =((($V$7/12)*$V$4)*325851)/(365*1440) -> 1.0306836 | X83: 0 | Y83: =((($X$7/12)*$X$4)*325851)/(365*1440) -> 3.4872753 | Z83: 50 | AA83: =AA82 -> 6.6129072 | AB83: 0 | AC83: =((($AB$7/12)*$AB$4)*325851)/(365*1440) -> 8.1240598 | AD83: =AD82 -> 0 | AE83: =((($AD$7/12)*$AD$4)*325851)/(365*1440) -> 10.216425 | AH83: UF/RO Treatment | AI83: =F83+I83+K83+AA83+AC83+Q83+M83+G83+H83 -> 475.05006 | AJ83: =O83+AE83+U83+W83+Y83+(S83*(59/193)) -> 16.77896 | AK83: =C83+E83 -> 525 | AL83: =(SUM($D$4:$AE$4)-$I$4)-(D83+L83+J83+N83+P83+R83+T83+V83+X83+Z83+AB83+AD83) -> 3969 | AM83: =G83+I83+K83+M83+O83+Q83+U83+W83+Y83+AA83+AC83+AE83+H83+(S83*(59/193)) -> 141.82902 | AN83: =C83+E83+F83 -> 875
B84: =B83+1 -> 76 | C84: 0 | D84: =D83 -> 0 | E84: =E83 -> 525 | F84: =368-G84 -> 350 | G84: 18 | H84: 8.65 | I84: =(($I$4*($I$5/12))*325851)/(365*1440) -> 80.304975 | J84: 0 | K84: =((J84*($J$5/12))*325851)/(365*1440) -> 0 | L84: 0 | M84: =((L84*($N$5/12))*325851)/(365*1440) -> 0 | N84: 0 | O84: =((N84*($N$5/12))*325851)/(365*1440) -> 0 | P84: 0 | Q84: =((($P$7/12)*$P$4)*325851)/(365*1440) -> 3.3581169 | R84: 0 | S84: =((($R$7/12)*$R$4)*325851)/(365*1440) -> 2.492756 | T84: 0 | U84: =((($T$7/12)*$T$4)*325851)/(365*1440) -> 1.2825423 | V84: 0 | W84: =((($V$7/12)*$V$4)*325851)/(365*1440) -> 1.0306836 | X84: 0 | Y84: =((($X$7/12)*$X$4)*325851)/(365*1440) -> 3.4872753 | Z84: 50 | AA84: =AA83 -> 6.6129072 | AB84: 0 | AC84: =((($AB$7/12)*$AB$4)*325851)/(365*1440) -> 8.1240598 | AD84: =AD83 -> 0 | AE84: =((($AD$7/12)*$AD$4)*325851)/(365*1440) -> 10.216425 | AH84: UF/RO Treatment | AI84: =F84+I84+K84+AA84+AC84+Q84+M84+G84+H84 -> 475.05006 | AJ84: =O84+AE84+U84+W84+Y84+(S84*(59/193)) -> 16.77896 | AK84: =C84+E84 -> 525 | AL84: =(SUM($D$4:$AE$4)-$I$4)-(D84+L84+J84+N84+P84+R84+T84+V84+X84+Z84+AB84+AD84) -> 3969 | AM84: =G84+I84+K84+M84+O84+Q84+U84+W84+Y84+AA84+AC84+AE84+H84+(S84*(59/193)) -> 141.82902 | AN84: =C84+E84+F84 -> 875
... B108: =B107+1 -> 100 | C108: 0 | D108: =D107 -> 0 | E108: =E107 -> 525 | F108: =368-G108 -> 350 | G108: 18 | H108: 8.65 | I108: =(($I$4*($I$5/12))*325851)/(365*1440) -> 80.304975 | J108: 0 | K108: =((J108*($J$5/12))*325851)/(365*1440) -> 0 | L108: 0 | M108: =((L108*($N$5/12))*325851)/(365*1440) -> 0 | N108: 0 | O108: =((N108*($N$5/12))*325851)/(365*1440) -> 0 | P108: 0 | Q108: =((($P$7/12)*$P$4)*325851)/(365*1440) -> 3.3581169 | R108: 0 | S108: =((($R$7/12)*$R$4)*325851)/(365*1440) -> 2.492756 | T108: 0 | U108: =((($T$7/12)*$T$4)*325851)/(365*1440) -> 1.2825423 | V108: 0 | W108: =((($V$7/12)*$V$4)*325851)/(365*1440) -> 1.0306836 | X108: 0 | Y108: =((($X$7/12)*$X$4)*325851)/(365*1440) -> 3.4872753 | Z108: 50 | AA108: =AA107 -> 6.6129072 | AB108: 0 | AC108: =((($AB$7/12)*$AB$4)*325851)/(365*1440) -> 8.1240598 | AD108: =AD107 -> 0 | AE108: =((($AD$7/12)*$AD$4)*325851)/(365*1440) -> 10.216425 | AH108: UF/RO Treatment | AI108: =F108+I108+K108+AA108+AC108+Q108+M108+G108+H108 -> 475.05006 | AJ108: =O108+AE108+U108+W108+Y108+(S108*(59/193)) -> 16.77896 | AK108: =C108+E108 -> 525 | AL108: =(SUM($D$4:$AE$4)-$I$4)-(D108+L108+J108+N108+P108+R108+T108+V108+X108+Z108+AB108+AD108) -> 3969 | AM108: =G108+I108+K108+M108+O108+Q108+U108+W108+Y108+AA108+AC108+AE108+H108+(S108*(59/193)) -> 141.82902 | AN108: =C108+E108+F108 -> 875
B109: Light Blue reflect the reclamation schedule
B110: Light Purple is the drawdown curve

Sheet Table 3 Water Quality
B2: Mine Area | C2: Source | D2: Sulfate | E2: Total Dissolved Solids | F2: Source
D3: (mg/L) | E3: (mg/L) | F3: Data
B4: SMA Flows | C4: Continental Mine | D4: 1450 | E4: 2186 | F4: 2023 sampling, average of 9 wells and pond
C5: Tailings Pond 7 Interceptor Wells | D5: 1450 | E5: 2186 | F5: 2023 sampling, average of 9 wells and pond
B6: NMA Facilities | C6: Ivanhoe Concentrator Runoff | D6: 1600 | E6: 2400 | F6: Estimated based of gypsum equilibrium
C7: Chino Main Office Buildings Runoff | D7: 1600 | E7: 2400 | F7: Estimated based of gypsum equilibrium
C8: SX/EW Runoff | D8: 1600 | E8: 2400 | F8: Estimated based of gypsum equilibrium
B9: NMA Interceptor Wells and Pit | C9: Princess, Oswaldo, and Interceptor Wells | D9: 1571 | E9: 2402 | F9: 2006 and 2019 sampling respectively, average
C10: West Stockpile Interceptor Wells | D10: 1571 | E10: 2402 | F10: Used Princess and Oswaldo intercept water quality
C11: Kessel Interceptor Wells | D11: 50 | E11: 583 | F11: 2025 Sampling, Average of Wells located around Kessel Area
C12: Santa Rita Pit Groundwater Inflow | D12: 1571 | E12: 2402 | F12: Used Princess and Oswaldo intercept water quality
B13: =B9+1 -> #VALUE! | C13: Santa Rita Pit Runoff | D13: 34500 | E13: 47950 | F13: 2023 sampling, average of Res 2A and 4A
B14: NMA Waste Rock Stockpile Runoff | C14: West Side of West Stockpile Runoff | D14: 34500 | E14: 47950 | F14: 2023 sampling, average of Res 2A and 4A
C15: 3A Waste Rock Stockpile Runoff | D15: 34500 | E15: 47950 | F15: 2023 sampling, average of Res 2A and 4A
C16: Northeast Waste Rock Pile Runoff | D16: 34500 | E16: 47950 | F16: 2023 sampling, average of Res 2A and 4A
C17: Southwest Lampbright Waste Rock Pile Runoff | D17: 34500 | E17: 47950 | F17: 2023 sampling, average of Res 2A and 4A
C18: Kessel Stockpile Runoff | D18: 34500 | E18: 47950 | F18: 2023 sampling, average of Res 2A and 4A
B19: NMA Stockpile Seepage | C19: East Side of West Leach Stockpile Seepage | D19: 148000 | E19: 199667 | F19: 2023 sampling, average of 526 Raff and PLS tanks, and Res 8
C20: South Leach Stockpile Seepage | D20: 148000 | E20: 199667 | F20: 2023 sampling, average of 526 Raff and PLS tanks, and Res 8
C21: North, Main, and South Lampbright Leach Stockpile Seepage | D21: 148000 | E21: 199667 | F21: 2023 sampling, average of 526 Raff and PLS tanks, and Res 8

Sheet Table 4 Evaporation
B2: Yearly Evaporation (inches/year) | C2: 46.83 | D2: EOY 0 | E2: Year 1 | F2: Year 2 | G2: Year 3 | H2: Year 4 | I2: Year 5
B3: Location | C3: Max. Surface Area for Evaporation | D3: Starting Volumes | E3: Volumes Remaining After Year 1 | F3: Volumes Remaining After Year 2 | G3: Volumes Remaining After Year 3 | H3: Volumes Remaining After Year 4 | I3: Volumes Remaining After Year 5
C4: (acres) | D4: (gallons) | E4: (gallons) | F4: (gallons) | G4: (gallons) | H4: (gallons) | I4: (gallons)
B5: ='Table 1 Water Stored'!B4 -> East Pit | D5: ='Table 1 Water Stored'!C4 -> 740204439 | E5: 0 | F5: =E5 -> 0 | G5: =F5 -> 0 | H5: =G5 -> 0 | I5: =H5 -> 0
B6: ='Table 1 Water Stored'!B5 -> Estrella Pit | D6: ='Table 1 Water Stored'!C5 -> 363542840 | E6: 0 | F6: =E6 -> 0 | G6: =F6 -> 0 | H6: =G6 -> 0 | I6: =H6 -> 0
B7: ='Table 1 Water Stored'!B6 -> Lee Hill Pit | D7: ='Table 1 Water Stored'!C6 -> 0 | E7: 0 | F7: =E7 -> 0 | G7: =F7 -> 0 | H7: =G7 -> 0 | I7: =H7 -> 0
B8: ='Table 1 Water Stored'!B7 -> Reservoir 9 | D8: ='Table 1 Water Stored'!C7 -> 2737148 | E8: 0 | F8: =E8 -> 0 | G8: =F8 -> 0 | H8: =G8 -> 0 | I8: =H8 -> 0
B9: ='Table 1 Water Stored'!B8 -> Reservoir 4a (Overflow Pond) | D9: ='Table 1 Water Stored'!C8 -> 1368574 | E9: 0 | F9: =E9 -> 0 | G9: =F9 -> 0 | H9: =G9 -> 0 | I9: =H9 -> 0
B10: ='Table 1 Water Stored'!B9 -> Reservoir 2 (Overflow Pond) | D10: ='Table 1 Water Stored'!C9 -> 684287 | E10: 0 | F10: =E10 -> 0 | G10: =F10 -> 0 | H10: =G10 -> 0 | I10: =H10 -> 0
B11: ='Table 1 Water Stored'!B10 -> Reservoir 17 | D11: ='Table 1 Water Stored'!C10 -> 9149896 | E11: 0 | F11: =E11 -> 0 | G11: =F11 -> 0 | H11: =G11 -> 0 | I11: =H11 -> 0
B12: ='Table 1 Water Stored'!B11 -> Fleming Pond 2 | D12: ='Table 1 Water Stored'!C11 -> 5040000 | E12: 0 | F12: =E12 -> 0 | G12: =F12 -> 0 | H12: =G12 -> 0 | I12: =H12 -> 0
B13: ='Table 1 Water Stored'!B12 -> Frog Pond | D13: ='Table 1 Water Stored'!C12 -> 1500000 | E13: 0 | F13: =E13 -> 0 | G13: =F13 -> 0 | H13: =G13 -> 0 | I13: =H13 -> 0
B14: ='Table 1 Water Stored'!B13 -> PLS Tank at Ivanhoe Concentrator | D14: ='Table 1 Water Stored'!C13 -> 300000 | E14: 0 | F14: =E14 -> 0 | G14: =F14 -> 0 | H14: =G14 -> 0 | I14: =H14 -> 0
B15: ='Table 1 Water Stored'!B14 -> 5900 PLS Sump | D15: ='Table 1 Water Stored'!C14 -> 299131 | E15: 0 | F15: =E15 -> 0 | G15: =F15 -> 0 | H15: =G15 -> 0 | I15: =H15 -> 0
B16: ='Table 1 Water Stored'!B15 -> Lee Hill Sump #1 | D16: ='Table 1 Water Stored'!C15 -> 60000 | E16: 0 | F16: =E16 -> 0 | G16: =F16 -> 0 | H16: =G16 -> 0 | I16: =H16 -> 0
... B21: ='Table 1 Water Stored'!B20 -> Reservoir 6 | D21: ='Table 1 Water Stored'!C20 -> 54580043 | E21: 0 | F21: =E21 -> 0 | G21: =F21 -> 0 | H21: =G21 -> 0 | I21: =H21 -> 0
B22: ='Table 1 Water Stored'!B21 -> Reservoir 7 | D22: ='Table 1 Water Stored'!C21 -> 63201939 | E22: =D22-E45 -> 3000954.4 | F22: 0 | G22: =F22 -> 0 | H22: 0 | I22: 0
B23: ='Table 1 Water Stored'!B22 -> Reservoir 8 | D23: ='Table 1 Water Stored'!C22 -> 1955106 | E23: =D23 -> 1955106 | F23: 0 | G23: =F23 -> 0 | H23: 0 | I23: 0
B24: ='Table 1 Water Stored'!B23 -> SX/EW PLS Feed Pond | D24: ='Table 1 Water Stored'!C23 -> 1260000 | E24: =D24 -> 1260000 | F24: 0 | G24: =F24 -> 0 | H24: 0 | I24: 0
B25: ='Table 1 Water Stored'!B24 -> SX/EW Raffinate Pond | D25: ='Table 1 Water Stored'!C24 -> 1824765.6 | E25: =D25 -> 1824765.6 | F25: 0 | G25: =F25 -> 0 | H25: 0 | I25: 0
B26: ='Table 1 Water Stored'!B25 -> SX/EW Raffinate Tank | D26: ='Table 1 Water Stored'!C25 -> 900000 | E26: =D26 -> 900000 | F26: 0 | G26: =F26 -> 0 | H26: 0 | I26: 0
B27: ='Table 1 Water Stored'!B26 -> East Headwall Impoundment | D27: ='Table 1 Water Stored'!C26 -> 273714.84 | E27: =D27 -> 273714.84 | F27: 0 | G27: =F27 -> 0 | H27: 0 | I27: 0
B28: ='Table 1 Water Stored'!B27 -> East Lampbright Sumps | D28: ='Table 1 Water Stored'!C27 -> 1200000 | E28: =D28 -> 1200000 | F28: 0 | G28: =F28 -> 0 | H28: 0 | I28: 0
B29: ='Table 1 Water Stored'!B28 -> LFES SS PLS Tank | D29: ='Table 1 Water Stored'!C28 -> 185923 | E29: =D29 -> 185923 | F29: 0 | G29: =F29 -> 0 | H29: 0 | I29: 0
B30: ='Table 1 Water Stored'!B29 -> Lampbright Stockpile | D30: ='Table 1 Water Stored'!C29 -> 350600000 | E30: =D30 -> 350600000 | F30: 0 | G30: =F30 -> 0 | H30: 0 | I30: 0
B31: Evaporation Stockpiles (South and Lampbright Stockpiles) | C31: 1414
B33: Total | C33: =C31 -> 1414 | D33: =SUM(D5:D31) -> 1.7284615e+09 | E33: =SUM(E5:E31) -> 3.6120046e+08 | F33: =SUM(F5:F31) -> 0 | G33: =SUM(G5:G31) -> 0 | H33: =SUM(H5:H31) -> 0 | I33: =SUM(I5:I31) -> 0
B34: Volume Added From Stormwater and Interceptor Pits/Wells | E34: =('Table 2 StormwaterGroundwater'!AJ9+'Table 2 StormwaterGroundwater'!AI9)*1440*365 -> 4.3082876e+08 | F34: =('Table 2 StormwaterGroundwater'!AJ10+'Table 2 StormwaterGroundwater'!AI10)*1440*365 -> 4.1692578e+08 | G34: =('Table 2 StormwaterGroundwater'!AJ11+'Table 2 StormwaterGroundwater'!AI11)*1440*365 -> 4.030228e+08 | H34: =('Table 2 StormwaterGroundwater'!AJ12+'Table 2 StormwaterGroundwater'!AI12)*1440*365 -> 3.8911983e+08 | I34: =('Table 2 StormwaterGroundwater'!AJ13+'Table 2 StormwaterGroundwater'!AI13)*1440*365 -> 3.7521685e+08
B35: Stockpile Acreage Modifier | E35: 1 | F35: 0.4327516 | G35: 0.22413942 | H35: 0.21640734 | I35: 0.20867526
B36: Evaporation Potential in Stockpiles w/ Acreage Modifier | E36: =((($C$2/12)*$C$31*325851*E35)) -> 1.7980898e+09 | F36: =((($C$2/12)*$C$31*325851*F35)) -> 7.7812624e+08 | G36: =((($C$2/12)*$C$31*325851*G35)) -> 403022803 | H36: =((($C$2/12)*$C$31*325851*H35)) -> 389119827 | I36: =((($C$2/12)*$C$31*325851*I35)) -> 3.7521685e+08
B37: Tailings Pond 7 | C37: 1169 | D37: ='Table 1 Water Stored'!C34 -> 1.6149176e+08 | E37: 0 | F37: 0 | G37: 0 | H37: 0 | I37: 0
B38: Volume Added From Continental Mine & Tailings 7 Interceptor Wells | E38: =('Table 2 StormwaterGroundwater'!C9+'Table 2 StormwaterGroundwater'!E9)*1440*365 -> 8.0391971e+08 | F38: =('Table 2 StormwaterGroundwater'!C10+'Table 2 StormwaterGroundwater'!E10)*1440*365 -> 7.6707059e+08 | G38: =('Table 2 StormwaterGroundwater'!C11+'Table 2 StormwaterGroundwater'!E11)*1440*365 -> 7.3215596e+08 | H38: =('Table 2 StormwaterGroundwater'!C12+'Table 2 StormwaterGroundwater'!E12)*1440*365 -> 6.9659281e+08 | I38: =('Table 2 StormwaterGroundwater'!C13+'Table 2 StormwaterGroundwater'!E13)*1440*365 -> 6.5996758e+08
B39: Pond 7 Acreage Modifier | E39: 0.64943542 | F39: 0.42660305 | G39: 0.40718542 | H39: 0.38740713 | I39: 0.36703816
B40: Evaporation Potential on Tailings Pond 7 with Acreage Modifier | E40: =((($C$2/12)*$C$37*325851*E39)) -> 9.6541146e+08 | F40: =((($C$2/12)*$C$31*325851*F39)) -> 7.6707059e+08 | G40: =((($C$2/12)*$C$31*325851*G39)) -> 7.3215596e+08 | H40: =((($C$2/12)*$C$31*325851*H39)) -> 6.9659281e+08 | I40: =((($C$2/12)*$C$31*325851*I39)) -> 6.5996758e+08
E45: 60200985

Sheet Table 5 Flows to Evap & WTP
C2: North Mine Area | L2: South Mine Area
C3: Evaporation System Water Loss | G3: Interceptor Wells, Runoff and Seepage Flow Rates | K3: Water Treatment Plant Influent | L3: Evaporation Water Loss | M3: Interceptor Wells and Continental Mine Flow Rates
C4: Stockpile Evaporation System Water Loss | D4: Interceptor Wells, Run-off, and Seepage Included in Stockpile Evaporation System Water Loss | E4: Santa Rita Pit Enhanced Evaporation System Water Loss (wtih Brine/Backwash) | F4: Santa Rita Pit Sprayers Required (Ave/yr) | G4: NMA Interceptor Wells Flows (Lampbright, Princess Shaft, Oswaldo Shaft, 6 other Wells TBD) | H4: Pit and Facilities Runoff Existing Groundwater Interceptors | I4: Waste Rock Piles Runoff/Seepage | J4: Leach Stockpile Runoff/Seepage | K4: Treatment System Flow Rate | L4: Tailings Pond 7 Evaporation Water Loss | M4: Tailing Pond 7 Interceptor Well Flows | N4: Continental Mine Flows
B5: Year | C5: (gpm) | D5: (gpm) | E5: (gpm) | F5: (unit) | G5: (gpm) | H5: (gpm) | I5: (gpm) | J5: (gpm) | K5: (gpm) | L5: (gpm) | M5: (gpm) | N5: (gpm)
B6: 1 | C6: =(('Table 4 Evaporation'!D33-'Table 4 Evaporation'!E33)+'Table 4 Evaporation'!E34)/(365*1440) -> 3421.0232 | D6: =SUM(G6:J6) -> 819.68941 | E6: - | F6: - | G6: ='Table 2 StormwaterGroundwater'!F9 -> 350 | H6: ='Table 2 StormwaterGroundwater'!G9+'Table 2 StormwaterGroundwater'!H9+'Table 2 StormwaterGroundwater'!I9+'Table 2 StormwaterGroundwater'!K9+'Table 2 StormwaterGroundwater'!M9+'Table 2 StormwaterGroundwater'!O9 -> 159.13407 | I6: =SUM('Table 2 StormwaterGroundwater'!Q9,'Table 2 StormwaterGroundwater'!U9,'Table 2 StormwaterGroundwater'!W9,'Table 2 StormwaterGroundwater'!Y9,('Table 2 StormwaterGroundwater'!S9*(59/193))) -> 101.58748 | J6: =SUM('Table 2 StormwaterGroundwater'!AA9,'Table 2 StormwaterGroundwater'!AC9,'Table 2 StormwaterGroundwater'!AE9) -> 208.96787 | K6: - | L6: =('Table 4 Evaporation'!D37+'Table 4 Evaporation'!E38)/(365*1440) -> 1836.7798 | M6: ='Table 2 StormwaterGroundwater'!E9 -> 1410 | N6: ='Table 2 StormwaterGroundwater'!C9 -> 119.5276 | Q6: 97 gpm in 16 hours | R6: =97*60*16 -> 93120 | S6: =U11/R6 -> 8.6202618
B7: =B6+1 -> 2 | C7: =('Table 4 Evaporation'!E33+'Table 4 Evaporation'!F34)/(365*1440) -> 1480.4533 | D7: =SUM(G7:J7) -> 793.23778 | E7: - | F7: - | G7: ='Table 2 StormwaterGroundwater'!F10 -> 350 | H7: ='Table 2 StormwaterGroundwater'!G10+'Table 2 StormwaterGroundwater'!H10+'Table 2 StormwaterGroundwater'!I10+'Table 2 StormwaterGroundwater'!K10+'Table 2 StormwaterGroundwater'!M10+'Table 2 StormwaterGroundwater'!O10 -> 159.13407 | I7: =SUM('Table 2 StormwaterGroundwater'!Q10,'Table 2 StormwaterGroundwater'!U10,'Table 2 StormwaterGroundwater'!W10,'Table 2 StormwaterGroundwater'!Y10,('Table 2 StormwaterGroundwater'!S10*(59/193))) -> 88.361665 | J7: =SUM('Table 2 StormwaterGroundwater'!AA10,'Table 2 StormwaterGroundwater'!AC10,'Table 2 StormwaterGroundwater'!AE10) -> 195.74205 | K7: - | L7: =M7+N7 -> 1459.4189 | M7: ='Table 2 StormwaterGroundwater'!E10 -> 1339.5 | N7: ='Table 2 StormwaterGroundwater'!C10 -> 119.91894 | Q7: 53 gpm in 16 hours | R7: =53*60*16 -> 50880 | S7: =U11/R7 -> 15.776706
B8: =B7+1 -> 3 | C8: =('Table 4 Evaporation'!F33+'Table 4 Evaporation'!G34)/(365*1440) -> 766.78616 | D8: =SUM(G8:J8) -> 766.78616 | E8: - | F8: - | G8: ='Table 2 StormwaterGroundwater'!F11 -> 350 | H8: ='Table 2 StormwaterGroundwater'!G11+'Table 2 StormwaterGroundwater'!H11+'Table 2 StormwaterGroundwater'!I11+'Table 2 StormwaterGroundwater'!K11+'Table 2 StormwaterGroundwater'!M11+'Table 2 StormwaterGroundwater'!O11 -> 159.13407 | I8: =SUM('Table 2 StormwaterGroundwater'!Q11,'Table 2 StormwaterGroundwater'!U11,'Table 2 StormwaterGroundwater'!W11,'Table 2 StormwaterGroundwater'!Y11,('Table 2 StormwaterGroundwater'!S11*(59/193))) -> 88.361665 | J8: =SUM('Table 2 StormwaterGroundwater'!AA11,'Table 2 StormwaterGroundwater'!AC11,'Table 2 StormwaterGroundwater'!AE11) -> 169.29042 | K8: - | L8: =M8+N8 -> 1392.9908 | M8: ='Table 2 StormwaterGroundwater'!E11 -> 1272.525 | N8: ='Table 2 StormwaterGroundwater'!C11 -> 120.46579 | R8: 74
B9: =B8+1 -> 4 | C9: =('Table 4 Evaporation'!G33+'Table 4 Evaporation'!H34)/(365*1440) -> 740.33453 | D9: =SUM(G9:J9) -> 740.33453 | E9: - | F9: - | G9: ='Table 2 StormwaterGroundwater'!F12 -> 350 | H9: ='Table 2 StormwaterGroundwater'!G12+'Table 2 StormwaterGroundwater'!H12+'Table 2 StormwaterGroundwater'!I12+'Table 2 StormwaterGroundwater'!K12+'Table 2 StormwaterGroundwater'!M12+'Table 2 StormwaterGroundwater'!O12 -> 159.13407 | I9: =SUM('Table 2 StormwaterGroundwater'!Q12,'Table 2 StormwaterGroundwater'!U12,'Table 2 StormwaterGroundwater'!W12,'Table 2 StormwaterGroundwater'!Y12,('Table 2 StormwaterGroundwater'!S12*(59/193))) -> 88.361665 | J9: =SUM('Table 2 StormwaterGroundwater'!AA12,'Table 2 StormwaterGroundwater'!AC12,'Table 2 StormwaterGroundwater'!AE12) -> 142.83879 | K9: - | L9: =M9+N9 -> 1325.3288 | M9: ='Table 2 StormwaterGroundwater'!E12 -> 1208.8987 | N9: ='Table 2 StormwaterGroundwater'!C12 -> 116.43004 | R9: Average 74 gpm for 12 months running for 16 hours per day
B10: =B9+1 -> 5 | C10: =('Table 4 Evaporation'!H33+'Table 4 Evaporation'!I34)/(365*1440) -> 713.8829 | D10: =SUM(G10:J10) -> 713.8829 | E10: - | F10: - | G10: ='Table 2 StormwaterGroundwater'!F13 -> 350 | H10: ='Table 2 StormwaterGroundwater'!G13+'Table 2 StormwaterGroundwater'!H13+'Table 2 StormwaterGroundwater'!I13+'Table 2 StormwaterGroundwater'!K13+'Table 2 StormwaterGroundwater'!M13+'Table 2 StormwaterGroundwater'!O13 -> 159.13407 | I10: =SUM('Table 2 StormwaterGroundwater'!Q13,'Table 2 StormwaterGroundwater'!U13,'Table 2 StormwaterGroundwater'!W13,'Table 2 StormwaterGroundwater'!Y13,('Table 2 StormwaterGroundwater'!S13*(59/193))) -> 88.361665 | J10: =SUM('Table 2 StormwaterGroundwater'!AA13,'Table 2 StormwaterGroundwater'!AC13,'Table 2 StormwaterGroundwater'!AE13) -> 116.38717 | K10: - | L10: =M10+N10 -> 1255.6461 | M10: ='Table 2 StormwaterGroundwater'!E13 -> 1148.4538 | N10: ='Table 2 StormwaterGroundwater'!C13 -> 107.19226 | R10: Sprayer evap per unit (gpd) | S10: Sprayer evap per unit (gpm) in 16 hrs | T10: Number of units Required | U10: Total amount to evaporate per day
B11: =B10+1 -> 6 | C11: - | D11: - | E11: ='Table 2 StormwaterGroundwater'!AM14+'Table 6 WTP Flow Balance'!H5+'Table 6 WTP Flow Balance'!$U$8 -> 557.4436 | F11: =(E11*1440)/(74*60*16) -> 11.299532 | G11: ='Table 2 StormwaterGroundwater'!F14 -> 350 | H11: ='Table 2 StormwaterGroundwater'!G14+'Table 2 StormwaterGroundwater'!H14+'Table 2 StormwaterGroundwater'!I14+'Table 2 StormwaterGroundwater'!K14+'Table 2 StormwaterGroundwater'!M14+'Table 2 StormwaterGroundwater'!O14 -> 159.13407 | I11: =SUM('Table 2 StormwaterGroundwater'!Q14,'Table 2 StormwaterGroundwater'!U14,'Table 2 StormwaterGroundwater'!W14,'Table 2 StormwaterGroundwater'!Y14,('Table 2 StormwaterGroundwater'!S14*(59/193))) -> 88.361665 | J11: =SUM('Table 2 StormwaterGroundwater'!AA14,'Table 2 StormwaterGroundwater'!AC14,'Table 2 StormwaterGroundwater'!AE14) -> 89.935537 | K11: =G11+M11+N11 -> 1539.3187 | L11: - | M11: ='Table 2 StormwaterGroundwater'!E14 -> 1091.0311 | N11: ='Table 2 StormwaterGroundwater'!C14 -> 98.287569 | R11: =$R$8*60*16 -> 71040 | S11: =T11*74 -> 836.1654 | T11: =U11/R11 -> 11.299532 | U11: =E11*1440 -> 802718.78
B12: =B11+1 -> 7 | C12: - | D12: - | E12: ='Table 2 StormwaterGroundwater'!AM15+'Table 6 WTP Flow Balance'!H6+'Table 6 WTP Flow Balance'!$U$8 -> 532.20839 | F12: =(E12*1440)/(74*60*16) -> 10.788008 | G12: ='Table 2 StormwaterGroundwater'!F15 -> 350 | H12: ='Table 2 StormwaterGroundwater'!G15+'Table 2 StormwaterGroundwater'!H15+'Table 2 StormwaterGroundwater'!I15+'Table 2 StormwaterGroundwater'!K15+'Table 2 StormwaterGroundwater'!M15+'Table 2 StormwaterGroundwater'!O15 -> 159.13407 | I12: =SUM('Table 2 StormwaterGroundwater'!Q15,'Table 2 StormwaterGroundwater'!U15,'Table 2 StormwaterGroundwater'!W15,'Table 2 StormwaterGroundwater'!Y15,('Table 2 StormwaterGroundwater'!S15*(59/193))) -> 88.361665 | J12: =SUM('Table 2 StormwaterGroundwater'!AA15,'Table 2 StormwaterGroundwater'!AC15,'Table 2 StormwaterGroundwater'!AE15) -> 73.700334 | K12: =G12+M12+N12 -> 1476.7267 | L12: - | M12: ='Table 2 StormwaterGroundwater'!E15 -> 1036.4796 | N12: ='Table 2 StormwaterGroundwater'!C15 -> 90.247162 | R12: =$R$8*60*16 -> 71040 | S12: =T12*74 -> 798.31259 | T12: =U12/R12 -> 10.788008 | U12: =E12*1440 -> 766380.09
B13: =B12+1 -> 8 | C13: - | D13: - | E13: ='Table 2 StormwaterGroundwater'!AM16+'Table 6 WTP Flow Balance'!H7+'Table 6 WTP Flow Balance'!$U$8 -> 497.55677 | F13: =(E13*1440)/(74*60*16) -> 10.08561 | G13: ='Table 2 StormwaterGroundwater'!F16 -> 350 | H13: ='Table 2 StormwaterGroundwater'!G16+'Table 2 StormwaterGroundwater'!H16+'Table 2 StormwaterGroundwater'!I16+'Table 2 StormwaterGroundwater'!K16+'Table 2 StormwaterGroundwater'!M16+'Table 2 StormwaterGroundwater'!O16 -> 159.13407 | I13: =SUM('Table 2 StormwaterGroundwater'!Q16,'Table 2 StormwaterGroundwater'!U16,'Table 2 StormwaterGroundwater'!W16,'Table 2 StormwaterGroundwater'!Y16,('Table 2 StormwaterGroundwater'!S16*(59/193))) -> 88.361665 | J13: =SUM('Table 2 StormwaterGroundwater'!AA16,'Table 2 StormwaterGroundwater'!AC16,'Table 2 StormwaterGroundwater'!AE16) -> 47.248705 | K13: =G13+M13+N13 -> 1417.8597 | L13: - | M13: ='Table 2 StormwaterGroundwater'!E16 -> 984.65559 | N13: ='Table 2 StormwaterGroundwater'!C16 -> 83.204069 | R13: =$R$8*60*16 -> 71040 | S13: =T13*74 -> 746.33515 | T13: =U13/R13 -> 10.08561 | U13: =E13*1440 -> 716481.74
B14: =B13+1 -> 9 | C14: - | D14: - | E14: ='Table 2 StormwaterGroundwater'!AM17+'Table 6 WTP Flow Balance'!H8+'Table 6 WTP Flow Balance'!$U$8 -> 463.20514 | F14: =(E14*1440)/(74*60*16) -> 9.3892933 | G14: ='Table 2 StormwaterGroundwater'!F17 -> 350 | H14: ='Table 2 StormwaterGroundwater'!G17+'Table 2 StormwaterGroundwater'!H17+'Table 2 StormwaterGroundwater'!I17+'Table 2 StormwaterGroundwater'!K17+'Table 2 StormwaterGroundwater'!M17+'Table 2 StormwaterGroundwater'!O17 -> 159.13407 | I14: =SUM('Table 2 StormwaterGroundwater'!Q17,'Table 2 StormwaterGroundwater'!U17,'Table 2 StormwaterGroundwater'!W17,'Table 2 StormwaterGroundwater'!Y17,('Table 2 StormwaterGroundwater'!S17*(59/193))) -> 88.361665 | J14: =SUM('Table 2 StormwaterGroundwater'!AA17,'Table 2 StormwaterGroundwater'!AC17,'Table 2 StormwaterGroundwater'!AE17) -> 20.797076 | K14: =G14+M14+N14 -> 1362.5543 | L14: - | M14: ='Table 2 StormwaterGroundwater'!E17 -> 935.42281 | N14: ='Table 2 StormwaterGroundwater'!C17 -> 77.131492 | R14: =$R$8*60*16 -> 71040 | S14: =T14*74 -> 694.80771 | T14: =U14/R14 -> 9.3892933 | U14: =E14*1440 -> 667015.4
B15: =B14+1 -> 10 | C15: - | D15: - | E15: ='Table 2 StormwaterGroundwater'!AM18+'Table 6 WTP Flow Balance'!H9+'Table 6 WTP Flow Balance'!$U$8 -> 441.06484 | F15: =(E15*1440)/(74*60*16) -> 8.9405036 | G15: ='Table 2 StormwaterGroundwater'!F18 -> 350 | H15: ='Table 2 StormwaterGroundwater'!G18+'Table 2 StormwaterGroundwater'!H18+'Table 2 StormwaterGroundwater'!I18+'Table 2 StormwaterGroundwater'!K18+'Table 2 StormwaterGroundwater'!M18+'Table 2 StormwaterGroundwater'!O18 -> 159.13407 | I15: =SUM('Table 2 StormwaterGroundwater'!Q18,'Table 2 StormwaterGroundwater'!U18,'Table 2 StormwaterGroundwater'!W18,'Table 2 StormwaterGroundwater'!Y18,('Table 2 StormwaterGroundwater'!S18*(59/193))) -> 69.365056 | J15: =SUM('Table 2 StormwaterGroundwater'!AA18,'Table 2 StormwaterGroundwater'!AC18,'Table 2 StormwaterGroundwater'!AE18) -> 24.953392 | K15: =G15+M15+N15 -> 1310.5817 | L15: - | M15: ='Table 2 StormwaterGroundwater'!E18 -> 888.65167 | N15: ='Table 2 StormwaterGroundwater'!C18 -> 71.930031 | R15: =$R$8*60*16 -> 71040 | S15: =T15*74 -> 661.59727 | T15: =U15/R15 -> 8.9405036 | U15: =E15*1440 -> 635133.38
B16: =B15+1 -> 11 | C16: - | D16: - | E16: ='Table 2 StormwaterGroundwater'!AM19+'Table 6 WTP Flow Balance'!H10+'Table 6 WTP Flow Balance'!$U$8 -> 411.84158 | F16: =(E16*1440)/(74*60*16) -> 8.3481401 | G16: ='Table 2 StormwaterGroundwater'!F19 -> 350 | H16: ='Table 2 StormwaterGroundwater'!G19+'Table 2 StormwaterGroundwater'!H19+'Table 2 StormwaterGroundwater'!I19+'Table 2 StormwaterGroundwater'!K19+'Table 2 StormwaterGroundwater'!M19+'Table 2 StormwaterGroundwater'!O19 -> 159.13407 | I16: =SUM('Table 2 StormwaterGroundwater'!Q19,'Table 2 StormwaterGroundwater'!U19,'Table 2 StormwaterGroundwater'!W19,'Table 2 StormwaterGroundwater'!Y19,('Table 2 StormwaterGroundwater'!S19*(59/193))) -> 47.141793 | J16: =SUM('Table 2 StormwaterGroundwater'!AA19,'Table 2 StormwaterGroundwater'!AC19,'Table 2 StormwaterGroundwater'!AE19) -> 24.953392 | K16: =G16+M16+N16 -> 1261.6873 | L16: - | M16: ='Table 2 StormwaterGroundwater'!E19 -> 844.21908 | N16: ='Table 2 StormwaterGroundwater'!C19 -> 67.468211 | R16: =$R$8*60*16 -> 71040 | S16: =T16*74 -> 617.76237 | T16: =U16/R16 -> 8.3481401 | U16: =E16*1440 -> 593051.88
B17: =B16+1 -> 12 | C17: - | D17: - | E17: ='Table 2 StormwaterGroundwater'!AM20+'Table 6 WTP Flow Balance'!H11+'Table 6 WTP Flow Balance'!$U$8 -> 395.44621 | F17: =(E17*1440)/(74*60*16) -> 8.0158016 | G17: ='Table 2 StormwaterGroundwater'!F20 -> 350 | H17: ='Table 2 StormwaterGroundwater'!G20+'Table 2 StormwaterGroundwater'!H20+'Table 2 StormwaterGroundwater'!I20+'Table 2 StormwaterGroundwater'!K20+'Table 2 StormwaterGroundwater'!M20+'Table 2 StormwaterGroundwater'!O20 -> 159.13407 | I17: =SUM('Table 2 StormwaterGroundwater'!Q20,'Table 2 StormwaterGroundwater'!U20,'Table 2 StormwaterGroundwater'!W20,'Table 2 StormwaterGroundwater'!Y20,('Table 2 StormwaterGroundwater'!S20*(59/193))) -> 37.246425 | J17: =SUM('Table 2 StormwaterGroundwater'!AA20,'Table 2 StormwaterGroundwater'!AC20,'Table 2 StormwaterGroundwater'!AE20) -> 24.953392 | K17: =G17+M17+N17 -> 1215.6322 | L17: - | M17: ='Table 2 StormwaterGroundwater'!E20 -> 802.00813 | N17: ='Table 2 StormwaterGroundwater'!C20 -> 63.624038 | R17: =$R$8*60*16 -> 71040 | S17: =T17*74 -> 593.16932 | T17: =U17/R17 -> 8.0158016 | U17: =E17*1440 -> 569442.55
B18: =B17+1 -> 13 | C18: - | D18: - | E18: ='Table 2 StormwaterGroundwater'!AM21+'Table 6 WTP Flow Balance'!H12+'Table 6 WTP Flow Balance'!$U$8 -> 362.89458 | F18: =(E18*1440)/(74*60*16) -> 7.3559713 | G18: ='Table 2 StormwaterGroundwater'!F21 -> 350 | H18: ='Table 2 StormwaterGroundwater'!G21+'Table 2 StormwaterGroundwater'!H21+'Table 2 StormwaterGroundwater'!I21+'Table 2 StormwaterGroundwater'!K21+'Table 2 StormwaterGroundwater'!M21+'Table 2 StormwaterGroundwater'!O21 -> 159.13407 | I18: =SUM('Table 2 StormwaterGroundwater'!Q21,'Table 2 StormwaterGroundwater'!U21,'Table 2 StormwaterGroundwater'!W21,'Table 2 StormwaterGroundwater'!Y21,('Table 2 StormwaterGroundwater'!S21*(59/193))) -> 10.794796 | J18: =SUM('Table 2 StormwaterGroundwater'!AA21,'Table 2 StormwaterGroundwater'!AC21,'Table 2 StormwaterGroundwater'!AE21) -> 24.953392 | K18: =G18+M18+N18 -> 1172.2066 | L18: - | M18: ='Table 2 StormwaterGroundwater'!E21 -> 761.90772 | N18: ='Table 2 StormwaterGroundwater'!C21 -> 60.298857 | R18: =$R$8*60*16 -> 71040 | S18: =T18*74 -> 544.34188 | T18: =U18/R18 -> 7.3559713 | U18: =E18*1440 -> 522568.2
B19: =B18+1 -> 14 | C19: - | D19: - | E19: ='Table 2 StormwaterGroundwater'!AM22+'Table 6 WTP Flow Balance'!H13+'Table 6 WTP Flow Balance'!$U$8 -> 323.51843 | F19: =(E19*1440)/(74*60*16) -> 6.5578059 | G19: ='Table 2 StormwaterGroundwater'!F22 -> 350 | H19: ='Table 2 StormwaterGroundwater'!G22+'Table 2 StormwaterGroundwater'!H22+'Table 2 StormwaterGroundwater'!I22+'Table 2 StormwaterGroundwater'!K22+'Table 2 StormwaterGroundwater'!M22+'Table 2 StormwaterGroundwater'!O22 -> 126.43205 | I19: =SUM('Table 2 StormwaterGroundwater'!Q22,'Table 2 StormwaterGroundwater'!U22,'Table 2 StormwaterGroundwater'!W22,'Table 2 StormwaterGroundwater'!Y22,('Table 2 StormwaterGroundwater'!S22*(59/193))) -> 9.9206523 | J19: =SUM('Table 2 StormwaterGroundwater'!AA22,'Table 2 StormwaterGroundwater'!AC22,'Table 2 StormwaterGroundwater'!AE22) -> 24.953392 | K19: =G19+M19+N19 -> 1131.2196 | L19: - | M19: ='Table 2 StormwaterGroundwater'!E22 -> 723.81234 | N19: ='Table 2 StormwaterGroundwater'!C22 -> 57.407247 | R19: =$R$8*60*16 -> 71040 | S19: =T19*74 -> 485.27764 | T19: =U19/R19 -> 6.5578059 | U19: =E19*1440 -> 465866.53
B20: =B19+1 -> 15 | C20: - | D20: - | E20: ='Table 2 StormwaterGroundwater'!AM23+'Table 6 WTP Flow Balance'!H14+'Table 6 WTP Flow Balance'!$U$8 -> 298.54135 | F20: =(E20*1440)/(74*60*16) -> 6.0515138 | G20: ='Table 2 StormwaterGroundwater'!F23 -> 350 | H20: ='Table 2 StormwaterGroundwater'!G23+'Table 2 StormwaterGroundwater'!H23+'Table 2 StormwaterGroundwater'!I23+'Table 2 StormwaterGroundwater'!K23+'Table 2 StormwaterGroundwater'!M23+'Table 2 StormwaterGroundwater'!O23 -> 106.95497 | I20: =SUM('Table 2 StormwaterGroundwater'!Q23,'Table 2 StormwaterGroundwater'!U23,'Table 2 StormwaterGroundwater'!W23,'Table 2 StormwaterGroundwater'!Y23,('Table 2 StormwaterGroundwater'!S23*(59/193))) -> 9.9206523 | J20: =SUM('Table 2 StormwaterGroundwater'!AA23,'Table 2 StormwaterGroundwater'!AC23,'Table 2 StormwaterGroundwater'!AE23) -> 24.953392 | K20: =G20+M20+N20 -> 1092.4845 | L20: - | M20: ='Table 2 StormwaterGroundwater'!E23 -> 687.62172 | N20: ='Table 2 StormwaterGroundwater'!C23 -> 54.862769 | R20: =$R$8*60*16 -> 71040 | S20: =T20*74 -> 447.81202 | T20: =U20/R20 -> 6.0515138 | U20: =E20*1440 -> 429899.54
B21: =B20+1 -> 16 | C21: - | D21: - | E21: ='Table 2 StormwaterGroundwater'!AM24+'Table 6 WTP Flow Balance'!H15+'Table 6 WTP Flow Balance'!$U$8 -> 293.34135 | F21: =(E21*1440)/(74*60*16) -> 5.9461084 | G21: ='Table 2 StormwaterGroundwater'!F24 -> 350 | H21: ='Table 2 StormwaterGroundwater'!G24+'Table 2 StormwaterGroundwater'!H24+'Table 2 StormwaterGroundwater'!I24+'Table 2 StormwaterGroundwater'!K24+'Table 2 StormwaterGroundwater'!M24+'Table 2 StormwaterGroundwater'!O24 -> 106.95497 | I21: =SUM('Table 2 StormwaterGroundwater'!Q24,'Table 2 StormwaterGroundwater'!U24,'Table 2 StormwaterGroundwater'!W24,'Table 2 StormwaterGroundwater'!Y24,('Table 2 StormwaterGroundwater'!S24*(59/193))) -> 9.9206523 | J21: =SUM('Table 2 StormwaterGroundwater'!AA24,'Table 2 StormwaterGroundwater'!AC24,'Table 2 StormwaterGroundwater'!AE24) -> 24.953392 | K21: =G21+M21+N21 -> 1055.8612 | L21: - | M21: ='Table 2 StormwaterGroundwater'!E24 -> 653.24063 | N21: ='Table 2 StormwaterGroundwater'!C24 -> 52.620527 | R21: =$R$8*60*16 -> 71040 | S21: =T21*74 -> 440.01202 | T21: =U21/R21 -> 5.9461084 | U21: =E21*1440 -> 422411.54
B22: =B21+1 -> 17 | C22: - | D22: - | E22: ='Table 2 StormwaterGroundwater'!AM25+'Table 6 WTP Flow Balance'!H16+'Table 6 WTP Flow Balance'!$U$8 -> 288.44135 | F22: =(E22*1440)/(74*60*16) -> 5.8467841 | G22: ='Table 2 StormwaterGroundwater'!F25 -> 350 | H22: ='Table 2 StormwaterGroundwater'!G25+'Table 2 StormwaterGroundwater'!H25+'Table 2 StormwaterGroundwater'!I25+'Table 2 StormwaterGroundwater'!K25+'Table 2 StormwaterGroundwater'!M25+'Table 2 StormwaterGroundwater'!O25 -> 106.95497 | I22: =SUM('Table 2 StormwaterGroundwater'!Q25,'Table 2 StormwaterGroundwater'!U25,'Table 2 StormwaterGroundwater'!W25,'Table 2 StormwaterGroundwater'!Y25,('Table 2 StormwaterGroundwater'!S25*(59/193))) -> 9.9206523 | J22: =SUM('Table 2 StormwaterGroundwater'!AA25,'Table 2 StormwaterGroundwater'!AC25,'Table 2 StormwaterGroundwater'!AE25) -> 24.953392 | K22: =G22+M22+N22 -> 1021.1903 | L22: - | M22: ='Table 2 StormwaterGroundwater'!E25 -> 620.5786 | N22: ='Table 2 StormwaterGroundwater'!C25 -> 50.611715 | R22: =$R$8*60*16 -> 71040 | S22: =T22*74 -> 432.66202 | T22: =U22/R22 -> 5.8467841 | U22: =E22*1440 -> 415355.54
... B36: =B35+1 -> 31 | C36: - | D36: - | E36: ='Table 2 StormwaterGroundwater'!AM39+'Table 6 WTP Flow Balance'!H30+'Table 6 WTP Flow Balance'!$U$8 -> 272.34135 | F36: =(E36*1440)/(74*60*16) -> 5.5204327 | G36: ='Table 2 StormwaterGroundwater'!F39 -> 350 | H36: ='Table 2 StormwaterGroundwater'!G39+'Table 2 StormwaterGroundwater'!H39+'Table 2 StormwaterGroundwater'!I39+'Table 2 StormwaterGroundwater'!K39+'Table 2 StormwaterGroundwater'!M39+'Table 2 StormwaterGroundwater'!O39 -> 106.95497 | I36: =SUM('Table 2 StormwaterGroundwater'!Q39,'Table 2 StormwaterGroundwater'!U39,'Table 2 StormwaterGroundwater'!W39,'Table 2 StormwaterGroundwater'!Y39,('Table 2 StormwaterGroundwater'!S39*(59/193))) -> 9.9206523 | J36: =SUM('Table 2 StormwaterGroundwater'!AA39,'Table 2 StormwaterGroundwater'!AC39,'Table 2 StormwaterGroundwater'!AE39) -> 24.953392 | K36: =G36+M36+N36 -> 907.3617 | L36: - | M36: ='Table 2 StormwaterGroundwater'!E39 -> 525 | N36: ='Table 2 StormwaterGroundwater'!C39 -> 32.361696 | R36: =$R$8*60*16 -> 71040 | S36: =T36*74 -> 408.51202 | T36: =U36/R36 -> 5.5204327 | U36: =E36*1440 -> 392171.54
B37: =B36+1 -> 32 | C37: - | D37: - | E37: ='Table 2 StormwaterGroundwater'!AM40+'Table 6 WTP Flow Balance'!H31+'Table 6 WTP Flow Balance'!$U$8 -> 272.14135 | F37: =(E37*1440)/(74*60*16) -> 5.5163787 | G37: ='Table 2 StormwaterGroundwater'!F40 -> 350 | H37: ='Table 2 StormwaterGroundwater'!G40+'Table 2 StormwaterGroundwater'!H40+'Table 2 StormwaterGroundwater'!I40+'Table 2 StormwaterGroundwater'!K40+'Table 2 StormwaterGroundwater'!M40+'Table 2 StormwaterGroundwater'!O40 -> 106.95497 | I37: =SUM('Table 2 StormwaterGroundwater'!Q40,'Table 2 StormwaterGroundwater'!U40,'Table 2 StormwaterGroundwater'!W40,'Table 2 StormwaterGroundwater'!Y40,('Table 2 StormwaterGroundwater'!S40*(59/193))) -> 9.9206523 | J37: =SUM('Table 2 StormwaterGroundwater'!AA40,'Table 2 StormwaterGroundwater'!AC40,'Table 2 StormwaterGroundwater'!AE40) -> 24.953392 | K37: =G37+M37+N37 -> 906.28632 | L37: - | M37: ='Table 2 StormwaterGroundwater'!E40 -> 525 | N37: ='Table 2 StormwaterGroundwater'!C40 -> 31.286323 | R37: =$R$8*60*16 -> 71040 | S37: =T37*74 -> 408.21202 | T37: =U37/R37 -> 5.5163787 | U37: =E37*1440 -> 391883.54 | W37: =SUM(#REF!) -> #REF!
B38: =B37+1 -> 33 | C38: - | D38: - | E38: ='Table 2 StormwaterGroundwater'!AM41+'Table 6 WTP Flow Balance'!H32+'Table 6 WTP Flow Balance'!$U$8 -> 272.04135 | F38: =(E38*1440)/(74*60*16) -> 5.5143516 | G38: ='Table 2 StormwaterGroundwater'!F41 -> 350 | H38: ='Table 2 StormwaterGroundwater'!G41+'Table 2 StormwaterGroundwater'!H41+'Table 2 StormwaterGroundwater'!I41+'Table 2 StormwaterGroundwater'!K41+'Table 2 StormwaterGroundwater'!M41+'Table 2 StormwaterGroundwater'!O41 -> 106.95497 | I38: =SUM('Table 2 StormwaterGroundwater'!Q41,'Table 2 StormwaterGroundwater'!U41,'Table 2 StormwaterGroundwater'!W41,'Table 2 StormwaterGroundwater'!Y41,('Table 2 StormwaterGroundwater'!S41*(59/193))) -> 9.9206523 | J38: =SUM('Table 2 StormwaterGroundwater'!AA41,'Table 2 StormwaterGroundwater'!AC41,'Table 2 StormwaterGroundwater'!AE41) -> 24.953392 | K38: =G38+M38+N38 -> 905.23502 | L38: - | M38: ='Table 2 StormwaterGroundwater'!E41 -> 525 | N38: ='Table 2 StormwaterGroundwater'!C41 -> 30.235022 | R38: =$R$8*60*16 -> 71040 | S38: =T38*74 -> 408.06202 | T38: =U38/R38 -> 5.5143516 | U38: =E38*1440 -> 391739.54 | W38: =W37*1440*365 -> #REF!
B39: =B38+1 -> 34 | C39: - | D39: - | E39: ='Table 2 StormwaterGroundwater'!AM42+'Table 6 WTP Flow Balance'!H33+'Table 6 WTP Flow Balance'!$U$8 -> 271.84135 | F39: =(E39*1440)/(74*60*16) -> 5.5102976 | G39: ='Table 2 StormwaterGroundwater'!F42 -> 350 | H39: ='Table 2 StormwaterGroundwater'!G42+'Table 2 StormwaterGroundwater'!H42+'Table 2 StormwaterGroundwater'!I42+'Table 2 StormwaterGroundwater'!K42+'Table 2 StormwaterGroundwater'!M42+'Table 2 StormwaterGroundwater'!O42 -> 106.95497 | I39: =SUM('Table 2 StormwaterGroundwater'!Q42,'Table 2 StormwaterGroundwater'!U42,'Table 2 StormwaterGroundwater'!W42,'Table 2 StormwaterGroundwater'!Y42,('Table 2 StormwaterGroundwater'!S42*(59/193))) -> 9.9206523 | J39: =SUM('Table 2 StormwaterGroundwater'!AA42,'Table 2 StormwaterGroundwater'!AC42,'Table 2 StormwaterGroundwater'!AE42) -> 24.953392 | K39: =G39+M39+N39 -> 904.21478 | L39: - | M39: ='Table 2 StormwaterGroundwater'!E42 -> 525 | N39: ='Table 2 StormwaterGroundwater'!C42 -> 29.214779 | R39: =$R$8*60*16 -> 71040 | S39: =T39*74 -> 407.76202 | T39: =U39/R39 -> 5.5102976 | U39: =E39*1440 -> 391451.54
B40: =B39+1 -> 35 | C40: - | D40: - | E40: ='Table 2 StormwaterGroundwater'!AM43+'Table 6 WTP Flow Balance'!H34+'Table 6 WTP Flow Balance'!$U$8 -> 271.74135 | F40: =(E40*1440)/(74*60*16) -> 5.5082706 | G40: ='Table 2 StormwaterGroundwater'!F43 -> 350 | H40: ='Table 2 StormwaterGroundwater'!G43+'Table 2 StormwaterGroundwater'!H43+'Table 2 StormwaterGroundwater'!I43+'Table 2 StormwaterGroundwater'!K43+'Table 2 StormwaterGroundwater'!M43+'Table 2 StormwaterGroundwater'!O43 -> 106.95497 | I40: =SUM('Table 2 StormwaterGroundwater'!Q43,'Table 2 StormwaterGroundwater'!U43,'Table 2 StormwaterGroundwater'!W43,'Table 2 StormwaterGroundwater'!Y43,('Table 2 StormwaterGroundwater'!S43*(59/193))) -> 9.9206523 | J40: =SUM('Table 2 StormwaterGroundwater'!AA43,'Table 2 StormwaterGroundwater'!AC43,'Table 2 StormwaterGroundwater'!AE43) -> 24.953392 | K40: =G40+M40+N40 -> 903.22885 | L40: - | M40: ='Table 2 StormwaterGroundwater'!E43 -> 525 | N40: ='Table 2 StormwaterGroundwater'!C43 -> 28.228853 | R40: =$R$8*60*16 -> 71040 | S40: =T40*74 -> 407.61202 | T40: =U40/R40 -> 5.5082706 | U40: =E40*1440 -> 391307.54
B41: =B40+1 -> 36 | C41: - | D41: - | E41: ='Table 2 StormwaterGroundwater'!AM44+'Table 6 WTP Flow Balance'!H35+'Table 6 WTP Flow Balance'!$U$8 -> 271.54135 | F41: =(E41*1440)/(74*60*16) -> 5.5042165 | G41: ='Table 2 StormwaterGroundwater'!F44 -> 350 | H41: ='Table 2 StormwaterGroundwater'!G44+'Table 2 StormwaterGroundwater'!H44+'Table 2 StormwaterGroundwater'!I44+'Table 2 StormwaterGroundwater'!K44+'Table 2 StormwaterGroundwater'!M44+'Table 2 StormwaterGroundwater'!O44 -> 106.95497 | I41: =SUM('Table 2 StormwaterGroundwater'!Q44,'Table 2 StormwaterGroundwater'!U44,'Table 2 StormwaterGroundwater'!W44,'Table 2 StormwaterGroundwater'!Y44,('Table 2 StormwaterGroundwater'!S44*(59/193))) -> 9.9206523 | J41: =SUM('Table 2 StormwaterGroundwater'!AA44,'Table 2 StormwaterGroundwater'!AC44,'Table 2 StormwaterGroundwater'!AE44) -> 24.953392 | K41: =G41+M41+N41 -> 902.25761 | L41: - | M41: ='Table 2 StormwaterGroundwater'!E44 -> 525 | N41: ='Table 2 StormwaterGroundwater'!C44 -> 27.257605 | R41: =$R$8*60*16 -> 71040 | S41: =T41*74 -> 407.31202 | T41: =U41/R41 -> 5.5042165 | U41: =E41*1440 -> 391019.54
B42: =B41+1 -> 37 | C42: - | D42: - | E42: ='Table 2 StormwaterGroundwater'!AM45+'Table 6 WTP Flow Balance'!H36+'Table 6 WTP Flow Balance'!$U$8 -> 271.44135 | F42: =(E42*1440)/(74*60*16) -> 5.5021895 | G42: ='Table 2 StormwaterGroundwater'!F45 -> 350 | H42: ='Table 2 StormwaterGroundwater'!G45+'Table 2 StormwaterGroundwater'!H45+'Table 2 StormwaterGroundwater'!I45+'Table 2 StormwaterGroundwater'!K45+'Table 2 StormwaterGroundwater'!M45+'Table 2 StormwaterGroundwater'!O45 -> 106.95497 | I42: =SUM('Table 2 StormwaterGroundwater'!Q45,'Table 2 StormwaterGroundwater'!U45,'Table 2 StormwaterGroundwater'!W45,'Table 2 StormwaterGroundwater'!Y45,('Table 2 StormwaterGroundwater'!S45*(59/193))) -> 9.9206523 | J42: =SUM('Table 2 StormwaterGroundwater'!AA45,'Table 2 StormwaterGroundwater'!AC45,'Table 2 StormwaterGroundwater'!AE45) -> 24.953392 | K42: =G42+M42+N42 -> 901.28613 | L42: - | M42: ='Table 2 StormwaterGroundwater'!E45 -> 525 | N42: ='Table 2 StormwaterGroundwater'!C45 -> 26.286126 | R42: =$R$8*60*16 -> 71040 | S42: =T42*74 -> 407.16202 | T42: =U42/R42 -> 5.5021895 | U42: =E42*1440 -> 390875.54
B43: =B42+1 -> 38 | C43: - | D43: - | E43: ='Table 2 StormwaterGroundwater'!AM46+'Table 6 WTP Flow Balance'!H37+'Table 6 WTP Flow Balance'!$U$8 -> 271.34135 | F43: =(E43*1440)/(74*60*16) -> 5.5001625 | G43: ='Table 2 StormwaterGroundwater'!F46 -> 350 | H43: ='Table 2 StormwaterGroundwater'!G46+'Table 2 StormwaterGroundwater'!H46+'Table 2 StormwaterGroundwater'!I46+'Table 2 StormwaterGroundwater'!K46+'Table 2 StormwaterGroundwater'!M46+'Table 2 StormwaterGroundwater'!O46 -> 106.95497 | I43: =SUM('Table 2 StormwaterGroundwater'!Q46,'Table 2 StormwaterGroundwater'!U46,'Table 2 StormwaterGroundwater'!W46,'Table 2 StormwaterGroundwater'!Y46,('Table 2 StormwaterGroundwater'!S46*(59/193))) -> 9.9206523 | J43: =SUM('Table 2 StormwaterGroundwater'!AA46,'Table 2 StormwaterGroundwater'!AC46,'Table 2 StormwaterGroundwater'!AE46) -> 24.953392 | K43: =G43+M43+N43 -> 900.31844 | L43: - | M43: ='Table 2 StormwaterGroundwater'!E46 -> 525 | N43: ='Table 2 StormwaterGroundwater'!C46 -> 25.318443 | R43: =$R$8*60*16 -> 71040 | S43: =T43*74 -> 407.01202 | T43: =U43/R43 -> 5.5001625 | U43: =E43*1440 -> 390731.54
B44: =B43+1 -> 39 | C44: - | D44: - | E44: ='Table 2 StormwaterGroundwater'!AM47+'Table 6 WTP Flow Balance'!H38+'Table 6 WTP Flow Balance'!$U$8 -> 271.14135 | F44: =(E44*1440)/(74*60*16) -> 5.4961084 | G44: ='Table 2 StormwaterGroundwater'!F47 -> 350 | H44: ='Table 2 StormwaterGroundwater'!G47+'Table 2 StormwaterGroundwater'!H47+'Table 2 StormwaterGroundwater'!I47+'Table 2 StormwaterGroundwater'!K47+'Table 2 StormwaterGroundwater'!M47+'Table 2 StormwaterGroundwater'!O47 -> 106.95497 | I44: =SUM('Table 2 StormwaterGroundwater'!Q47,'Table 2 StormwaterGroundwater'!U47,'Table 2 StormwaterGroundwater'!W47,'Table 2 StormwaterGroundwater'!Y47,('Table 2 StormwaterGroundwater'!S47*(59/193))) -> 9.9206523 | J44: =SUM('Table 2 StormwaterGroundwater'!AA47,'Table 2 StormwaterGroundwater'!AC47,'Table 2 StormwaterGroundwater'!AE47) -> 24.953392 | K44: =G44+M44+N44 -> 899.35643 | L44: - | M44: ='Table 2 StormwaterGroundwater'!E47 -> 525 | N44: ='Table 2 StormwaterGroundwater'!C47 -> 24.356425 | R44: =$R$8*60*16 -> 71040 | S44: =T44*74 -> 406.71202 | T44: =U44/R44 -> 5.4961084 | U44: =E44*1440 -> 390443.54
B45: =B44+1 -> 40 | C45: - | D45: - | E45: ='Table 2 StormwaterGroundwater'!AM48+'Table 6 WTP Flow Balance'!H39+'Table 6 WTP Flow Balance'!$U$8 -> 271.04135 | F45: =(E45*1440)/(74*60*16) -> 5.4940814 | G45: ='Table 2 StormwaterGroundwater'!F48 -> 350 | H45: ='Table 2 StormwaterGroundwater'!G48+'Table 2 StormwaterGroundwater'!H48+'Table 2 StormwaterGroundwater'!I48+'Table 2 StormwaterGroundwater'!K48+'Table 2 StormwaterGroundwater'!M48+'Table 2 StormwaterGroundwater'!O48 -> 106.95497 | I45: =SUM('Table 2 StormwaterGroundwater'!Q48,'Table 2 StormwaterGroundwater'!U48,'Table 2 StormwaterGroundwater'!W48,'Table 2 StormwaterGroundwater'!Y48,('Table 2 StormwaterGroundwater'!S48*(59/193))) -> 9.9206523 | J45: =SUM('Table 2 StormwaterGroundwater'!AA48,'Table 2 StormwaterGroundwater'!AC48,'Table 2 StormwaterGroundwater'!AE48) -> 24.953392 | K45: =G45+M45+N45 -> 898.40173 | L45: - | M45: ='Table 2 StormwaterGroundwater'!E48 -> 525 | N45: ='Table 2 StormwaterGroundwater'!C48 -> 23.401728 | R45: =$R$8*60*16 -> 71040 | S45: =T45*74 -> 406.56202 | T45: =U45/R45 -> 5.4940814 | U45: =E45*1440 -> 390299.54
B46: =B45+1 -> 41 | C46: - | D46: - | E46: ='Table 2 StormwaterGroundwater'!AM49+'Table 6 WTP Flow Balance'!H40+'Table 6 WTP Flow Balance'!$U$8 -> 270.94135 | F46: =(E46*1440)/(74*60*16) -> 5.4920543 | G46: ='Table 2 StormwaterGroundwater'!F49 -> 350 | H46: ='Table 2 StormwaterGroundwater'!G49+'Table 2 StormwaterGroundwater'!H49+'Table 2 StormwaterGroundwater'!I49+'Table 2 StormwaterGroundwater'!K49+'Table 2 StormwaterGroundwater'!M49+'Table 2 StormwaterGroundwater'!O49 -> 106.95497 | I46: =SUM('Table 2 StormwaterGroundwater'!Q49,'Table 2 StormwaterGroundwater'!U49,'Table 2 StormwaterGroundwater'!W49,'Table 2 StormwaterGroundwater'!Y49,('Table 2 StormwaterGroundwater'!S49*(59/193))) -> 9.9206523 | J46: =SUM('Table 2 StormwaterGroundwater'!AA49,'Table 2 StormwaterGroundwater'!AC49,'Table 2 StormwaterGroundwater'!AE49) -> 24.953392 | K46: =G46+M46+N46 -> 897.45828 | L46: - | M46: ='Table 2 StormwaterGroundwater'!E49 -> 525 | N46: ='Table 2 StormwaterGroundwater'!C49 -> 22.458281 | R46: =$R$8*60*16 -> 71040 | S46: =T46*74 -> 406.41202 | T46: =U46/R46 -> 5.4920543 | U46: =E46*1440 -> 390155.54
B47: =B46+1 -> 42 | C47: - | D47: - | E47: ='Table 2 StormwaterGroundwater'!AM50+'Table 6 WTP Flow Balance'!H41+'Table 6 WTP Flow Balance'!$U$8 -> 270.74135 | F47: =(E47*1440)/(74*60*16) -> 5.4880003 | G47: ='Table 2 StormwaterGroundwater'!F50 -> 350 | H47: ='Table 2 StormwaterGroundwater'!G50+'Table 2 StormwaterGroundwater'!H50+'Table 2 StormwaterGroundwater'!I50+'Table 2 StormwaterGroundwater'!K50+'Table 2 StormwaterGroundwater'!M50+'Table 2 StormwaterGroundwater'!O50 -> 106.95497 | I47: =SUM('Table 2 StormwaterGroundwater'!Q50,'Table 2 StormwaterGroundwater'!U50,'Table 2 StormwaterGroundwater'!W50,'Table 2 StormwaterGroundwater'!Y50,('Table 2 StormwaterGroundwater'!S50*(59/193))) -> 9.9206523 | J47: =SUM('Table 2 StormwaterGroundwater'!AA50,'Table 2 StormwaterGroundwater'!AC50,'Table 2 StormwaterGroundwater'!AE50) -> 24.953392 | K47: =G47+M47+N47 -> 896.52955 | L47: - | M47: ='Table 2 StormwaterGroundwater'!E50 -> 525 | N47: ='Table 2 StormwaterGroundwater'!C50 -> 21.529548 | R47: =$R$8*60*16 -> 71040 | S47: =T47*74 -> 406.11202 | T47: =U47/R47 -> 5.4880003 | U47: =E47*1440 -> 389867.54
B48: =B47+1 -> 43 | C48: - | D48: - | E48: ='Table 2 StormwaterGroundwater'!AM51+'Table 6 WTP Flow Balance'!H42+'Table 6 WTP Flow Balance'!$U$8 -> 270.64135 | F48: =(E48*1440)/(74*60*16) -> 5.4859733 | G48: ='Table 2 StormwaterGroundwater'!F51 -> 350 | H48: ='Table 2 StormwaterGroundwater'!G51+'Table 2 StormwaterGroundwater'!H51+'Table 2 StormwaterGroundwater'!I51+'Table 2 StormwaterGroundwater'!K51+'Table 2 StormwaterGroundwater'!M51+'Table 2 StormwaterGroundwater'!O51 -> 106.95497 | I48: =SUM('Table 2 StormwaterGroundwater'!Q51,'Table 2 StormwaterGroundwater'!U51,'Table 2 StormwaterGroundwater'!W51,'Table 2 StormwaterGroundwater'!Y51,('Table 2 StormwaterGroundwater'!S51*(59/193))) -> 9.9206523 | J48: =SUM('Table 2 StormwaterGroundwater'!AA51,'Table 2 StormwaterGroundwater'!AC51,'Table 2 StormwaterGroundwater'!AE51) -> 24.953392 | K48: =G48+M48+N48 -> 895.61596 | L48: - | M48: ='Table 2 StormwaterGroundwater'!E51 -> 525 | N48: ='Table 2 StormwaterGroundwater'!C51 -> 20.615956 | R48: =$R$8*60*16 -> 71040 | S48: =T48*74 -> 405.96202 | T48: =U48/R48 -> 5.4859733 | U48: =E48*1440 -> 389723.54
B49: =B48+1 -> 44 | C49: - | D49: - | E49: ='Table 2 StormwaterGroundwater'!AM52+'Table 6 WTP Flow Balance'!H43+'Table 6 WTP Flow Balance'!$U$8 -> 270.54135 | F49: =(E49*1440)/(74*60*16) -> 5.4839462 | G49: ='Table 2 StormwaterGroundwater'!F52 -> 350 | H49: ='Table 2 StormwaterGroundwater'!G52+'Table 2 StormwaterGroundwater'!H52+'Table 2 StormwaterGroundwater'!I52+'Table 2 StormwaterGroundwater'!K52+'Table 2 StormwaterGroundwater'!M52+'Table 2 StormwaterGroundwater'!O52 -> 106.95497 | I49: =SUM('Table 2 StormwaterGroundwater'!Q52,'Table 2 StormwaterGroundwater'!U52,'Table 2 StormwaterGroundwater'!W52,'Table 2 StormwaterGroundwater'!Y52,('Table 2 StormwaterGroundwater'!S52*(59/193))) -> 9.9206523 | J49: =SUM('Table 2 StormwaterGroundwater'!AA52,'Table 2 StormwaterGroundwater'!AC52,'Table 2 StormwaterGroundwater'!AE52) -> 24.953392 | K49: =G49+M49+N49 -> 894.71756 | L49: - | M49: ='Table 2 StormwaterGroundwater'!E52 -> 525 | N49: ='Table 2 StormwaterGroundwater'!C52 -> 19.717558 | R49: =$R$8*60*16 -> 71040 | S49: =T49*74 -> 405.81202 | T49: =U49/R49 -> 5.4839462 | U49: =E49*1440 -> 389579.54
B50: =B49+1 -> 45 | C50: - | D50: - | E50: ='Table 2 StormwaterGroundwater'!AM53+'Table 6 WTP Flow Balance'!H44+'Table 6 WTP Flow Balance'!$U$8 -> 270.34135 | F50: =(E50*1440)/(74*60*16) -> 5.4798922 | G50: ='Table 2 StormwaterGroundwater'!F53 -> 350 | H50: ='Table 2 StormwaterGroundwater'!G53+'Table 2 StormwaterGroundwater'!H53+'Table 2 StormwaterGroundwater'!I53+'Table 2 StormwaterGroundwater'!K53+'Table 2 StormwaterGroundwater'!M53+'Table 2 StormwaterGroundwater'!O53 -> 106.95497 | I50: =SUM('Table 2 StormwaterGroundwater'!Q53,'Table 2 StormwaterGroundwater'!U53,'Table 2 StormwaterGroundwater'!W53,'Table 2 StormwaterGroundwater'!Y53,('Table 2 StormwaterGroundwater'!S53*(59/193))) -> 9.9206523 | J50: =SUM('Table 2 StormwaterGroundwater'!AA53,'Table 2 StormwaterGroundwater'!AC53,'Table 2 StormwaterGroundwater'!AE53) -> 24.953392 | K50: =G50+M50+N50 -> 893.83642 | L50: - | M50: ='Table 2 StormwaterGroundwater'!E53 -> 525 | N50: ='Table 2 StormwaterGroundwater'!C53 -> 18.836424 | R50: =$R$8*60*16 -> 71040 | S50: =T50*74 -> 405.51202 | T50: =U50/R50 -> 5.4798922 | U50: =E50*1440 -> 389291.54
... B67: =B66+1 -> 62 | C67: - | D67: - | E67: ='Table 2 StormwaterGroundwater'!AM70+'Table 6 WTP Flow Balance'!H61+'Table 6 WTP Flow Balance'!$U$8 -> 268.04135 | F67: =(E67*1440)/(74*60*16) -> 5.4332706 | G67: ='Table 2 StormwaterGroundwater'!F70 -> 350 | H67: ='Table 2 StormwaterGroundwater'!G70+'Table 2 StormwaterGroundwater'!H70+'Table 2 StormwaterGroundwater'!I70+'Table 2 StormwaterGroundwater'!K70+'Table 2 StormwaterGroundwater'!M70+'Table 2 StormwaterGroundwater'!O70 -> 106.95497 | I67: =SUM('Table 2 StormwaterGroundwater'!Q70,'Table 2 StormwaterGroundwater'!U70,'Table 2 StormwaterGroundwater'!W70,'Table 2 StormwaterGroundwater'!Y70,('Table 2 StormwaterGroundwater'!S70*(59/193))) -> 9.9206523 | J67: =SUM('Table 2 StormwaterGroundwater'!AA70,'Table 2 StormwaterGroundwater'!AC70,'Table 2 StormwaterGroundwater'!AE70) -> 24.953392 | K67: =G67+M67+N67 -> 877.39721 | L67: - | M67: ='Table 2 StormwaterGroundwater'!E70 -> 525 | N67: ='Table 2 StormwaterGroundwater'!C70 -> 2.3972106 | R67: =$R$8*60*16 -> 71040 | S67: =T67*74 -> 402.06202 | T67: =U67/R67 -> 5.4332706 | U67: =E67*1440 -> 385979.54
B68: 63-100 | C68: - | D68: - | E68: ='Table 2 StormwaterGroundwater'!AM71+'Table 6 WTP Flow Balance'!H62+'Table 6 WTP Flow Balance'!$U$8 -> 267.74135 | F68: =(E68*1440)/(74*60*16) -> 5.4271895 | G68: ='Table 2 StormwaterGroundwater'!F71 -> 350 | H68: ='Table 2 StormwaterGroundwater'!G71+'Table 2 StormwaterGroundwater'!H71+'Table 2 StormwaterGroundwater'!I71+'Table 2 StormwaterGroundwater'!K71+'Table 2 StormwaterGroundwater'!M71+'Table 2 StormwaterGroundwater'!O71 -> 106.95497 | I68: =SUM('Table 2 StormwaterGroundwater'!Q71,'Table 2 StormwaterGroundwater'!U71,'Table 2 StormwaterGroundwater'!W71,'Table 2 StormwaterGroundwater'!Y71,('Table 2 StormwaterGroundwater'!S71*(59/193))) -> 9.9206523 | J68: =SUM('Table 2 StormwaterGroundwater'!AA71,'Table 2 StormwaterGroundwater'!AC71,'Table 2 StormwaterGroundwater'!AE71) -> 24.953392 | K68: =G68+M68+N68 -> 875 | L68: - | M68: ='Table 2 StormwaterGroundwater'!E71 -> 525 | N68: ='Table 2 StormwaterGroundwater'!C71 -> 0 | R68: =$R$8*60*16 -> 71040 | S68: =T68*74 -> 401.61202 | T68: =U68/R68 -> 5.4271895 | U68: =E68*1440 -> 385547.54
B69: =B67+2 -> 64 | C69: - | D69: - | E69: ='Table 2 StormwaterGroundwater'!AM72+'Table 6 WTP Flow Balance'!H63+'Table 6 WTP Flow Balance'!$U$8 -> 267.74135 | F69: =(E69*1440)/(74*60*16) -> 5.4271895 | G69: ='Table 2 StormwaterGroundwater'!F72 -> 350 | H69: ='Table 2 StormwaterGroundwater'!G72+'Table 2 StormwaterGroundwater'!H72+'Table 2 StormwaterGroundwater'!I72+'Table 2 StormwaterGroundwater'!K72+'Table 2 StormwaterGroundwater'!M72+'Table 2 StormwaterGroundwater'!O72 -> 106.95497 | I69: =SUM('Table 2 StormwaterGroundwater'!Q72,'Table 2 StormwaterGroundwater'!U72,'Table 2 StormwaterGroundwater'!W72,'Table 2 StormwaterGroundwater'!Y72,('Table 2 StormwaterGroundwater'!S72*(59/193))) -> 9.9206523 | J69: =SUM('Table 2 StormwaterGroundwater'!AA72,'Table 2 StormwaterGroundwater'!AC72,'Table 2 StormwaterGroundwater'!AE72) -> 24.953392 | K69: =G69+M69+N69 -> 875 | L69: - | M69: ='Table 2 StormwaterGroundwater'!E72 -> 525 | N69: ='Table 2 StormwaterGroundwater'!C72 -> 0 | R69: =$R$8*60*16 -> 71040 | S69: =T69*74 -> 401.61202 | T69: =U69/R69 -> 5.4271895 | U69: =E69*1440 -> 385547.54
B70: =B69+1 -> 65 | C70: - | D70: - | E70: ='Table 2 StormwaterGroundwater'!AM73+'Table 6 WTP Flow Balance'!H64+'Table 6 WTP Flow Balance'!$U$8 -> 267.74135 | F70: =(E70*1440)/(74*60*16) -> 5.4271895 | G70: ='Table 2 StormwaterGroundwater'!F73 -> 350 | H70: ='Table 2 StormwaterGroundwater'!G73+'Table 2 StormwaterGroundwater'!H73+'Table 2 StormwaterGroundwater'!I73+'Table 2 StormwaterGroundwater'!K73+'Table 2 StormwaterGroundwater'!M73+'Table 2 StormwaterGroundwater'!O73 -> 106.95497 | I70: =SUM('Table 2 StormwaterGroundwater'!Q73,'Table 2 StormwaterGroundwater'!U73,'Table 2 StormwaterGroundwater'!W73,'Table 2 StormwaterGroundwater'!Y73,('Table 2 StormwaterGroundwater'!S73*(59/193))) -> 9.9206523 | J70: =SUM('Table 2 StormwaterGroundwater'!AA73,'Table 2 StormwaterGroundwater'!AC73,'Table 2 StormwaterGroundwater'!AE73) -> 24.953392 | K70: =G70+M70+N70 -> 875 | L70: - | M70: ='Table 2 StormwaterGroundwater'!E73 -> 525 | N70: ='Table 2 StormwaterGroundwater'!C73 -> 0 | R70: =$R$8*60*16 -> 71040 | S70: =T70*74 -> 401.61202 | T70: =U70/R70 -> 5.4271895 | U70: =E70*1440 -> 385547.54
B71: =B70+1 -> 66 | C71: - | D71: - | E71: ='Table 2 StormwaterGroundwater'!AM74+'Table 6 WTP Flow Balance'!H65+'Table 6 WTP Flow Balance'!$U$8 -> 267.74135 | F71: =(E71*1440)/(74*60*16) -> 5.4271895 | G71: ='Table 2 StormwaterGroundwater'!F74 -> 350 | H71: ='Table 2 StormwaterGroundwater'!G74+'Table 2 StormwaterGroundwater'!H74+'Table 2 StormwaterGroundwater'!I74+'Table 2 StormwaterGroundwater'!K74+'Table 2 StormwaterGroundwater'!M74+'Table 2 StormwaterGroundwater'!O74 -> 106.95497 | I71: =SUM('Table 2 StormwaterGroundwater'!Q74,'Table 2 StormwaterGroundwater'!U74,'Table 2 StormwaterGroundwater'!W74,'Table 2 StormwaterGroundwater'!Y74,('Table 2 StormwaterGroundwater'!S74*(59/193))) -> 9.9206523 | J71: =SUM('Table 2 StormwaterGroundwater'!AA74,'Table 2 StormwaterGroundwater'!AC74,'Table 2 StormwaterGroundwater'!AE74) -> 24.953392 | K71: =G71+M71+N71 -> 875 | L71: - | M71: ='Table 2 StormwaterGroundwater'!E74 -> 525 | N71: ='Table 2 StormwaterGroundwater'!C74 -> 0 | R71: =$R$8*60*16 -> 71040 | S71: =T71*74 -> 401.61202 | T71: =U71/R71 -> 5.4271895 | U71: =E71*1440 -> 385547.54
B72: =B71+1 -> 67 | C72: - | D72: - | E72: ='Table 2 StormwaterGroundwater'!AM75+'Table 6 WTP Flow Balance'!H66+'Table 6 WTP Flow Balance'!$U$8 -> 267.74135 | F72: =(E72*1440)/(74*60*16) -> 5.4271895 | G72: ='Table 2 StormwaterGroundwater'!F75 -> 350 | H72: ='Table 2 StormwaterGroundwater'!G75+'Table 2 StormwaterGroundwater'!H75+'Table 2 StormwaterGroundwater'!I75+'Table 2 StormwaterGroundwater'!K75+'Table 2 StormwaterGroundwater'!M75+'Table 2 StormwaterGroundwater'!O75 -> 106.95497 | I72: =SUM('Table 2 StormwaterGroundwater'!Q75,'Table 2 StormwaterGroundwater'!U75,'Table 2 StormwaterGroundwater'!W75,'Table 2 StormwaterGroundwater'!Y75,('Table 2 StormwaterGroundwater'!S75*(59/193))) -> 9.9206523 | J72: =SUM('Table 2 StormwaterGroundwater'!AA75,'Table 2 StormwaterGroundwater'!AC75,'Table 2 StormwaterGroundwater'!AE75) -> 24.953392 | K72: =G72+M72+N72 -> 875 | L72: - | M72: ='Table 2 StormwaterGroundwater'!E75 -> 525 | N72: ='Table 2 StormwaterGroundwater'!C75 -> 0 | R72: =$R$8*60*16 -> 71040 | S72: =T72*74 -> 401.61202 | T72: =U72/R72 -> 5.4271895 | U72: =E72*1440 -> 385547.54
B73: =B72+1 -> 68 | C73: - | D73: - | E73: ='Table 2 StormwaterGroundwater'!AM76+'Table 6 WTP Flow Balance'!H67+'Table 6 WTP Flow Balance'!$U$8 -> 267.74135 | F73: =(E73*1440)/(74*60*16) -> 5.4271895 | G73: ='Table 2 StormwaterGroundwater'!F76 -> 350 | H73: ='Table 2 StormwaterGroundwater'!G76+'Table 2 StormwaterGroundwater'!H76+'Table 2 StormwaterGroundwater'!I76+'Table 2 StormwaterGroundwater'!K76+'Table 2 StormwaterGroundwater'!M76+'Table 2 StormwaterGroundwater'!O76 -> 106.95497 | I73: =SUM('Table 2 StormwaterGroundwater'!Q76,'Table 2 StormwaterGroundwater'!U76,'Table 2 StormwaterGroundwater'!W76,'Table 2 StormwaterGroundwater'!Y76,('Table 2 StormwaterGroundwater'!S76*(59/193))) -> 9.9206523 | J73: =SUM('Table 2 StormwaterGroundwater'!AA76,'Table 2 StormwaterGroundwater'!AC76,'Table 2 StormwaterGroundwater'!AE76) -> 24.953392 | K73: =G73+M73+N73 -> 875 | L73: - | M73: ='Table 2 StormwaterGroundwater'!E76 -> 525 | N73: ='Table 2 StormwaterGroundwater'!C76 -> 0 | R73: =$R$8*60*16 -> 71040 | S73: =T73*74 -> 401.61202 | T73: =U73/R73 -> 5.4271895 | U73: =E73*1440 -> 385547.54
B74: =B73+1 -> 69 | C74: - | D74: - | E74: ='Table 2 StormwaterGroundwater'!AM77+'Table 6 WTP Flow Balance'!H68+'Table 6 WTP Flow Balance'!$U$8 -> 267.74135 | F74: =(E74*1440)/(74*60*16) -> 5.4271895 | G74: ='Table 2 StormwaterGroundwater'!F77 -> 350 | H74: ='Table 2 StormwaterGroundwater'!G77+'Table 2 StormwaterGroundwater'!H77+'Table 2 StormwaterGroundwater'!I77+'Table 2 StormwaterGroundwater'!K77+'Table 2 StormwaterGroundwater'!M77+'Table 2 StormwaterGroundwater'!O77 -> 106.95497 | I74: =SUM('Table 2 StormwaterGroundwater'!Q77,'Table 2 StormwaterGroundwater'!U77,'Table 2 StormwaterGroundwater'!W77,'Table 2 StormwaterGroundwater'!Y77,('Table 2 StormwaterGroundwater'!S77*(59/193))) -> 9.9206523 | J74: =SUM('Table 2 StormwaterGroundwater'!AA77,'Table 2 StormwaterGroundwater'!AC77,'Table 2 StormwaterGroundwater'!AE77) -> 24.953392 | K74: =G74+M74+N74 -> 875 | L74: - | M74: ='Table 2 StormwaterGroundwater'!E77 -> 525 | N74: ='Table 2 StormwaterGroundwater'!C77 -> 0 | R74: =$R$8*60*16 -> 71040 | S74: =T74*74 -> 401.61202 | T74: =U74/R74 -> 5.4271895 | U74: =E74*1440 -> 385547.54
B75: =B74+1 -> 70 | C75: - | D75: - | E75: ='Table 2 StormwaterGroundwater'!AM78+'Table 6 WTP Flow Balance'!H69+'Table 6 WTP Flow Balance'!$U$8 -> 267.74135 | F75: =(E75*1440)/(74*60*16) -> 5.4271895 | G75: ='Table 2 StormwaterGroundwater'!F78 -> 350 | H75: ='Table 2 StormwaterGroundwater'!G78+'Table 2 StormwaterGroundwater'!H78+'Table 2 StormwaterGroundwater'!I78+'Table 2 StormwaterGroundwater'!K78+'Table 2 StormwaterGroundwater'!M78+'Table 2 StormwaterGroundwater'!O78 -> 106.95497 | I75: =SUM('Table 2 StormwaterGroundwater'!Q78,'Table 2 StormwaterGroundwater'!U78,'Table 2 StormwaterGroundwater'!W78,'Table 2 StormwaterGroundwater'!Y78,('Table 2 StormwaterGroundwater'!S78*(59/193))) -> 9.9206523 | J75: =SUM('Table 2 StormwaterGroundwater'!AA78,'Table 2 StormwaterGroundwater'!AC78,'Table 2 StormwaterGroundwater'!AE78) -> 24.953392 | K75: =G75+M75+N75 -> 875 | L75: - | M75: ='Table 2 StormwaterGroundwater'!E78 -> 525 | N75: ='Table 2 StormwaterGroundwater'!C78 -> 0 | R75: =$R$8*60*16 -> 71040 | S75: =T75*74 -> 401.61202 | T75: =U75/R75 -> 5.4271895 | U75: =E75*1440 -> 385547.54
B76: =B75+1 -> 71 | C76: - | D76: - | E76: ='Table 2 StormwaterGroundwater'!AM79+'Table 6 WTP Flow Balance'!H70+'Table 6 WTP Flow Balance'!$U$8 -> 267.74135 | F76: =(E76*1440)/(74*60*16) -> 5.4271895 | G76: ='Table 2 StormwaterGroundwater'!F79 -> 350 | H76: ='Table 2 StormwaterGroundwater'!G79+'Table 2 StormwaterGroundwater'!H79+'Table 2 StormwaterGroundwater'!I79+'Table 2 StormwaterGroundwater'!K79+'Table 2 StormwaterGroundwater'!M79+'Table 2 StormwaterGroundwater'!O79 -> 106.95497 | I76: =SUM('Table 2 StormwaterGroundwater'!Q79,'Table 2 StormwaterGroundwater'!U79,'Table 2 StormwaterGroundwater'!W79,'Table 2 StormwaterGroundwater'!Y79,('Table 2 StormwaterGroundwater'!S79*(59/193))) -> 9.9206523 | J76: =SUM('Table 2 StormwaterGroundwater'!AA79,'Table 2 StormwaterGroundwater'!AC79,'Table 2 StormwaterGroundwater'!AE79) -> 24.953392 | K76: =G76+M76+N76 -> 875 | L76: - | M76: ='Table 2 StormwaterGroundwater'!E79 -> 525 | N76: ='Table 2 StormwaterGroundwater'!C79 -> 0 | R76: =$R$8*60*16 -> 71040 | S76: =T76*74 -> 401.61202 | T76: =U76/R76 -> 5.4271895 | U76: =E76*1440 -> 385547.54
B77: =B76+1 -> 72 | C77: - | D77: - | E77: ='Table 2 StormwaterGroundwater'!AM80+'Table 6 WTP Flow Balance'!H71+'Table 6 WTP Flow Balance'!$U$8 -> 267.74135 | F77: =(E77*1440)/(74*60*16) -> 5.4271895 | G77: ='Table 2 StormwaterGroundwater'!F80 -> 350 | H77: ='Table 2 StormwaterGroundwater'!G80+'Table 2 StormwaterGroundwater'!H80+'Table 2 StormwaterGroundwater'!I80+'Table 2 StormwaterGroundwater'!K80+'Table 2 StormwaterGroundwater'!M80+'Table 2 StormwaterGroundwater'!O80 -> 106.95497 | I77: =SUM('Table 2 StormwaterGroundwater'!Q80,'Table 2 StormwaterGroundwater'!U80,'Table 2 StormwaterGroundwater'!W80,'Table 2 StormwaterGroundwater'!Y80,('Table 2 StormwaterGroundwater'!S80*(59/193))) -> 9.9206523 | J77: =SUM('Table 2 StormwaterGroundwater'!AA80,'Table 2 StormwaterGroundwater'!AC80,'Table 2 StormwaterGroundwater'!AE80) -> 24.953392 | K77: =G77+M77+N77 -> 875 | L77: - | M77: ='Table 2 StormwaterGroundwater'!E80 -> 525 | N77: ='Table 2 StormwaterGroundwater'!C80 -> 0 | R77: =$R$8*60*16 -> 71040 | S77: =T77*74 -> 401.61202 | T77: =U77/R77 -> 5.4271895 | U77: =E77*1440 -> 385547.54
B78: =B77+1 -> 73 | C78: - | D78: - | E78: ='Table 2 StormwaterGroundwater'!AM81+'Table 6 WTP Flow Balance'!H72+'Table 6 WTP Flow Balance'!$U$8 -> 267.74135 | F78: =(E78*1440)/(74*60*16) -> 5.4271895 | G78: ='Table 2 StormwaterGroundwater'!F81 -> 350 | H78: ='Table 2 StormwaterGroundwater'!G81+'Table 2 StormwaterGroundwater'!H81+'Table 2 StormwaterGroundwater'!I81+'Table 2 StormwaterGroundwater'!K81+'Table 2 StormwaterGroundwater'!M81+'Table 2 StormwaterGroundwater'!O81 -> 106.95497 | I78: =SUM('Table 2 StormwaterGroundwater'!Q81,'Table 2 StormwaterGroundwater'!U81,'Table 2 StormwaterGroundwater'!W81,'Table 2 StormwaterGroundwater'!Y81,('Table 2 StormwaterGroundwater'!S81*(59/193))) -> 9.9206523 | J78: =SUM('Table 2 StormwaterGroundwater'!AA81,'Table 2 StormwaterGroundwater'!AC81,'Table 2 StormwaterGroundwater'!AE81) -> 24.953392 | K78: =G78+M78+N78 -> 875 | L78: - | M78: ='Table 2 StormwaterGroundwater'!E81 -> 525 | N78: ='Table 2 StormwaterGroundwater'!C81 -> 0 | R78: =$R$8*60*16 -> 71040 | S78: =T78*74 -> 401.61202 | T78: =U78/R78 -> 5.4271895 | U78: =E78*1440 -> 385547.54
B79: =B78+1 -> 74 | C79: - | D79: - | E79: ='Table 2 StormwaterGroundwater'!AM82+'Table 6 WTP Flow Balance'!H73+'Table 6 WTP Flow Balance'!$U$8 -> 267.74135 | F79: =(E79*1440)/(74*60*16) -> 5.4271895 | G79: ='Table 2 StormwaterGroundwater'!F82 -> 350 | H79: ='Table 2 StormwaterGroundwater'!G82+'Table 2 StormwaterGroundwater'!H82+'Table 2 StormwaterGroundwater'!I82+'Table 2 StormwaterGroundwater'!K82+'Table 2 StormwaterGroundwater'!M82+'Table 2 StormwaterGroundwater'!O82 -> 106.95497 | I79: =SUM('Table 2 StormwaterGroundwater'!Q82,'Table 2 StormwaterGroundwater'!U82,'Table 2 StormwaterGroundwater'!W82,'Table 2 StormwaterGroundwater'!Y82,('Table 2 StormwaterGroundwater'!S82*(59/193))) -> 9.9206523 | J79: =SUM('Table 2 StormwaterGroundwater'!AA82,'Table 2 StormwaterGroundwater'!AC82,'Table 2 StormwaterGroundwater'!AE82) -> 24.953392 | K79: =G79+M79+N79 -> 875 | L79: - | M79: ='Table 2 StormwaterGroundwater'!E82 -> 525 | N79: ='Table 2 StormwaterGroundwater'!C82 -> 0 | R79: =$R$8*60*16 -> 71040 | S79: =T79*74 -> 401.61202 | T79: =U79/R79 -> 5.4271895 | U79: =E79*1440 -> 385547.54
B80: =B79+1 -> 75 | C80: - | D80: - | E80: ='Table 2 StormwaterGroundwater'!AM83+'Table 6 WTP Flow Balance'!H74+'Table 6 WTP Flow Balance'!$U$8 -> 267.74135 | F80: =(E80*1440)/(74*60*16) -> 5.4271895 | G80: ='Table 2 StormwaterGroundwater'!F83 -> 350 | H80: ='Table 2 StormwaterGroundwater'!G83+'Table 2 StormwaterGroundwater'!H83+'Table 2 StormwaterGroundwater'!I83+'Table 2 StormwaterGroundwater'!K83+'Table 2 StormwaterGroundwater'!M83+'Table 2 StormwaterGroundwater'!O83 -> 106.95497 | I80: =SUM('Table 2 StormwaterGroundwater'!Q83,'Table 2 StormwaterGroundwater'!U83,'Table 2 StormwaterGroundwater'!W83,'Table 2 StormwaterGroundwater'!Y83,('Table 2 StormwaterGroundwater'!S83*(59/193))) -> 9.9206523 | J80: =SUM('Table 2 StormwaterGroundwater'!AA83,'Table 2 StormwaterGroundwater'!AC83,'Table 2 StormwaterGroundwater'!AE83) -> 24.953392 | K80: =G80+M80+N80 -> 875 | L80: - | M80: ='Table 2 StormwaterGroundwater'!E83 -> 525 | N80: ='Table 2 StormwaterGroundwater'!C83 -> 0 | R80: =$R$8*60*16 -> 71040 | S80: =T80*74 -> 401.61202 | T80: =U80/R80 -> 5.4271895 | U80: =E80*1440 -> 385547.54
B81: =B80+1 -> 76 | C81: - | D81: - | E81: ='Table 2 StormwaterGroundwater'!AM84+'Table 6 WTP Flow Balance'!H75+'Table 6 WTP Flow Balance'!$U$8 -> 267.74135 | F81: =(E81*1440)/(74*60*16) -> 5.4271895 | G81: ='Table 2 StormwaterGroundwater'!F84 -> 350 | H81: ='Table 2 StormwaterGroundwater'!G84+'Table 2 StormwaterGroundwater'!H84+'Table 2 StormwaterGroundwater'!I84+'Table 2 StormwaterGroundwater'!K84+'Table 2 StormwaterGroundwater'!M84+'Table 2 StormwaterGroundwater'!O84 -> 106.95497 | I81: =SUM('Table 2 StormwaterGroundwater'!Q84,'Table 2 StormwaterGroundwater'!U84,'Table 2 StormwaterGroundwater'!W84,'Table 2 StormwaterGroundwater'!Y84,('Table 2 StormwaterGroundwater'!S84*(59/193))) -> 9.9206523 | J81: =SUM('Table 2 StormwaterGroundwater'!AA84,'Table 2 StormwaterGroundwater'!AC84,'Table 2 StormwaterGroundwater'!AE84) -> 24.953392 | K81: =G81+M81+N81 -> 875 | L81: - | M81: ='Table 2 StormwaterGroundwater'!E84 -> 525 | N81: ='Table 2 StormwaterGroundwater'!C84 -> 0 | R81: =$R$8*60*16 -> 71040 | S81: =T81*74 -> 401.61202 | T81: =U81/R81 -> 5.4271895 | U81: =E81*1440 -> 385547.54
... B105: =B104+1 -> 100 | C105: - | D105: - | E105: ='Table 2 StormwaterGroundwater'!AM108+'Table 6 WTP Flow Balance'!H99+'Table 6 WTP Flow Balance'!$U$8 -> 267.74135 | F105: =(E105*1440)/(74*60*16) -> 5.4271895 | G105: ='Table 2 StormwaterGroundwater'!F108 -> 350 | H105: ='Table 2 StormwaterGroundwater'!G108+'Table 2 StormwaterGroundwater'!H108+'Table 2 StormwaterGroundwater'!I108+'Table 2 StormwaterGroundwater'!K108+'Table 2 StormwaterGroundwater'!M108+'Table 2 StormwaterGroundwater'!O108 -> 106.95497 | I105: =SUM('Table 2 StormwaterGroundwater'!Q108,'Table 2 StormwaterGroundwater'!U108,'Table 2 StormwaterGroundwater'!W108,'Table 2 StormwaterGroundwater'!Y108,('Table 2 StormwaterGroundwater'!S108*(59/193))) -> 9.9206523 | J105: =SUM('Table 2 StormwaterGroundwater'!AA108,'Table 2 StormwaterGroundwater'!AC108,'Table 2 StormwaterGroundwater'!AE108) -> 24.953392 | K105: =G105+M105+N105 -> 875 | L105: - | M105: ='Table 2 StormwaterGroundwater'!E108 -> 525 | N105: ='Table 2 StormwaterGroundwater'!C108 -> 0 | R105: =$R$8*60*16 -> 71040 | S105: =T105*74 -> 401.61202 | T105: =U105/R105 -> 5.4271895 | U105: =E105*1440 -> 385547.54

Sheet Table 6 WTP Flow Balance
D2: RO Feed | G2: Brine | I2: Effluent
C3: SMA Flowrate | D3: NMA | E3: SMA | F3: Total | G3: Reject | H3: To Evaporation | I3: RO Permeate | J3: SMA Bypass | K3: Total | O3: Effluent Sulfate | P3: RO Feed pH | Q3: Effluent pH | U3: green sand filter backwash
B4: Year | C4: (gpm) | D4: (gpm) | E4: (gpm) | F4: (gpm) | G4: (%) | H4: (gpm) | I4: (gpm) | J4: (gpm) | K4: (gpm) | O4: (mg/L) | U4: 339 | V4: gpm
B5: ='Table 5 Flows to Evap & WTP'!B11 -> 6 | C5: ='Table 5 Flows to Evap & WTP'!N11+'Table 5 Flows to Evap & WTP'!M11 -> 1189.3187 | D5: ='Table 5 Flows to Evap & WTP'!K11-'Table 5 Flows to Evap & WTP'!N11-'Table 5 Flows to Evap & WTP'!M11 -> 350 | E5: 740 | F5: =E5+D5 -> 1090 | G5: 0.2 | H5: =F5*G5 -> 218 | I5: =F5-H5 -> 872 | J5: =C5-E5 -> 449.31869 | K5: =I5+J5 -> 1321.3187 | O5: ='Table 7 WTP Sulfate Balance'!I7 -> 499.67665 | P5: =((E5*7.58)+(D5*6.56))/F5 -> 7.2524771 | Q5: =((P5*I5)+(7.58*J5))/K5 -> 7.3638523 | U5: 5 | V5: units
B6: ='Table 5 Flows to Evap & WTP'!B12 -> 7 | C6: ='Table 5 Flows to Evap & WTP'!N12+'Table 5 Flows to Evap & WTP'!M12 -> 1126.7267 | D6: ='Table 5 Flows to Evap & WTP'!K12-'Table 5 Flows to Evap & WTP'!N12-'Table 5 Flows to Evap & WTP'!M12 -> 350 | E6: 695 | F6: =E6+D6 -> 1045 | G6: =G5 -> 0.2 | H6: =F6*G6 -> 209 | I6: =F6-H6 -> 836 | J6: =C6-E6 -> 431.72673 | K6: =I6+J6 -> 1267.7267 | O6: ='Table 7 WTP Sulfate Balance'!I8 -> 500.39472 | P6: =((E6*7.58)+(D6*6.56))/F6 -> 7.2383732 | Q6: =((P6*I6)+(7.58*J6))/K6 -> 7.3547149 | U6: just over 10 min/unit per week
B7: ='Table 5 Flows to Evap & WTP'!B13 -> 8 | C7: ='Table 5 Flows to Evap & WTP'!N13+'Table 5 Flows to Evap & WTP'!M13 -> 1067.8597 | D7: ='Table 5 Flows to Evap & WTP'!K13-'Table 5 Flows to Evap & WTP'!N13-'Table 5 Flows to Evap & WTP'!M13 -> 350 | E7: 654 | F7: =E7+D7 -> 1004 | G7: =G6 -> 0.2 | H7: =F7*G7 -> 200.8 | I7: =F7-H7 -> 803.2 | J7: =C7-E7 -> 413.85966 | K7: =I7+J7 -> 1217.0597 | O7: ='Table 7 WTP Sulfate Balance'!I9 -> 499.67025 | P7: =((E7*7.58)+(D7*6.56))/F7 -> 7.2244223 | Q7: =((P7*I7)+(7.58*J7))/K7 -> 7.3453361 | U7: =U4*60*52 -> 1057680 | V7: gal per year
B8: ='Table 5 Flows to Evap & WTP'!B14 -> 9 | C8: ='Table 5 Flows to Evap & WTP'!N14+'Table 5 Flows to Evap & WTP'!M14 -> 1012.5543 | D8: ='Table 5 Flows to Evap & WTP'!K14-'Table 5 Flows to Evap & WTP'!N14-'Table 5 Flows to Evap & WTP'!M14 -> 350 | E8: 614.5 | F8: =E8+D8 -> 964.5 | G8: =G7 -> 0.2 | H8: =F8*G8 -> 192.9 | I8: =F8-H8 -> 771.6 | J8: =C8-E8 -> 398.0543 | K8: =I8+J8 -> 1169.6543 | O8: ='Table 7 WTP Sulfate Balance'!I10 -> 500.05778 | P8: =((E8*7.58)+(D8*6.56))/F8 -> 7.20986 | Q8: =((P8*I8)+(7.58*J8))/K8 -> 7.3358253 | U8: =U7/(365*1440) -> 2.0123288 | V8: gpm
B9: ='Table 5 Flows to Evap & WTP'!B15 -> 10 | C9: ='Table 5 Flows to Evap & WTP'!N15+'Table 5 Flows to Evap & WTP'!M15 -> 960.5817 | D9: ='Table 5 Flows to Evap & WTP'!K15-'Table 5 Flows to Evap & WTP'!N15-'Table 5 Flows to Evap & WTP'!M15 -> 350 | E9: 578 | F9: =E9+D9 -> 928 | G9: =G8 -> 0.2 | H9: =F9*G9 -> 185.6 | I9: =F9-H9 -> 742.4 | J9: =C9-E9 -> 382.5817 | K9: =I9+J9 -> 1124.9817 | O9: ='Table 7 WTP Sulfate Balance'!I11 -> 499.71254 | P9: =((E9*7.58)+(D9*6.56))/F9 -> 7.1953017 | Q9: =((P9*I9)+(7.58*J9))/K9 -> 7.3261292
B10: ='Table 5 Flows to Evap & WTP'!B16 -> 11 | C10: ='Table 5 Flows to Evap & WTP'!N16+'Table 5 Flows to Evap & WTP'!M16 -> 911.6873 | D10: ='Table 5 Flows to Evap & WTP'!K16-'Table 5 Flows to Evap & WTP'!N16-'Table 5 Flows to Evap & WTP'!M16 -> 350 | E10: 543 | F10: =E10+D10 -> 893 | G10: =G9 -> 0.2 | H10: =F10*G10 -> 178.6 | I10: =F10-H10 -> 714.4 | J10: =C10-E10 -> 368.6873 | K10: =I10+J10 -> 1083.0873 | O10: ='Table 7 WTP Sulfate Balance'!I12 -> 500.18182 | P10: =((E10*7.58)+(D10*6.56))/F10 -> 7.180224 | Q10: =((P10*I10)+(7.58*J10))/K10 -> 7.3163093 | U10: Average of 134 gpm being evaporated over 100 years
B11: ='Table 5 Flows to Evap & WTP'!B17 -> 12 | C11: ='Table 5 Flows to Evap & WTP'!N17+'Table 5 Flows to Evap & WTP'!M17 -> 865.63217 | D11: ='Table 5 Flows to Evap & WTP'!K17-'Table 5 Flows to Evap & WTP'!N17-'Table 5 Flows to Evap & WTP'!M17 -> 350 | E11: 510.5 | F11: =E11+D11 -> 860.5 | G11: =G10 -> 0.2 | H11: =F11*G11 -> 172.1 | I11: =F11-H11 -> 688.4 | J11: =C11-E11 -> 355.13217 | K11: =I11+J11 -> 1043.5322 | O11: ='Table 7 WTP Sulfate Balance'!I13 -> 500.05708 | P11: =((E11*7.58)+(D11*6.56))/F11 -> 7.1651249 | Q11: =((P11*I11)+(7.58*J11))/K11 -> 7.3063141
B12: ='Table 5 Flows to Evap & WTP'!B18 -> 13 | C12: ='Table 5 Flows to Evap & WTP'!N18+'Table 5 Flows to Evap & WTP'!M18 -> 822.20658 | D12: ='Table 5 Flows to Evap & WTP'!K18-'Table 5 Flows to Evap & WTP'!N18-'Table 5 Flows to Evap & WTP'!M18 -> 350 | E12: 480 | F12: =E12+D12 -> 830 | G12: =G11 -> 0.2 | H12: =F12*G12 -> 166 | I12: =F12-H12 -> 664 | J12: =C12-E12 -> 342.20658 | K12: =I12+J12 -> 1006.2066 | O12: ='Table 7 WTP Sulfate Balance'!I14 -> 499.73788 | P12: =((E12*7.58)+(D12*6.56))/F12 -> 7.1498795 | Q12: =((P12*I12)+(7.58*J12))/K12 -> 7.2961617
B13: ='Table 5 Flows to Evap & WTP'!B19 -> 14 | C13: ='Table 5 Flows to Evap & WTP'!N19+'Table 5 Flows to Evap & WTP'!M19 -> 781.21958 | D13: ='Table 5 Flows to Evap & WTP'!K19-'Table 5 Flows to Evap & WTP'!N19-'Table 5 Flows to Evap & WTP'!M19 -> 350 | E13: 451 | F13: =E13+D13 -> 801 | G13: =G12 -> 0.2 | H13: =F13*G13 -> 160.2 | I13: =F13-H13 -> 640.8 | J13: =C13-E13 -> 330.21958 | K13: =I13+J13 -> 971.01958 | O13: ='Table 7 WTP Sulfate Balance'!I15 -> 499.70815 | P13: =((E13*7.58)+(D13*6.56))/F13 -> 7.1343071 | Q13: =((P13*I13)+(7.58*J13))/K13 -> 7.2858762
B14: ='Table 5 Flows to Evap & WTP'!B20 -> 15 | C14: ='Table 5 Flows to Evap & WTP'!N20+'Table 5 Flows to Evap & WTP'!M20 -> 742.48449 | D14: ='Table 5 Flows to Evap & WTP'!K20-'Table 5 Flows to Evap & WTP'!N20-'Table 5 Flows to Evap & WTP'!M20 -> 350 | E14: 423.5 | F14: =E14+D14 -> 773.5 | G14: =G13 -> 0.2 | H14: =F14*G14 -> 154.7 | I14: =F14-H14 -> 618.8 | J14: =C14-E14 -> 318.98449 | K14: =I14+J14 -> 937.78449 | O14: ='Table 7 WTP Sulfate Balance'!I16 -> 499.81154 | P14: =((E14*7.58)+(D14*6.56))/F14 -> 7.1184615 | Q14: =((P14*I14)+(7.58*J14))/K14 -> 7.2754524
B15: ='Table 5 Flows to Evap & WTP'!B21 -> 16 | C15: ='Table 5 Flows to Evap & WTP'!N21+'Table 5 Flows to Evap & WTP'!M21 -> 705.86116 | D15: ='Table 5 Flows to Evap & WTP'!K21-'Table 5 Flows to Evap & WTP'!N21-'Table 5 Flows to Evap & WTP'!M21 -> 350 | E15: 397.5 | F15: =E15+D15 -> 747.5 | G15: =G14 -> 0.2 | H15: =F15*G15 -> 149.5 | I15: =F15-H15 -> 598 | J15: =C15-E15 -> 308.36116 | K15: =I15+J15 -> 906.36116 | O15: ='Table 7 WTP Sulfate Balance'!I17 -> 499.91516 | P15: =((E15*7.58)+(D15*6.56))/F15 -> 7.102408 | Q15: =((P15*I15)+(7.58*J15))/K15 -> 7.2648938
B16: ='Table 5 Flows to Evap & WTP'!B22 -> 17 | C16: ='Table 5 Flows to Evap & WTP'!N22+'Table 5 Flows to Evap & WTP'!M22 -> 671.19032 | D16: ='Table 5 Flows to Evap & WTP'!K22-'Table 5 Flows to Evap & WTP'!N22-'Table 5 Flows to Evap & WTP'!M22 -> 350 | E16: 373 | F16: =E16+D16 -> 723 | G16: =G15 -> 0.2 | H16: =F16*G16 -> 144.6 | I16: =F16-H16 -> 578.4 | J16: =C16-E16 -> 298.19032 | K16: =I16+J16 -> 876.59032 | O16: ='Table 7 WTP Sulfate Balance'!I18 -> 499.84577 | P16: =((E16*7.58)+(D16*6.56))/F16 -> 7.0862241 | Q16: =((P16*I16)+(7.58*J16))/K16 -> 7.2541922
B17: ='Table 5 Flows to Evap & WTP'!B23 -> 18 | C17: ='Table 5 Flows to Evap & WTP'!N23+'Table 5 Flows to Evap & WTP'!M23 -> 638.35116 | D17: ='Table 5 Flows to Evap & WTP'!K23-'Table 5 Flows to Evap & WTP'!N23-'Table 5 Flows to Evap & WTP'!M23 -> 350 | E17: 349.5 | F17: =E17+D17 -> 699.5 | G17: =G16 -> 0.2 | H17: =F17*G17 -> 139.9 | I17: =F17-H17 -> 559.6 | J17: =C17-E17 -> 288.85116 | K17: =I17+J17 -> 848.45116 | O17: ='Table 7 WTP Sulfate Balance'!I19 -> 500.24114 | P17: =((E17*7.58)+(D17*6.56))/F17 -> 7.0696355 | Q17: =((P17*I17)+(7.58*J17))/K17 -> 7.2433866
B18: ='Table 5 Flows to Evap & WTP'!B24 -> 19 | C18: ='Table 5 Flows to Evap & WTP'!N24+'Table 5 Flows to Evap & WTP'!M24 -> 607.22236 | D18: ='Table 5 Flows to Evap & WTP'!K24-'Table 5 Flows to Evap & WTP'!N24-'Table 5 Flows to Evap & WTP'!M24 -> 350 | E18: 327.5 | F18: =E18+D18 -> 677.5 | G18: =G17 -> 0.2 | H18: =F18*G18 -> 135.5 | I18: =F18-H18 -> 542 | J18: =C18-E18 -> 279.72236 | K18: =I18+J18 -> 821.72236 | O18: ='Table 7 WTP Sulfate Balance'!I20 -> 500.19014 | P18: =((E18*7.58)+(D18*6.56))/F18 -> 7.0530627 | Q18: =((P18*I18)+(7.58*J18))/K18 -> 7.2324374
B19: ='Table 5 Flows to Evap & WTP'!B25 -> 20 | C19: ='Table 5 Flows to Evap & WTP'!N25+'Table 5 Flows to Evap & WTP'!M25 -> 577.69352 | D19: ='Table 5 Flows to Evap & WTP'!K25-'Table 5 Flows to Evap & WTP'!N25-'Table 5 Flows to Evap & WTP'!M25 -> 350 | E19: 307 | F19: =E19+D19 -> 657 | G19: =G18 -> 0.2 | H19: =F19*G19 -> 131.4 | I19: =F19-H19 -> 525.6 | J19: =C19-E19 -> 270.69352 | K19: =I19+J19 -> 796.29352 | O19: ='Table 7 WTP Sulfate Balance'!I21 -> 499.51632 | P19: =((E19*7.58)+(D19*6.56))/F19 -> 7.036621 | Q19: =((P19*I19)+(7.58*J19))/K19 -> 7.2213383
B20: ='Table 5 Flows to Evap & WTP'!B26 -> 21 | C20: ='Table 5 Flows to Evap & WTP'!N26+'Table 5 Flows to Evap & WTP'!M26 -> 569.20186 | D20: ='Table 5 Flows to Evap & WTP'!K26-'Table 5 Flows to Evap & WTP'!N26-'Table 5 Flows to Evap & WTP'!M26 -> 350 | E20: 300.5 | F20: =E20+D20 -> 650.5 | G20: =G19 -> 0.2 | H20: =F20*G20 -> 130.1 | I20: =F20-H20 -> 520.4 | J20: =C20-E20 -> 268.70186 | K20: =I20+J20 -> 789.10186 | O20: ='Table 7 WTP Sulfate Balance'!I22 -> 500.34313 | P20: =((E20*7.58)+(D20*6.56))/F20 -> 7.0311914 | Q20: =((P20*I20)+(7.58*J20))/K20 -> 7.2180695
B21: ='Table 5 Flows to Evap & WTP'!B27 -> 22 | C21: ='Table 5 Flows to Evap & WTP'!N27+'Table 5 Flows to Evap & WTP'!M27 -> 567.86089 | D21: ='Table 5 Flows to Evap & WTP'!K27-'Table 5 Flows to Evap & WTP'!N27-'Table 5 Flows to Evap & WTP'!M27 -> 350 | E21: 300 | F21: =E21+D21 -> 650 | G21: =G20 -> 0.2 | H21: =F21*G21 -> 130 | I21: =F21-H21 -> 520 | J21: =C21-E21 -> 267.86089 | K21: =I21+J21 -> 787.86089 | O21: ='Table 7 WTP Sulfate Balance'!I23 -> 499.57841 | P21: =((E21*7.58)+(D21*6.56))/F21 -> 7.0307692 | Q21: =((P21*I21)+(7.58*J21))/K21 -> 7.2174995
B22: ='Table 5 Flows to Evap & WTP'!B28 -> 23 | C22: ='Table 5 Flows to Evap & WTP'!N28+'Table 5 Flows to Evap & WTP'!M28 -> 566.58175 | D22: ='Table 5 Flows to Evap & WTP'!K28-'Table 5 Flows to Evap & WTP'!N28-'Table 5 Flows to Evap & WTP'!M28 -> 350 | E22: 299 | F22: =E22+D22 -> 649 | G22: =G21 -> 0.2 | H22: =F22*G22 -> 129.8 | I22: =F22-H22 -> 519.2 | J22: =C22-E22 -> 267.58175 | K22: =I22+J22 -> 786.78175 | O22: ='Table 7 WTP Sulfate Balance'!I24 -> 499.73902 | P22: =((E22*7.58)+(D22*6.56))/F22 -> 7.029923 | Q22: =((P22*I22)+(7.58*J22))/K22 -> 7.2170023
... B98: ='Table 5 Flows to Evap & WTP'!B104 -> 99 | C98: ='Table 5 Flows to Evap & WTP'!N104+'Table 5 Flows to Evap & WTP'!M104 -> 525 | D98: ='Table 5 Flows to Evap & WTP'!K104-'Table 5 Flows to Evap & WTP'!N104-'Table 5 Flows to Evap & WTP'!M104 -> 350 | E98: 269.5 | F98: =E98+D98 -> 619.5 | G98: =G97 -> 0.2 | H98: =F98*G98 -> 123.9 | I98: =F98-H98 -> 495.6 | J98: =C98-E98 -> 255.5 | K98: =I98+J98 -> 751.1 | O98: ='Table 7 WTP Sulfate Balance'!I100 -> 499.84157 | P98: =((E98*7.58)+(D98*6.56))/F98 -> 7.0037288 | Q98: =((P98*I98)+(7.58*J98))/K98 -> 7.1997577
B99: ='Table 5 Flows to Evap & WTP'!B105 -> 100 | C99: ='Table 5 Flows to Evap & WTP'!N105+'Table 5 Flows to Evap & WTP'!M105 -> 525 | D99: ='Table 5 Flows to Evap & WTP'!K105-'Table 5 Flows to Evap & WTP'!N105-'Table 5 Flows to Evap & WTP'!M105 -> 350 | E99: 269.5 | F99: =E99+D99 -> 619.5 | G99: =G98 -> 0.2 | H99: =F99*G99 -> 123.9 | I99: =F99-H99 -> 495.6 | J99: =C99-E99 -> 255.5 | K99: =I99+J99 -> 751.1 | O99: 500 | P99: =((E99*7.58)+(D99*6.56))/F99 -> 7.0037288 | Q99: =((P99*I99)+(7.58*J99))/K99 -> 7.1997577

Sheet Table 7 WTP Sulfate Balance
C4: Sulfate Sources | E4: RO Sulfate | H4: Effluent Sulfate
C5: SMA Sulfate | D5: NMA Interceptor Well Sulfate | E5: Feed | F5: Permeate | G5: Brine Sulfate | H5: SMA Bypass | I5: Total
B6: Year | C6: (mg/L) | D6: (mg/L) | E6: (mg/L) | F6: (mg/L) | G6: (mg/L) | H6: (mg/L) | I6: (mg/L)
B7: ='Table 5 Flows to Evap & WTP'!B11 -> 6 | C7: =AVERAGE('Table 3 Water Quality'!$D$4:$D$5) -> 1450 | D7: =AVERAGE('Table 3 Water Quality'!$D$9) -> 1571 | E7: =((C7*'Table 6 WTP Flow Balance'!E5)+('Table 7 WTP Sulfate Balance'!D7*'Table 6 WTP Flow Balance'!D5))/('Table 6 WTP Flow Balance'!E5+'Table 6 WTP Flow Balance'!D5) -> 1488.8532 | F7: 10 | G7: =((E7*'Table 6 WTP Flow Balance'!F5)-(F7*'Table 6 WTP Flow Balance'!I5))/'Table 6 WTP Flow Balance'!H5 -> 7404.2661 | H7: =C7 -> 1450 | I7: =((F7*'Table 6 WTP Flow Balance'!I5)+(H7*'Table 6 WTP Flow Balance'!J5))/'Table 6 WTP Flow Balance'!K5 -> 499.67665
B8: ='Table 5 Flows to Evap & WTP'!B12 -> 7 | C8: =AVERAGE('Table 3 Water Quality'!$D$4:$D$5) -> 1450 | D8: =AVERAGE('Table 3 Water Quality'!$D$9) -> 1571 | E8: =((C8*'Table 6 WTP Flow Balance'!E6)+('Table 7 WTP Sulfate Balance'!D8*'Table 6 WTP Flow Balance'!D6))/('Table 6 WTP Flow Balance'!E6+'Table 6 WTP Flow Balance'!D6) -> 1490.5263 | F8: 10 | G8: =((E8*'Table 6 WTP Flow Balance'!F6)-(F8*'Table 6 WTP Flow Balance'!I6))/'Table 6 WTP Flow Balance'!H6 -> 7412.6316 | H8: =C8 -> 1450 | I8: =((F8*'Table 6 WTP Flow Balance'!I6)+(H8*'Table 6 WTP Flow Balance'!J6))/'Table 6 WTP Flow Balance'!K6 -> 500.39472
B9: ='Table 5 Flows to Evap & WTP'!B13 -> 8 | C9: =AVERAGE('Table 3 Water Quality'!$D$4:$D$5) -> 1450 | D9: =AVERAGE('Table 3 Water Quality'!$D$9) -> 1571 | E9: =((C9*'Table 6 WTP Flow Balance'!E7)+('Table 7 WTP Sulfate Balance'!D9*'Table 6 WTP Flow Balance'!D7))/('Table 6 WTP Flow Balance'!E7+'Table 6 WTP Flow Balance'!D7) -> 1492.1813 | F9: 10 | G9: =((E9*'Table 6 WTP Flow Balance'!F7)-(F9*'Table 6 WTP Flow Balance'!I7))/'Table 6 WTP Flow Balance'!H7 -> 7420.9064 | H9: =C9 -> 1450 | I9: =((F9*'Table 6 WTP Flow Balance'!I7)+(H9*'Table 6 WTP Flow Balance'!J7))/'Table 6 WTP Flow Balance'!K7 -> 499.67025
B10: ='Table 5 Flows to Evap & WTP'!B14 -> 9 | C10: =AVERAGE('Table 3 Water Quality'!$D$4:$D$5) -> 1450 | D10: =AVERAGE('Table 3 Water Quality'!$D$9) -> 1571 | E10: =((C10*'Table 6 WTP Flow Balance'!E8)+('Table 7 WTP Sulfate Balance'!D10*'Table 6 WTP Flow Balance'!D8))/('Table 6 WTP Flow Balance'!E8+'Table 6 WTP Flow Balance'!D8) -> 1493.9088 | F10: 10 | G10: =((E10*'Table 6 WTP Flow Balance'!F8)-(F10*'Table 6 WTP Flow Balance'!I8))/'Table 6 WTP Flow Balance'!H8 -> 7429.5438 | H10: =C10 -> 1450 | I10: =((F10*'Table 6 WTP Flow Balance'!I8)+(H10*'Table 6 WTP Flow Balance'!J8))/'Table 6 WTP Flow Balance'!K8 -> 500.05778
B11: ='Table 5 Flows to Evap & WTP'!B15 -> 10 | C11: =AVERAGE('Table 3 Water Quality'!$D$4:$D$5) -> 1450 | D11: =AVERAGE('Table 3 Water Quality'!$D$9) -> 1571 | E11: =((C11*'Table 6 WTP Flow Balance'!E9)+('Table 7 WTP Sulfate Balance'!D11*'Table 6 WTP Flow Balance'!D9))/('Table 6 WTP Flow Balance'!E9+'Table 6 WTP Flow Balance'!D9) -> 1495.6358 | F11: 10 | G11: =((E11*'Table 6 WTP Flow Balance'!F9)-(F11*'Table 6 WTP Flow Balance'!I9))/'Table 6 WTP Flow Balance'!H9 -> 7438.1789 | H11: =C11 -> 1450 | I11: =((F11*'Table 6 WTP Flow Balance'!I9)+(H11*'Table 6 WTP Flow Balance'!J9))/'Table 6 WTP Flow Balance'!K9 -> 499.71254
B12: ='Table 5 Flows to Evap & WTP'!B16 -> 11 | C12: =AVERAGE('Table 3 Water Quality'!$D$4:$D$5) -> 1450 | D12: =AVERAGE('Table 3 Water Quality'!$D$9) -> 1571 | E12: =((C12*'Table 6 WTP Flow Balance'!E10)+('Table 7 WTP Sulfate Balance'!D12*'Table 6 WTP Flow Balance'!D10))/('Table 6 WTP Flow Balance'!E10+'Table 6 WTP Flow Balance'!D10) -> 1497.4244 | F12: 10 | G12: =((E12*'Table 6 WTP Flow Balance'!F10)-(F12*'Table 6 WTP Flow Balance'!I10))/'Table 6 WTP Flow Balance'!H10 -> 7447.1221 | H12: =C12 -> 1450 | I12: =((F12*'Table 6 WTP Flow Balance'!I10)+(H12*'Table 6 WTP Flow Balance'!J10))/'Table 6 WTP Flow Balance'!K10 -> 500.18182
B13: ='Table 5 Flows to Evap & WTP'!B17 -> 12 | C13: =AVERAGE('Table 3 Water Quality'!$D$4:$D$5) -> 1450 | D13: =AVERAGE('Table 3 Water Quality'!$D$9) -> 1571 | E13: =((C13*'Table 6 WTP Flow Balance'!E11)+('Table 7 WTP Sulfate Balance'!D13*'Table 6 WTP Flow Balance'!D11))/('Table 6 WTP Flow Balance'!E11+'Table 6 WTP Flow Balance'!D11) -> 1499.2156 | F13: 10 | G13: =((E13*'Table 6 WTP Flow Balance'!F11)-(F13*'Table 6 WTP Flow Balance'!I11))/'Table 6 WTP Flow Balance'!H11 -> 7456.0779 | H13: =C13 -> 1450 | I13: =((F13*'Table 6 WTP Flow Balance'!I11)+(H13*'Table 6 WTP Flow Balance'!J11))/'Table 6 WTP Flow Balance'!K11 -> 500.05708
B14: ='Table 5 Flows to Evap & WTP'!B18 -> 13 | C14: =AVERAGE('Table 3 Water Quality'!$D$4:$D$5) -> 1450 | D14: =AVERAGE('Table 3 Water Quality'!$D$9) -> 1571 | E14: =((C14*'Table 6 WTP Flow Balance'!E12)+('Table 7 WTP Sulfate Balance'!D14*'Table 6 WTP Flow Balance'!D12))/('Table 6 WTP Flow Balance'!E12+'Table 6 WTP Flow Balance'!D12) -> 1501.0241 | F14: 10 | G14: =((E14*'Table 6 WTP Flow Balance'!F12)-(F14*'Table 6 WTP Flow Balance'!I12))/'Table 6 WTP Flow Balance'!H12 -> 7465.1205 | H14: =C14 -> 1450 | I14: =((F14*'Table 6 WTP Flow Balance'!I12)+(H14*'Table 6 WTP Flow Balance'!J12))/'Table 6 WTP Flow Balance'!K12 -> 499.73788
B15: ='Table 5 Flows to Evap & WTP'!B19 -> 14 | C15: =AVERAGE('Table 3 Water Quality'!$D$4:$D$5) -> 1450 | D15: =AVERAGE('Table 3 Water Quality'!$D$9) -> 1571 | E15: =((C15*'Table 6 WTP Flow Balance'!E13)+('Table 7 WTP Sulfate Balance'!D15*'Table 6 WTP Flow Balance'!D13))/('Table 6 WTP Flow Balance'!E13+'Table 6 WTP Flow Balance'!D13) -> 1502.8714 | F15: 10 | G15: =((E15*'Table 6 WTP Flow Balance'!F13)-(F15*'Table 6 WTP Flow Balance'!I13))/'Table 6 WTP Flow Balance'!H13 -> 7474.3571 | H15: =C15 -> 1450 | I15: =((F15*'Table 6 WTP Flow Balance'!I13)+(H15*'Table 6 WTP Flow Balance'!J13))/'Table 6 WTP Flow Balance'!K13 -> 499.70815
B16: ='Table 5 Flows to Evap & WTP'!B20 -> 15 | C16: =AVERAGE('Table 3 Water Quality'!$D$4:$D$5) -> 1450 | D16: =AVERAGE('Table 3 Water Quality'!$D$9) -> 1571 | E16: =((C16*'Table 6 WTP Flow Balance'!E14)+('Table 7 WTP Sulfate Balance'!D16*'Table 6 WTP Flow Balance'!D14))/('Table 6 WTP Flow Balance'!E14+'Table 6 WTP Flow Balance'!D14) -> 1504.7511 | F16: 10 | G16: =((E16*'Table 6 WTP Flow Balance'!F14)-(F16*'Table 6 WTP Flow Balance'!I14))/'Table 6 WTP Flow Balance'!H14 -> 7483.7557 | H16: =C16 -> 1450 | I16: =((F16*'Table 6 WTP Flow Balance'!I14)+(H16*'Table 6 WTP Flow Balance'!J14))/'Table 6 WTP Flow Balance'!K14 -> 499.81154
B17: ='Table 5 Flows to Evap & WTP'!B21 -> 16 | C17: =AVERAGE('Table 3 Water Quality'!$D$4:$D$5) -> 1450 | D17: =AVERAGE('Table 3 Water Quality'!$D$9) -> 1571 | E17: =((C17*'Table 6 WTP Flow Balance'!E15)+('Table 7 WTP Sulfate Balance'!D17*'Table 6 WTP Flow Balance'!D15))/('Table 6 WTP Flow Balance'!E15+'Table 6 WTP Flow Balance'!D15) -> 1506.6555 | F17: 10 | G17: =((E17*'Table 6 WTP Flow Balance'!F15)-(F17*'Table 6 WTP Flow Balance'!I15))/'Table 6 WTP Flow Balance'!H15 -> 7493.2776 | H17: =C17 -> 1450 | I17: =((F17*'Table 6 WTP Flow Balance'!I15)+(H17*'Table 6 WTP Flow Balance'!J15))/'Table 6 WTP Flow Balance'!K15 -> 499.91516
B18: ='Table 5 Flows to Evap & WTP'!B22 -> 17 | C18: =AVERAGE('Table 3 Water Quality'!$D$4:$D$5) -> 1450 | D18: =AVERAGE('Table 3 Water Quality'!$D$9) -> 1571 | E18: =((C18*'Table 6 WTP Flow Balance'!E16)+('Table 7 WTP Sulfate Balance'!D18*'Table 6 WTP Flow Balance'!D16))/('Table 6 WTP Flow Balance'!E16+'Table 6 WTP Flow Balance'!D16) -> 1508.5754 | F18: 10 | G18: =((E18*'Table 6 WTP Flow Balance'!F16)-(F18*'Table 6 WTP Flow Balance'!I16))/'Table 6 WTP Flow Balance'!H16 -> 7502.8769 | H18: =C18 -> 1450 | I18: =((F18*'Table 6 WTP Flow Balance'!I16)+(H18*'Table 6 WTP Flow Balance'!J16))/'Table 6 WTP Flow Balance'!K16 -> 499.84577
... B100: ='Table 5 Flows to Evap & WTP'!B104 -> 99 | C100: =AVERAGE('Table 3 Water Quality'!$D$4:$D$5) -> 1450 | D100: =AVERAGE('Table 3 Water Quality'!$D$9) -> 1571 | E100: =((C100*'Table 6 WTP Flow Balance'!E98)+('Table 7 WTP Sulfate Balance'!D100*'Table 6 WTP Flow Balance'!D98))/('Table 6 WTP Flow Balance'!E98+'Table 6 WTP Flow Balance'!D98) -> 1518.3616 | F100: 10 | G100: =((E100*'Table 6 WTP Flow Balance'!F98)-(F100*'Table 6 WTP Flow Balance'!I98))/'Table 6 WTP Flow Balance'!H98 -> 7551.8079 | H100: =C100 -> 1450 | I100: =((F100*'Table 6 WTP Flow Balance'!I98)+(H100*'Table 6 WTP Flow Balance'!J98))/'Table 6 WTP Flow Balance'!K98 -> 499.84157
B101: ='Table 5 Flows to Evap & WTP'!B105 -> 100 | C101: =AVERAGE('Table 3 Water Quality'!$D$4:$D$5) -> 1450 | D101: =AVERAGE('Table 3 Water Quality'!$D$9) -> 1571 | E101: =((C101*'Table 6 WTP Flow Balance'!E99)+('Table 7 WTP Sulfate Balance'!D101*'Table 6 WTP Flow Balance'!D99))/('Table 6 WTP Flow Balance'!E99+'Table 6 WTP Flow Balance'!D99) -> 1518.3616 | F101: 11 | G101: =((E101*'Table 6 WTP Flow Balance'!F99)-(F101*'Table 6 WTP Flow Balance'!I99))/'Table 6 WTP Flow Balance'!H99 -> 7547.8079 | H101: =C101 -> 1450 | I101: 500

Sheet Table 8 Salt Balance
C2: Facilities | I2: Interceptor Systems | M2: Waste Rock Stockpile Runoff | U2: Stockpile Seepage | AA2: RO | AC2: Enhanced Evaporation
C3: Ivanhoe Concentrator Runoff | D3: SX/EW Runoff | E3: Chino Main Office Buildings | G3: SX/EW Runoff | H3: SX/EW Runoff | I3: Santa Rita Groundwater Inflow | K3: West and Kessel Interceptor wells | M3: West Side of West Stockpile Runoff | O3: Northeast Waste Rock Pile Runoff | Q3: Southwest Lampbright Waste Rock Pile Runoff | S3: Kessel Stockpile Runoff | U3: East Side of West Leach Stockpile Seepage | W3: South Leach Stockpile Seepage | Y3: North, Main, and South Lampbright Leach Seepage | AA3: Brine | AC3: Total Dissolved Concentration of Feed | AD3: Mass of Salt | AE3: Volume of Salt
B4: Year | C4: (mg/L) | D4: (mg/min) | E4: (mg/L) | F4: (mg/min) | G4: (mg/L) | H4: (mg/min) | I4: (mg/L) | J4: (mg/min) | K4: (mg/L) | L4: (mg/min) | M4: (mg/L) | N4: (mg/min) | O4: (mg/L) | P4: (mg/min) | Q4: (mg/L) | R4: (mg/min) | S4: (mg/L) | T4: (mg/min) | U4: (mg/L) | V4: (mg/min) | W4: (mg/L) | X4: (mg/min) | Y4: (mg/L) | Z4: (mg/min) | AA4: (mg/L) | AB4: (mg/min) | AC4: (mg/L) | AD4: (tons/year) | AE4: (yds^3/year @ 77 lbs/ft^3)
B5: 6 | C5: ='Table 3 Water Quality'!E6 -> 2400 | D5: =('Table 2 StormwaterGroundwater'!K14*3.78541)*C5 -> 163677.77 | E5: ='Table 3 Water Quality'!E7 -> 2400 | F5: =('Table 2 StormwaterGroundwater'!M14*3.78541)*E5 -> 138727.97 | G5: ='Table 3 Water Quality'!E8 -> 2400 | H5: =('Table 2 StormwaterGroundwater'!O14*3.78541)*G5 -> 171640.47 | I5: ='Table 3 Water Quality'!E12 -> 2402 | J5: =('Table 2 StormwaterGroundwater'!G9*3.78541)*I5 -> 163665.99 | K5: =AVERAGE('Table 3 Water Quality'!E10:E11) -> 1492.5 | L5: =K5*('Table 2 StormwaterGroundwater'!H9*3.78541) -> 48870.116 | M5: ='Table 3 Water Quality'!E14 -> 47950 | N5: =('Table 2 StormwaterGroundwater'!Q14*3.78541)*M5 -> 6241619.7 | O5: ='Table 3 Water Quality'!E16 -> 47950 | P5: =('Table 2 StormwaterGroundwater'!U14*3.78541)*O5 -> 2383818.6 | Q5: ='Table 3 Water Quality'!E17 -> 47950 | R5: =('Table 2 StormwaterGroundwater'!W14*3.78541)*Q5 -> 1915697.1 | S5: ='Table 3 Water Quality'!E18 -> 47950 | T5: =('Table 2 StormwaterGroundwater'!Y14*3.78541)*S5 -> 4081059.1 | U5: ='Table 3 Water Quality'!E19 -> 199667 | V5: =('Table 2 StormwaterGroundwater'!AA14*3.78541)*U5 -> 4998177.1 | W5: ='Table 3 Water Quality'!E20 -> 199667 | X5: =('Table 2 StormwaterGroundwater'!AC14*3.78541)*W5 -> 62877068 | Y5: ='Table 3 Water Quality'!E21 -> 199667 | Z5: =('Table 2 StormwaterGroundwater'!AE14*3.78541)*Y5 -> 99963.543 | AA5: ='Table 7 WTP Sulfate Balance'!G7 -> 7404.2661 | AB5: =AA5*'Table 6 WTP Flow Balance'!H5 -> 1614130 | AC5: =(D5+F5+H5+J5+L5+N5+P5+R5+T5+V5+X5+Z5+AB5)/(('Table 5 Flows to Evap & WTP'!F11+'Table 6 WTP Flow Balance'!H5)*3.78541) -> 97809.707 | AD5: =(AC5/(453592*2000))*(('Table 5 Flows to Evap & WTP'!F11+'Table 6 WTP Flow Balance'!H5)*365*1440*3.785) -> 49182.544 | AE5: =((AD5*2000)/(77/2))/27 -> 94627.308
B6: =B5+1 -> 7 | C6: =C5 -> 2400 | D6: =('Table 2 StormwaterGroundwater'!K15*3.78541)*C6 -> 163677.77 | E6: =E5 -> 2400 | F6: =('Table 2 StormwaterGroundwater'!M15*3.78541)*E6 -> 138727.97 | G6: =G5 -> 2400 | H6: =('Table 2 StormwaterGroundwater'!O15*3.78541)*G6 -> 171640.47 | I6: =I5 -> 2402 | J6: =('Table 2 StormwaterGroundwater'!G10*3.78541)*I6 -> 163665.99 | K6: =K5 -> 1492.5 | L6: =K6*('Table 2 StormwaterGroundwater'!H10*3.78541) -> 48870.116 | M6: =M5 -> 47950 | N6: =('Table 2 StormwaterGroundwater'!Q15*3.78541)*M6 -> 6241619.7 | O6: =O5 -> 47950 | P6: =('Table 2 StormwaterGroundwater'!U15*3.78541)*O6 -> 2383818.6 | Q6: =Q5 -> 47950 | R6: =('Table 2 StormwaterGroundwater'!W15*3.78541)*Q6 -> 1915697.1 | S6: =S5 -> 47950 | T6: =('Table 2 StormwaterGroundwater'!Y15*3.78541)*S6 -> 4081059.1 | U6: =U5 -> 199667 | V6: =('Table 2 StormwaterGroundwater'!AA15*3.78541)*U6 -> 4998177.1 | W6: =W5 -> 199667 | X6: =('Table 2 StormwaterGroundwater'!AC15*3.78541)*W6 -> 42984323 | Y6: =Y5 -> 199667 | Z6: =('Table 2 StormwaterGroundwater'!AE15*3.78541)*Y6 -> 7721793.2 | AA6: ='Table 7 WTP Sulfate Balance'!G8 -> 7412.6316 | AB6: =AA6*'Table 6 WTP Flow Balance'!H6 -> 1549240 | AC6: =(D6+F6+H6+J6+L6+N6+P6+R6+T6+V6+X6+Z6+AB6)/(('Table 5 Flows to Evap & WTP'!F12+'Table 6 WTP Flow Balance'!H6)*3.78541) -> 87215.602 | AD6: =(AC6/(453592*2000))*(('Table 5 Flows to Evap & WTP'!F12+'Table 6 WTP Flow Balance'!H6)*365*1440*3.785) -> 42036.257 | AE6: =((AD6*2000)/(77/2))/27 -> 80877.839 | AJ6: Salt Storage
B7: =B6+1 -> 8 | C7: =C6 -> 2400 | D7: =('Table 2 StormwaterGroundwater'!K16*3.78541)*C7 -> 163677.77 | E7: =E6 -> 2400 | F7: =('Table 2 StormwaterGroundwater'!M16*3.78541)*E7 -> 138727.97 | G7: =G6 -> 2400 | H7: =('Table 2 StormwaterGroundwater'!O16*3.78541)*G7 -> 171640.47 | I7: =I6 -> 2402 | J7: =('Table 2 StormwaterGroundwater'!G11*3.78541)*I7 -> 163665.99 | K7: =K6 -> 1492.5 | L7: =K7*('Table 2 StormwaterGroundwater'!H11*3.78541) -> 48870.116 | M7: =M6 -> 47950 | N7: =('Table 2 StormwaterGroundwater'!Q16*3.78541)*M7 -> 6241619.7 | O7: =O6 -> 47950 | P7: =('Table 2 StormwaterGroundwater'!U16*3.78541)*O7 -> 2383818.6 | Q7: =Q6 -> 47950 | R7: =('Table 2 StormwaterGroundwater'!W16*3.78541)*Q7 -> 1915697.1 | S7: =S6 -> 47950 | T7: =('Table 2 StormwaterGroundwater'!Y16*3.78541)*S7 -> 4081059.1 | U7: =U6 -> 199667 | V7: =('Table 2 StormwaterGroundwater'!AA16*3.78541)*U7 -> 4998177.1 | W7: =W6 -> 199667 | X7: =('Table 2 StormwaterGroundwater'!AC16*3.78541)*W7 -> 22991615 | Y7: =Y6 -> 199667 | Z7: =('Table 2 StormwaterGroundwater'!AE16*3.78541)*Y7 -> 7721793.2 | AA7: ='Table 7 WTP Sulfate Balance'!G9 -> 7420.9064 | AB7: =AA7*'Table 6 WTP Flow Balance'!H7 -> 1490118 | AC7: =(D7+F7+H7+J7+L7+N7+P7+R7+T7+V7+X7+Z7+AB7)/(('Table 5 Flows to Evap & WTP'!F13+'Table 6 WTP Flow Balance'!H7)*3.78541) -> 65778.826 | AD7: =(AC7/(453592*2000))*(('Table 5 Flows to Evap & WTP'!F13+'Table 6 WTP Flow Balance'!H7)*365*1440*3.785) -> 30419.98 | AE7: =((AD7*2000)/(77/2))/27 -> 58528.1 | AJ7: 72 | AK7: acres available
B8: =B7+1 -> 9 | C8: =C7 -> 2400 | D8: =('Table 2 StormwaterGroundwater'!K17*3.78541)*C8 -> 163677.77 | E8: =E7 -> 2400 | F8: =('Table 2 StormwaterGroundwater'!M17*3.78541)*E8 -> 138727.97 | G8: =G7 -> 2400 | H8: =('Table 2 StormwaterGroundwater'!O17*3.78541)*G8 -> 171640.47 | I8: =I7 -> 2402 | J8: =('Table 2 StormwaterGroundwater'!G12*3.78541)*I8 -> 163665.99 | K8: =K7 -> 1492.5 | L8: =K8*('Table 2 StormwaterGroundwater'!H12*3.78541) -> 48870.116 | M8: =M7 -> 47950 | N8: =('Table 2 StormwaterGroundwater'!Q17*3.78541)*M8 -> 6241619.7 | O8: =O7 -> 47950 | P8: =('Table 2 StormwaterGroundwater'!U17*3.78541)*O8 -> 2383818.6 | Q8: =Q7 -> 47950 | R8: =('Table 2 StormwaterGroundwater'!W17*3.78541)*Q8 -> 1915697.1 | S8: =S7 -> 47950 | T8: =('Table 2 StormwaterGroundwater'!Y17*3.78541)*S8 -> 4081059.1 | U8: =U7 -> 199667 | V8: =('Table 2 StormwaterGroundwater'!AA17*3.78541)*U8 -> 4998177.1 | W8: =W7 -> 199667 | X8: =('Table 2 StormwaterGroundwater'!AC17*3.78541)*W8 -> 2998906.3 | Y8: =Y7 -> 199667 | Z8: =('Table 2 StormwaterGroundwater'!AE17*3.78541)*Y8 -> 7721793.2 | AA8: ='Table 7 WTP Sulfate Balance'!G10 -> 7429.5438 | AB8: =AA8*'Table 6 WTP Flow Balance'!H8 -> 1433159 | AC8: =(D8+F8+H8+J8+L8+N8+P8+R8+T8+V8+X8+Z8+AB8)/(('Table 5 Flows to Evap & WTP'!F14+'Table 6 WTP Flow Balance'!H8)*3.78541) -> 42390.99 | AD8: =(AC8/(453592*2000))*(('Table 5 Flows to Evap & WTP'!F14+'Table 6 WTP Flow Balance'!H8)*365*1440*3.785) -> 18804.956 | AE8: =((AD8*2000)/(77/2))/27 -> 36180.771 | AJ8: 1613.3 | AK8: yd^3/acft
B9: =B8+1 -> 10 | C9: =C8 -> 2400 | D9: =('Table 2 StormwaterGroundwater'!K18*3.78541)*C9 -> 163677.77 | E9: =E8 -> 2400 | F9: =('Table 2 StormwaterGroundwater'!M18*3.78541)*E9 -> 138727.97 | G9: =G8 -> 2400 | H9: =('Table 2 StormwaterGroundwater'!O18*3.78541)*G9 -> 171640.47 | I9: =I8 -> 2402 | J9: =('Table 2 StormwaterGroundwater'!G13*3.78541)*I9 -> 163665.99 | K9: =K8 -> 1492.5 | L9: =K9*('Table 2 StormwaterGroundwater'!H13*3.78541) -> 48870.116 | M9: =M8 -> 47950 | N9: =('Table 2 StormwaterGroundwater'!Q18*3.78541)*M9 -> 6241619.7 | O9: =O8 -> 47950 | P9: =('Table 2 StormwaterGroundwater'!U18*3.78541)*O9 -> 2383818.6 | Q9: =Q8 -> 47950 | R9: =('Table 2 StormwaterGroundwater'!W18*3.78541)*Q9 -> 1915697.1 | S9: =S8 -> 47950 | T9: =('Table 2 StormwaterGroundwater'!Y18*3.78541)*S9 -> 632976.76 | U9: =U8 -> 199667 | V9: =('Table 2 StormwaterGroundwater'!AA18*3.78541)*U9 -> 4998177.1 | W9: =W8 -> 199667 | X9: =('Table 2 StormwaterGroundwater'!AC18*3.78541)*W9 -> 6140338.7 | Y9: =Y8 -> 199667 | Z9: =('Table 2 StormwaterGroundwater'!AE18*3.78541)*Y9 -> 7721793.2 | AA9: ='Table 7 WTP Sulfate Balance'!G11 -> 7438.1789 | AB9: =AA9*'Table 6 WTP Flow Balance'!H9 -> 1380526 | AC9: =(D9+F9+H9+J9+L9+N9+P9+R9+T9+V9+X9+Z9+AB9)/(('Table 5 Flows to Evap & WTP'!F15+'Table 6 WTP Flow Balance'!H9)*3.78541) -> 43591.596 | AD9: =(AC9/(453592*2000))*(('Table 5 Flows to Evap & WTP'!F15+'Table 6 WTP Flow Balance'!H9)*365*1440*3.785) -> 18596.819 | AE9: =((AD9*2000)/(77/2))/27 -> 35780.315 | AJ9: =SUM(AE5:AE99) -> 2497099.5 | AK9: yd^3 needing disposal in 100 years
B10: =B9+1 -> 11 | C10: =C9 -> 2400 | D10: =('Table 2 StormwaterGroundwater'!K19*3.78541)*C10 -> 163677.77 | E10: =E9 -> 2400 | F10: =('Table 2 StormwaterGroundwater'!M19*3.78541)*E10 -> 138727.97 | G10: =G9 -> 2400 | H10: =('Table 2 StormwaterGroundwater'!O19*3.78541)*G10 -> 171640.47 | I10: =I9 -> 2402 | J10: =('Table 2 StormwaterGroundwater'!G14*3.78541)*I10 -> 163665.99 | K10: =K9 -> 1492.5 | L10: =K10*('Table 2 StormwaterGroundwater'!H14*3.78541) -> 48870.116 | M10: =M9 -> 47950 | N10: =('Table 2 StormwaterGroundwater'!Q19*3.78541)*M10 -> 6241619.7 | O10: =O9 -> 47950 | P10: =('Table 2 StormwaterGroundwater'!U19*3.78541)*O10 -> 232794.79 | Q10: =Q9 -> 47950 | R10: =('Table 2 StormwaterGroundwater'!W19*3.78541)*Q10 -> 187079.8 | S10: =S9 -> 47950 | T10: =('Table 2 StormwaterGroundwater'!Y19*3.78541)*S10 -> 632976.76 | U10: =U9 -> 199667 | V10: =('Table 2 StormwaterGroundwater'!AA19*3.78541)*U10 -> 4998177.1 | W10: =W9 -> 199667 | X10: =('Table 2 StormwaterGroundwater'!AC19*3.78541)*W10 -> 6140338.7 | Y10: =Y9 -> 199667 | Z10: =('Table 2 StormwaterGroundwater'!AE19*3.78541)*Y10 -> 7721793.2 | AA10: ='Table 7 WTP Sulfate Balance'!G12 -> 7447.1221 | AB10: =AA10*'Table 6 WTP Flow Balance'!H10 -> 1330056 | AC10: =(D10+F10+H10+J10+L10+N10+P10+R10+T10+V10+X10+Z10+AB10)/(('Table 5 Flows to Evap & WTP'!F16+'Table 6 WTP Flow Balance'!H10)*3.78541) -> 39808.392 | AD10: =(AC10/(453592*2000))*(('Table 5 Flows to Evap & WTP'!F16+'Table 6 WTP Flow Balance'!H10)*365*1440*3.785) -> 16320.056 | AE10: =((AD10*2000)/(77/2))/27 -> 31399.819 | AJ10: =AJ9/AJ8 -> 1547.8209 | AK10: acft needing disposal at 1' depth
B11: =B10+1 -> 12 | C11: =C10 -> 2400 | D11: =('Table 2 StormwaterGroundwater'!K20*3.78541)*C11 -> 163677.77 | E11: =E10 -> 2400 | F11: =('Table 2 StormwaterGroundwater'!M20*3.78541)*E11 -> 138727.97 | G11: =G10 -> 2400 | H11: =('Table 2 StormwaterGroundwater'!O20*3.78541)*G11 -> 171640.47 | I11: =I10 -> 2402 | J11: =('Table 2 StormwaterGroundwater'!G15*3.78541)*I11 -> 163665.99 | K11: =K10 -> 1492.5 | L11: =K11*('Table 2 StormwaterGroundwater'!H15*3.78541) -> 48870.116 | M11: =M10 -> 47950 | N11: =('Table 2 StormwaterGroundwater'!Q20*3.78541)*M11 -> 5569445.3 | O11: =O10 -> 47950 | P11: =('Table 2 StormwaterGroundwater'!U20*3.78541)*O11 -> 232794.79 | Q11: =Q10 -> 47950 | R11: =('Table 2 StormwaterGroundwater'!W20*3.78541)*Q11 -> 187079.8 | S11: =S10 -> 47950 | T11: =('Table 2 StormwaterGroundwater'!Y20*3.78541)*S11 -> 632976.76 | U11: =U10 -> 199667 | V11: =('Table 2 StormwaterGroundwater'!AA20*3.78541)*U11 -> 4998177.1 | W11: =W10 -> 199667 | X11: =('Table 2 StormwaterGroundwater'!AC20*3.78541)*W11 -> 6140338.7 | Y11: =Y10 -> 199667 | Z11: =('Table 2 StormwaterGroundwater'!AE20*3.78541)*Y11 -> 7721793.2 | AA11: ='Table 7 WTP Sulfate Balance'!G13 -> 7456.0779 | AB11: =AA11*'Table 6 WTP Flow Balance'!H11 -> 1283191 | AC11: =(D11+F11+H11+J11+L11+N11+P11+R11+T11+V11+X11+Z11+AB11)/(('Table 5 Flows to Evap & WTP'!F17+'Table 6 WTP Flow Balance'!H11)*3.78541) -> 40263.845 | AD11: =(AC11/(453592*2000))*(('Table 5 Flows to Evap & WTP'!F17+'Table 6 WTP Flow Balance'!H11)*365*1440*3.785) -> 15903.508 | AE11: =((AD11*2000)/(77/2))/27 -> 30598.379 | AJ11: =AJ10/AJ7 -> 21.497513 | AK11: foot of depth required inacres
B12: =B11+1 -> 13 | C12: =C11 -> 2400 | D12: =('Table 2 StormwaterGroundwater'!K21*3.78541)*C12 -> 163677.77 | E12: =E11 -> 2400 | F12: =('Table 2 StormwaterGroundwater'!M21*3.78541)*E12 -> 138727.97 | G12: =G11 -> 2400 | H12: =('Table 2 StormwaterGroundwater'!O21*3.78541)*G12 -> 171640.47 | I12: =I11 -> 2402 | J12: =('Table 2 StormwaterGroundwater'!G16*3.78541)*I12 -> 163665.99 | K12: =K11 -> 1492.5 | L12: =K12*('Table 2 StormwaterGroundwater'!H16*3.78541) -> 48870.116 | M12: =M11 -> 47950 | N12: =('Table 2 StormwaterGroundwater'!Q21*3.78541)*M12 -> 768199.35 | O12: =O11 -> 47950 | P12: =('Table 2 StormwaterGroundwater'!U21*3.78541)*O12 -> 232794.79 | Q12: =Q11 -> 47950 | R12: =('Table 2 StormwaterGroundwater'!W21*3.78541)*Q12 -> 187079.8 | S12: =S11 -> 47950 | T12: =('Table 2 StormwaterGroundwater'!Y21*3.78541)*S12 -> 632976.76 | U12: =U11 -> 199667 | V12: =('Table 2 StormwaterGroundwater'!AA21*3.78541)*U12 -> 4998177.1 | W12: =W11 -> 199667 | X12: =('Table 2 StormwaterGroundwater'!AC21*3.78541)*W12 -> 6140338.7 | Y12: =Y11 -> 199667 | Z12: =('Table 2 StormwaterGroundwater'!AE21*3.78541)*Y12 -> 7721793.2 | AA12: ='Table 7 WTP Sulfate Balance'!G14 -> 7465.1205 | AB12: =AA12*'Table 6 WTP Flow Balance'!H12 -> 1239210 | AC12: =(D12+F12+H12+J12+L12+N12+P12+R12+T12+V12+X12+Z12+AB12)/(('Table 5 Flows to Evap & WTP'!F18+'Table 6 WTP Flow Balance'!H12)*3.78541) -> 34450.389 | AD12: =(AC12/(453592*2000))*(('Table 5 Flows to Evap & WTP'!F18+'Table 6 WTP Flow Balance'!H12)*365*1440*3.785) -> 13096.607 | AE12: =((AD12*2000)/(77/2))/27 -> 25197.897
B13: =B12+1 -> 14 | C13: =C12 -> 2400 | D13: =('Table 2 StormwaterGroundwater'!K22*3.78541)*C13 -> 164562.52 | E13: =E12 -> 2400 | F13: =('Table 2 StormwaterGroundwater'!M22*3.78541)*E13 -> 12386.426 | G13: =G12 -> 2400 | H13: =('Table 2 StormwaterGroundwater'!O22*3.78541)*G13 -> 0 | I13: =I12 -> 2402 | J13: =('Table 2 StormwaterGroundwater'!G17*3.78541)*I13 -> 163665.99 | K13: =K12 -> 1492.5 | L13: =K13*('Table 2 StormwaterGroundwater'!H17*3.78541) -> 48870.116 | M13: =M12 -> 47950 | N13: =('Table 2 StormwaterGroundwater'!Q22*3.78541)*M13 -> 609533.18 | O13: =O12 -> 47950 | P13: =('Table 2 StormwaterGroundwater'!U22*3.78541)*O13 -> 232794.79 | Q13: =Q12 -> 47950 | R13: =('Table 2 StormwaterGroundwater'!W22*3.78541)*Q13 -> 187079.8 | S13: =S12 -> 47950 | T13: =('Table 2 StormwaterGroundwater'!Y22*3.78541)*S13 -> 632976.76 | U13: =U12 -> 199667 | V13: =('Table 2 StormwaterGroundwater'!AA22*3.78541)*U13 -> 4998177.1 | W13: =W12 -> 199667 | X13: =('Table 2 StormwaterGroundwater'!AC22*3.78541)*W13 -> 6140338.7 | Y13: =Y12 -> 199667 | Z13: =('Table 2 StormwaterGroundwater'!AE22*3.78541)*Y13 -> 7721793.2 | AA13: ='Table 7 WTP Sulfate Balance'!G15 -> 7474.3571 | AB13: =AA13*'Table 6 WTP Flow Balance'!H13 -> 1197392 | AC13: =(D13+F13+H13+J13+L13+N13+P13+R13+T13+V13+X13+Z13+AB13)/(('Table 5 Flows to Evap & WTP'!F19+'Table 6 WTP Flow Balance'!H13)*3.78541) -> 35025.247 | AD13: =(AC13/(453592*2000))*(('Table 5 Flows to Evap & WTP'!F19+'Table 6 WTP Flow Balance'!H13)*365*1440*3.785) -> 12808.352 | AE13: =((AD13*2000)/(77/2))/27 -> 24643.293 | AJ13: =AJ9/95 -> 26285.257 | AK13: yd^3/year average
B14: =B13+1 -> 15 | C14: =C13 -> 2400 | D14: =('Table 2 StormwaterGroundwater'!K23*3.78541)*C14 -> 0 | E14: =E13 -> 2400 | F14: =('Table 2 StormwaterGroundwater'!M23*3.78541)*E14 -> 0 | G14: =G13 -> 2400 | H14: =('Table 2 StormwaterGroundwater'!O23*3.78541)*G14 -> 0 | I14: =I13 -> 2402 | J14: =('Table 2 StormwaterGroundwater'!G18*3.78541)*I14 -> 163665.99 | K14: =K13 -> 1492.5 | L14: =K14*('Table 2 StormwaterGroundwater'!H18*3.78541) -> 48870.116 | M14: =M13 -> 47950 | N14: =('Table 2 StormwaterGroundwater'!Q23*3.78541)*M14 -> 609533.18 | O14: =O13 -> 47950 | P14: =('Table 2 StormwaterGroundwater'!U23*3.78541)*O14 -> 232794.79 | Q14: =Q13 -> 47950 | R14: =('Table 2 StormwaterGroundwater'!W23*3.78541)*Q14 -> 187079.8 | S14: =S13 -> 47950 | T14: =('Table 2 StormwaterGroundwater'!Y23*3.78541)*S14 -> 632976.76 | U14: =U13 -> 199667 | V14: =('Table 2 StormwaterGroundwater'!AA23*3.78541)*U14 -> 4998177.1 | W14: =W13 -> 199667 | X14: =('Table 2 StormwaterGroundwater'!AC23*3.78541)*W14 -> 6140338.7 | Y14: =Y13 -> 199667 | Z14: =('Table 2 StormwaterGroundwater'!AE23*3.78541)*Y14 -> 7721793.2 | AA14: ='Table 7 WTP Sulfate Balance'!G16 -> 7483.7557 | AB14: =AA14*'Table 6 WTP Flow Balance'!H14 -> 1157737 | AC14: =(D14+F14+H14+J14+L14+N14+P14+R14+T14+V14+X14+Z14+AB14)/(('Table 5 Flows to Evap & WTP'!F20+'Table 6 WTP Flow Balance'!H14)*3.78541) -> 35977.967 | AD14: =(AC14/(453592*2000))*(('Table 5 Flows to Evap & WTP'!F20+'Table 6 WTP Flow Balance'!H14)*365*1440*3.785) -> 12682.87 | AE14: =((AD14*2000)/(77/2))/27 -> 24401.867
B15: =B14+1 -> 16 | C15: =C14 -> 2400 | D15: =('Table 2 StormwaterGroundwater'!K24*3.78541)*C15 -> 0 | E15: =E14 -> 2400 | F15: =('Table 2 StormwaterGroundwater'!M24*3.78541)*E15 -> 0 | G15: =G14 -> 2400 | H15: =('Table 2 StormwaterGroundwater'!O24*3.78541)*G15 -> 0 | I15: =I14 -> 2402 | J15: =('Table 2 StormwaterGroundwater'!G19*3.78541)*I15 -> 163665.99 | K15: =K14 -> 1492.5 | L15: =K15*('Table 2 StormwaterGroundwater'!H19*3.78541) -> 48870.116 | M15: =M14 -> 47950 | N15: =('Table 2 StormwaterGroundwater'!Q24*3.78541)*M15 -> 609533.18 | O15: =O14 -> 47950 | P15: =('Table 2 StormwaterGroundwater'!U24*3.78541)*O15 -> 232794.79 | Q15: =Q14 -> 47950 | R15: =('Table 2 StormwaterGroundwater'!W24*3.78541)*Q15 -> 187079.8 | S15: =S14 -> 47950 | T15: =('Table 2 StormwaterGroundwater'!Y24*3.78541)*S15 -> 632976.76 | U15: =U14 -> 199667 | V15: =('Table 2 StormwaterGroundwater'!AA24*3.78541)*U15 -> 4998177.1 | W15: =W14 -> 199667 | X15: =('Table 2 StormwaterGroundwater'!AC24*3.78541)*W15 -> 6140338.7 | Y15: =Y14 -> 199667 | Z15: =('Table 2 StormwaterGroundwater'!AE24*3.78541)*Y15 -> 7721793.2 | AA15: ='Table 7 WTP Sulfate Balance'!G17 -> 7493.2776 | AB15: =AA15*'Table 6 WTP Flow Balance'!H15 -> 1120245 | AC15: =(D15+F15+H15+J15+L15+N15+P15+R15+T15+V15+X15+Z15+AB15)/(('Table 5 Flows to Evap & WTP'!F21+'Table 6 WTP Flow Balance'!H15)*3.78541) -> 37142.186 | AD15: =(AC15/(453592*2000))*(('Table 5 Flows to Evap & WTP'!F21+'Table 6 WTP Flow Balance'!H15)*365*1440*3.785) -> 12661.151 | AE15: =((AD15*2000)/(77/2))/27 -> 24360.078 | AJ15: 485' X 485' X 3' Deep for one year average
B16: =B15+1 -> 17 | C16: =C15 -> 2400 | D16: =('Table 2 StormwaterGroundwater'!K25*3.78541)*C16 -> 0 | E16: =E15 -> 2400 | F16: =('Table 2 StormwaterGroundwater'!M25*3.78541)*E16 -> 0 | G16: =G15 -> 2400 | H16: =('Table 2 StormwaterGroundwater'!O25*3.78541)*G16 -> 0 | I16: =I15 -> 2402 | J16: =('Table 2 StormwaterGroundwater'!G20*3.78541)*I16 -> 163665.99 | K16: =K15 -> 1492.5 | L16: =K16*('Table 2 StormwaterGroundwater'!H20*3.78541) -> 48870.116 | M16: =M15 -> 47950 | N16: =('Table 2 StormwaterGroundwater'!Q25*3.78541)*M16 -> 609533.18 | O16: =O15 -> 47950 | P16: =('Table 2 StormwaterGroundwater'!U25*3.78541)*O16 -> 232794.79 | Q16: =Q15 -> 47950 | R16: =('Table 2 StormwaterGroundwater'!W25*3.78541)*Q16 -> 187079.8 | S16: =S15 -> 47950 | T16: =('Table 2 StormwaterGroundwater'!Y25*3.78541)*S16 -> 632976.76 | U16: =U15 -> 199667 | V16: =('Table 2 StormwaterGroundwater'!AA25*3.78541)*U16 -> 4998177.1 | W16: =W15 -> 199667 | X16: =('Table 2 StormwaterGroundwater'!AC25*3.78541)*W16 -> 6140338.7 | Y16: =Y15 -> 199667 | Z16: =('Table 2 StormwaterGroundwater'!AE25*3.78541)*Y16 -> 7721793.2 | AA16: ='Table 7 WTP Sulfate Balance'!G18 -> 7502.8769 | AB16: =AA16*'Table 6 WTP Flow Balance'!H16 -> 1084916 | AC16: =(D16+F16+H16+J16+L16+N16+P16+R16+T16+V16+X16+Z16+AB16)/(('Table 5 Flows to Evap & WTP'!F22+'Table 6 WTP Flow Balance'!H16)*3.78541) -> 38314.381 | AD16: =(AC16/(453592*2000))*(('Table 5 Flows to Evap & WTP'!F22+'Table 6 WTP Flow Balance'!H16)*365*1440*3.785) -> 12640.684 | AE16: =((AD16*2000)/(77/2))/27 -> 24320.701
B17: =B16+1 -> 18 | C17: =C16 -> 2400 | D17: =('Table 2 StormwaterGroundwater'!K26*3.78541)*C17 -> 0 | E17: =E16 -> 2400 | F17: =('Table 2 StormwaterGroundwater'!M26*3.78541)*E17 -> 0 | G17: =G16 -> 2400 | H17: =('Table 2 StormwaterGroundwater'!O26*3.78541)*G17 -> 0 | I17: =I16 -> 2402 | J17: =('Table 2 StormwaterGroundwater'!G21*3.78541)*I17 -> 163665.99 | K17: =K16 -> 1492.5 | L17: =K17*('Table 2 StormwaterGroundwater'!H21*3.78541) -> 48870.116 | M17: =M16 -> 47950 | N17: =('Table 2 StormwaterGroundwater'!Q26*3.78541)*M17 -> 609533.18 | O17: =O16 -> 47950 | P17: =('Table 2 StormwaterGroundwater'!U26*3.78541)*O17 -> 232794.79 | Q17: =Q16 -> 47950 | R17: =('Table 2 StormwaterGroundwater'!W26*3.78541)*Q17 -> 187079.8 | S17: =S16 -> 47950 | T17: =('Table 2 StormwaterGroundwater'!Y26*3.78541)*S17 -> 632976.76 | U17: =U16 -> 199667 | V17: =('Table 2 StormwaterGroundwater'!AA26*3.78541)*U17 -> 4998177.1 | W17: =W16 -> 199667 | X17: =('Table 2 StormwaterGroundwater'!AC26*3.78541)*W17 -> 6140338.7 | Y17: =Y16 -> 199667 | Z17: =('Table 2 StormwaterGroundwater'!AE26*3.78541)*Y17 -> 7721793.2 | AA17: ='Table 7 WTP Sulfate Balance'!G19 -> 7512.7162 | AB17: =AA17*'Table 6 WTP Flow Balance'!H17 -> 1051029 | AC17: =(D17+F17+H17+J17+L17+N17+P17+R17+T17+V17+X17+Z17+AB17)/(('Table 5 Flows to Evap & WTP'!F23+'Table 6 WTP Flow Balance'!H17)*3.78541) -> 39514.34 | AD17: =(AC17/(453592*2000))*(('Table 5 Flows to Evap & WTP'!F23+'Table 6 WTP Flow Balance'!H17)*365*1440*3.785) -> 12621.053 | AE17: =((AD17*2000)/(77/2))/27 -> 24282.93 | AJ17: 56 | AK17: acres remaining after 95 years with no cover
B18: =B17+1 -> 19 | C18: =C17 -> 2400 | D18: =('Table 2 StormwaterGroundwater'!K27*3.78541)*C18 -> 0 | E18: =E17 -> 2400 | F18: =('Table 2 StormwaterGroundwater'!M27*3.78541)*E18 -> 0 | G18: =G17 -> 2400 | H18: =('Table 2 StormwaterGroundwater'!O27*3.78541)*G18 -> 0 | I18: =I17 -> 2402 | J18: =('Table 2 StormwaterGroundwater'!G22*3.78541)*I18 -> 163665.99 | K18: =K17 -> 1492.5 | L18: =K18*('Table 2 StormwaterGroundwater'!H22*3.78541) -> 48870.116 | M18: =M17 -> 47950 | N18: =('Table 2 StormwaterGroundwater'!Q27*3.78541)*M18 -> 609533.18 | O18: =O17 -> 47950 | P18: =('Table 2 StormwaterGroundwater'!U27*3.78541)*O18 -> 232794.79 | Q18: =Q17 -> 47950 | R18: =('Table 2 StormwaterGroundwater'!W27*3.78541)*Q18 -> 187079.8 | S18: =S17 -> 47950 | T18: =('Table 2 StormwaterGroundwater'!Y27*3.78541)*S18 -> 632976.76 | U18: =U17 -> 199667 | V18: =('Table 2 StormwaterGroundwater'!AA27*3.78541)*U18 -> 4998177.1 | W18: =W17 -> 199667 | X18: =('Table 2 StormwaterGroundwater'!AC27*3.78541)*W18 -> 6140338.7 | Y18: =Y17 -> 199667 | Z18: =('Table 2 StormwaterGroundwater'!AE27*3.78541)*Y18 -> 7721793.2 | AA18: ='Table 7 WTP Sulfate Balance'!G20 -> 7522.5461 | AB18: =AA18*'Table 6 WTP Flow Balance'!H18 -> 1019305 | AC18: =(D18+F18+H18+J18+L18+N18+P18+R18+T18+V18+X18+Z18+AB18)/(('Table 5 Flows to Evap & WTP'!F24+'Table 6 WTP Flow Balance'!H18)*3.78541) -> 40711.591 | AD18: =(AC18/(453592*2000))*(('Table 5 Flows to Evap & WTP'!F24+'Table 6 WTP Flow Balance'!H18)*365*1440*3.785) -> 12602.675 | AE18: =((AD18*2000)/(77/2))/27 -> 24247.571
B19: =B18+1 -> 20 | C19: =C18 -> 2400 | D19: =('Table 2 StormwaterGroundwater'!K28*3.78541)*C19 -> 0 | E19: =E18 -> 2400 | F19: =('Table 2 StormwaterGroundwater'!M28*3.78541)*E19 -> 0 | G19: =G18 -> 2400 | H19: =('Table 2 StormwaterGroundwater'!O28*3.78541)*G19 -> 0 | I19: =I18 -> 2402 | J19: =('Table 2 StormwaterGroundwater'!G23*3.78541)*I19 -> 163665.99 | K19: =K18 -> 1492.5 | L19: =K19*('Table 2 StormwaterGroundwater'!H23*3.78541) -> 48870.116 | M19: =M18 -> 47950 | N19: =('Table 2 StormwaterGroundwater'!Q28*3.78541)*M19 -> 609533.18 | O19: =O18 -> 47950 | P19: =('Table 2 StormwaterGroundwater'!U28*3.78541)*O19 -> 232794.79 | Q19: =Q18 -> 47950 | R19: =('Table 2 StormwaterGroundwater'!W28*3.78541)*Q19 -> 187079.8 | S19: =S18 -> 47950 | T19: =('Table 2 StormwaterGroundwater'!Y28*3.78541)*S19 -> 632976.76 | U19: =U18 -> 199667 | V19: =('Table 2 StormwaterGroundwater'!AA28*3.78541)*U19 -> 4998177.1 | W19: =W18 -> 199667 | X19: =('Table 2 StormwaterGroundwater'!AC28*3.78541)*W19 -> 6140338.7 | Y19: =Y18 -> 199667 | Z19: =('Table 2 StormwaterGroundwater'!AE28*3.78541)*Y19 -> 7721793.2 | AA19: ='Table 7 WTP Sulfate Balance'!G21 -> 7532.2983 | AB19: =AA19*'Table 6 WTP Flow Balance'!H19 -> 989744 | AC19: =(D19+F19+H19+J19+L19+N19+P19+R19+T19+V19+X19+Z19+AB19)/(('Table 5 Flows to Evap & WTP'!F25+'Table 6 WTP Flow Balance'!H19)*3.78541) -> 41897.842 | AD19: =(AC19/(453592*2000))*(('Table 5 Flows to Evap & WTP'!F25+'Table 6 WTP Flow Balance'!H19)*365*1440*3.785) -> 12585.55 | AE19: =((AD19*2000)/(77/2))/27 -> 24214.622 | AJ19: with the largest wheel tractor-scraper at 55 yd^3
B20: =B19+1 -> 21 | C20: =C19 -> 2400 | D20: =('Table 2 StormwaterGroundwater'!K29*3.78541)*C20 -> 0 | E20: =E19 -> 2400 | F20: =('Table 2 StormwaterGroundwater'!M29*3.78541)*E20 -> 0 | G20: =G19 -> 2400 | H20: =('Table 2 StormwaterGroundwater'!O29*3.78541)*G20 -> 0 | I20: =I19 -> 2402 | J20: =('Table 2 StormwaterGroundwater'!G24*3.78541)*I20 -> 163665.99 | K20: =K19 -> 1492.5 | L20: =K20*('Table 2 StormwaterGroundwater'!H24*3.78541) -> 48870.116 | M20: =M19 -> 47950 | N20: =('Table 2 StormwaterGroundwater'!Q29*3.78541)*M20 -> 609533.18 | O20: =O19 -> 47950 | P20: =('Table 2 StormwaterGroundwater'!U29*3.78541)*O20 -> 232794.79 | Q20: =Q19 -> 47950 | R20: =('Table 2 StormwaterGroundwater'!W29*3.78541)*Q20 -> 187079.8 | S20: =S19 -> 47950 | T20: =('Table 2 StormwaterGroundwater'!Y29*3.78541)*S20 -> 632976.76 | U20: =U19 -> 199667 | V20: =('Table 2 StormwaterGroundwater'!AA29*3.78541)*U20 -> 4998177.1 | W20: =W19 -> 199667 | X20: =('Table 2 StormwaterGroundwater'!AC29*3.78541)*W20 -> 6140338.7 | Y20: =Y19 -> 199667 | Z20: =('Table 2 StormwaterGroundwater'!AE29*3.78541)*Y20 -> 7721793.2 | AA20: ='Table 7 WTP Sulfate Balance'!G22 -> 7535.5188 | AB20: =AA20*'Table 6 WTP Flow Balance'!H20 -> 980371 | AC20: =(D20+F20+H20+J20+L20+N20+P20+R20+T20+V20+X20+Z20+AB20)/(('Table 5 Flows to Evap & WTP'!F26+'Table 6 WTP Flow Balance'!H20)*3.78541) -> 42289.247 | AD20: =(AC20/(453592*2000))*(('Table 5 Flows to Evap & WTP'!F26+'Table 6 WTP Flow Balance'!H20)*365*1440*3.785) -> 12580.12 | AE20: =((AD20*2000)/(77/2))/27 -> 24204.175 | AJ20: =AJ13/55 -> 477.91377 | AK20: trips per year
B21: =B20+1 -> 22 | C21: =C20 -> 2400 | D21: =('Table 2 StormwaterGroundwater'!K30*3.78541)*C21 -> 0 | E21: =E20 -> 2400 | F21: =('Table 2 StormwaterGroundwater'!M30*3.78541)*E21 -> 0 | G21: =G20 -> 2400 | H21: =('Table 2 StormwaterGroundwater'!O30*3.78541)*G21 -> 0 | I21: =I20 -> 2402 | J21: =('Table 2 StormwaterGroundwater'!G25*3.78541)*I21 -> 163665.99 | K21: =K20 -> 1492.5 | L21: =K21*('Table 2 StormwaterGroundwater'!H25*3.78541) -> 48870.116 | M21: =M20 -> 47950 | N21: =('Table 2 StormwaterGroundwater'!Q30*3.78541)*M21 -> 609533.18 | O21: =O20 -> 47950 | P21: =('Table 2 StormwaterGroundwater'!U30*3.78541)*O21 -> 232794.79 | Q21: =Q20 -> 47950 | R21: =('Table 2 StormwaterGroundwater'!W30*3.78541)*Q21 -> 187079.8 | S21: =S20 -> 47950 | T21: =('Table 2 StormwaterGroundwater'!Y30*3.78541)*S21 -> 632976.76 | U21: =U20 -> 199667 | V21: =('Table 2 StormwaterGroundwater'!AA30*3.78541)*U21 -> 4998177.1 | W21: =W20 -> 199667 | X21: =('Table 2 StormwaterGroundwater'!AC30*3.78541)*W21 -> 6140338.7 | Y21: =Y20 -> 199667 | Z21: =('Table 2 StormwaterGroundwater'!AE30*3.78541)*Y21 -> 7721793.2 | AA21: ='Table 7 WTP Sulfate Balance'!G23 -> 7535.7692 | AB21: =AA21*'Table 6 WTP Flow Balance'!H21 -> 979650 | AC21: =(D21+F21+H21+J21+L21+N21+P21+R21+T21+V21+X21+Z21+AB21)/(('Table 5 Flows to Evap & WTP'!F27+'Table 6 WTP Flow Balance'!H21)*3.78541) -> 42319.672 | AD21: =(AC21/(453592*2000))*(('Table 5 Flows to Evap & WTP'!F27+'Table 6 WTP Flow Balance'!H21)*365*1440*3.785) -> 12579.702 | AE21: =((AD21*2000)/(77/2))/27 -> 24203.371 | AJ21: =AJ20/4 -> 119.47844 | AK21: days at 4 trips per day
B22: =B21+1 -> 23 | C22: =C21 -> 2400 | D22: =('Table 2 StormwaterGroundwater'!K31*3.78541)*C22 -> 0 | E22: =E21 -> 2400 | F22: =('Table 2 StormwaterGroundwater'!M31*3.78541)*E22 -> 0 | G22: =G21 -> 2400 | H22: =('Table 2 StormwaterGroundwater'!O31*3.78541)*G22 -> 0 | I22: =I21 -> 2402 | J22: =('Table 2 StormwaterGroundwater'!G26*3.78541)*I22 -> 163665.99 | K22: =K21 -> 1492.5 | L22: =K22*('Table 2 StormwaterGroundwater'!H26*3.78541) -> 48870.116 | M22: =M21 -> 47950 | N22: =('Table 2 StormwaterGroundwater'!Q31*3.78541)*M22 -> 609533.18 | O22: =O21 -> 47950 | P22: =('Table 2 StormwaterGroundwater'!U31*3.78541)*O22 -> 232794.79 | Q22: =Q21 -> 47950 | R22: =('Table 2 StormwaterGroundwater'!W31*3.78541)*Q22 -> 187079.8 | S22: =S21 -> 47950 | T22: =('Table 2 StormwaterGroundwater'!Y31*3.78541)*S22 -> 632976.76 | U22: =U21 -> 199667 | V22: =('Table 2 StormwaterGroundwater'!AA31*3.78541)*U22 -> 4998177.1 | W22: =W21 -> 199667 | X22: =('Table 2 StormwaterGroundwater'!AC31*3.78541)*W22 -> 6140338.7 | Y22: =Y21 -> 199667 | Z22: =('Table 2 StormwaterGroundwater'!AE31*3.78541)*Y22 -> 7721793.2 | AA22: ='Table 7 WTP Sulfate Balance'!G24 -> 7536.2712 | AB22: =AA22*'Table 6 WTP Flow Balance'!H22 -> 978208 | AC22: =(D22+F22+H22+J22+L22+N22+P22+R22+T22+V22+X22+Z22+AB22)/(('Table 5 Flows to Evap & WTP'!F28+'Table 6 WTP Flow Balance'!H22)*3.78541) -> 42380.66 | AD22: =(AC22/(453592*2000))*(('Table 5 Flows to Evap & WTP'!F28+'Table 6 WTP Flow Balance'!H22)*365*1440*3.785) -> 12578.867 | AE22: =((AD22*2000)/(77/2))/27 -> 24201.764 | AJ22: =AJ21/365 -> 0.3273382 | AK22: percent of a year
B23: =B22+1 -> 24 | C23: =C22 -> 2400 | D23: =('Table 2 StormwaterGroundwater'!K32*3.78541)*C23 -> 0 | E23: =E22 -> 2400 | F23: =('Table 2 StormwaterGroundwater'!M32*3.78541)*E23 -> 0 | G23: =G22 -> 2400 | H23: =('Table 2 StormwaterGroundwater'!O32*3.78541)*G23 -> 0 | I23: =I22 -> 2402 | J23: =('Table 2 StormwaterGroundwater'!G27*3.78541)*I23 -> 163665.99 | K23: =K22 -> 1492.5 | L23: =K23*('Table 2 StormwaterGroundwater'!H27*3.78541) -> 48870.116 | M23: =M22 -> 47950 | N23: =('Table 2 StormwaterGroundwater'!Q32*3.78541)*M23 -> 609533.18 | O23: =O22 -> 47950 | P23: =('Table 2 StormwaterGroundwater'!U32*3.78541)*O23 -> 232794.79 | Q23: =Q22 -> 47950 | R23: =('Table 2 StormwaterGroundwater'!W32*3.78541)*Q23 -> 187079.8 | S23: =S22 -> 47950 | T23: =('Table 2 StormwaterGroundwater'!Y32*3.78541)*S23 -> 632976.76 | U23: =U22 -> 199667 | V23: =('Table 2 StormwaterGroundwater'!AA32*3.78541)*U23 -> 4998177.1 | W23: =W22 -> 199667 | X23: =('Table 2 StormwaterGroundwater'!AC32*3.78541)*W23 -> 6140338.7 | Y23: =Y22 -> 199667 | Z23: =('Table 2 StormwaterGroundwater'!AE32*3.78541)*Y23 -> 7721793.2 | AA23: ='Table 7 WTP Sulfate Balance'!G25 -> 7536.7747 | AB23: =AA23*'Table 6 WTP Flow Balance'!H23 -> 976766 | AC23: =(D23+F23+H23+J23+L23+N23+P23+R23+T23+V23+X23+Z23+AB23)/(('Table 5 Flows to Evap & WTP'!F29+'Table 6 WTP Flow Balance'!H23)*3.78541) -> 42441.833 | AD23: =(AC23/(453592*2000))*(('Table 5 Flows to Evap & WTP'!F29+'Table 6 WTP Flow Balance'!H23)*365*1440*3.785) -> 12578.031 | AE23: =((AD23*2000)/(77/2))/27 -> 24200.157 | AJ23: =AJ21/5 -> 23.895689 | AK23: weeks of hauling per year
B24: =B23+1 -> 25 | C24: =C23 -> 2400 | D24: =('Table 2 StormwaterGroundwater'!K33*3.78541)*C24 -> 0 | E24: =E23 -> 2400 | F24: =('Table 2 StormwaterGroundwater'!M33*3.78541)*E24 -> 0 | G24: =G23 -> 2400 | H24: =('Table 2 StormwaterGroundwater'!O33*3.78541)*G24 -> 0 | I24: =I23 -> 2402 | J24: =('Table 2 StormwaterGroundwater'!G28*3.78541)*I24 -> 163665.99 | K24: =K23 -> 1492.5 | L24: =K24*('Table 2 StormwaterGroundwater'!H28*3.78541) -> 48870.116 | M24: =M23 -> 47950 | N24: =('Table 2 StormwaterGroundwater'!Q33*3.78541)*M24 -> 609533.18 | O24: =O23 -> 47950 | P24: =('Table 2 StormwaterGroundwater'!U33*3.78541)*O24 -> 232794.79 | Q24: =Q23 -> 47950 | R24: =('Table 2 StormwaterGroundwater'!W33*3.78541)*Q24 -> 187079.8 | S24: =S23 -> 47950 | T24: =('Table 2 StormwaterGroundwater'!Y33*3.78541)*S24 -> 632976.76 | U24: =U23 -> 199667 | V24: =('Table 2 StormwaterGroundwater'!AA33*3.78541)*U24 -> 4998177.1 | W24: =W23 -> 199667 | X24: =('Table 2 StormwaterGroundwater'!AC33*3.78541)*W24 -> 6140338.7 | Y24: =Y23 -> 199667 | Z24: =('Table 2 StormwaterGroundwater'!AE33*3.78541)*Y24 -> 7721793.2 | AA24: ='Table 7 WTP Sulfate Balance'!G26 -> 7537.2798 | AB24: =AA24*'Table 6 WTP Flow Balance'!H24 -> 975324 | AC24: =(D24+F24+H24+J24+L24+N24+P24+R24+T24+V24+X24+Z24+AB24)/(('Table 5 Flows to Evap & WTP'!F30+'Table 6 WTP Flow Balance'!H24)*3.78541) -> 42503.19 | AD24: =(AC24/(453592*2000))*(('Table 5 Flows to Evap & WTP'!F30+'Table 6 WTP Flow Balance'!H24)*365*1440*3.785) -> 12577.196 | AE24: =((AD24*2000)/(77/2))/27 -> 24198.549
B25: =B24+1 -> 26 | C25: =C24 -> 2400 | D25: =('Table 2 StormwaterGroundwater'!K34*3.78541)*C25 -> 0 | E25: =E24 -> 2400 | F25: =('Table 2 StormwaterGroundwater'!M34*3.78541)*E25 -> 0 | G25: =G24 -> 2400 | H25: =('Table 2 StormwaterGroundwater'!O34*3.78541)*G25 -> 0 | I25: =I24 -> 2402 | J25: =('Table 2 StormwaterGroundwater'!G29*3.78541)*I25 -> 163665.99 | K25: =K24 -> 1492.5 | L25: =K25*('Table 2 StormwaterGroundwater'!H29*3.78541) -> 48870.116 | M25: =M24 -> 47950 | N25: =('Table 2 StormwaterGroundwater'!Q34*3.78541)*M25 -> 609533.18 | O25: =O24 -> 47950 | P25: =('Table 2 StormwaterGroundwater'!U34*3.78541)*O25 -> 232794.79 | Q25: =Q24 -> 47950 | R25: =('Table 2 StormwaterGroundwater'!W34*3.78541)*Q25 -> 187079.8 | S25: =S24 -> 47950 | T25: =('Table 2 StormwaterGroundwater'!Y34*3.78541)*S25 -> 632976.76 | U25: =U24 -> 199667 | V25: =('Table 2 StormwaterGroundwater'!AA34*3.78541)*U25 -> 4998177.1 | W25: =W24 -> 199667 | X25: =('Table 2 StormwaterGroundwater'!AC34*3.78541)*W25 -> 6140338.7 | Y25: =Y24 -> 199667 | Z25: =('Table 2 StormwaterGroundwater'!AE34*3.78541)*Y25 -> 7721793.2 | AA25: ='Table 7 WTP Sulfate Balance'!G27 -> 7537.5329 | AB25: =AA25*'Table 6 WTP Flow Balance'!H25 -> 974603 | AC25: =(D25+F25+H25+J25+L25+N25+P25+R25+T25+V25+X25+Z25+AB25)/(('Table 5 Flows to Evap & WTP'!F31+'Table 6 WTP Flow Balance'!H25)*3.78541) -> 42533.939 | AD25: =(AC25/(453592*2000))*(('Table 5 Flows to Evap & WTP'!F31+'Table 6 WTP Flow Balance'!H25)*365*1440*3.785) -> 12576.778 | AE25: =((AD25*2000)/(77/2))/27 -> 24197.746
B26: =B25+1 -> 27 | C26: =C25 -> 2400 | D26: =('Table 2 StormwaterGroundwater'!K35*3.78541)*C26 -> 0 | E26: =E25 -> 2400 | F26: =('Table 2 StormwaterGroundwater'!M35*3.78541)*E26 -> 0 | G26: =G25 -> 2400 | H26: =('Table 2 StormwaterGroundwater'!O35*3.78541)*G26 -> 0 | I26: =I25 -> 2402 | J26: =('Table 2 StormwaterGroundwater'!G30*3.78541)*I26 -> 163665.99 | K26: =K25 -> 1492.5 | L26: =K26*('Table 2 StormwaterGroundwater'!H30*3.78541) -> 48870.116 | M26: =M25 -> 47950 | N26: =('Table 2 StormwaterGroundwater'!Q35*3.78541)*M26 -> 609533.18 | O26: =O25 -> 47950 | P26: =('Table 2 StormwaterGroundwater'!U35*3.78541)*O26 -> 232794.79 | Q26: =Q25 -> 47950 | R26: =('Table 2 StormwaterGroundwater'!W35*3.78541)*Q26 -> 187079.8 | S26: =S25 -> 47950 | T26: =('Table 2 StormwaterGroundwater'!Y35*3.78541)*S26 -> 632976.76 | U26: =U25 -> 199667 | V26: =('Table 2 StormwaterGroundwater'!AA35*3.78541)*U26 -> 4998177.1 | W26: =W25 -> 199667 | X26: =('Table 2 StormwaterGroundwater'!AC35*3.78541)*W26 -> 6140338.7 | Y26: =Y25 -> 199667 | Z26: =('Table 2 StormwaterGroundwater'!AE35*3.78541)*Y26 -> 7721793.2 | AA26: ='Table 7 WTP Sulfate Balance'!G28 -> 7538.0403 | AB26: =AA26*'Table 6 WTP Flow Balance'!H26 -> 973161 | AC26: =(D26+F26+H26+J26+L26+N26+P26+R26+T26+V26+X26+Z26+AB26)/(('Table 5 Flows to Evap & WTP'!F32+'Table 6 WTP Flow Balance'!H26)*3.78541) -> 42595.575 | AD26: =(AC26/(453592*2000))*(('Table 5 Flows to Evap & WTP'!F32+'Table 6 WTP Flow Balance'!H26)*365*1440*3.785) -> 12575.943 | AE26: =((AD26*2000)/(77/2))/27 -> 24196.139
B27: =B26+1 -> 28 | C27: =C26 -> 2400 | D27: =('Table 2 StormwaterGroundwater'!K36*3.78541)*C27 -> 0 | E27: =E26 -> 2400 | F27: =('Table 2 StormwaterGroundwater'!M36*3.78541)*E27 -> 0 | G27: =G26 -> 2400 | H27: =('Table 2 StormwaterGroundwater'!O36*3.78541)*G27 -> 0 | I27: =I26 -> 2402 | J27: =('Table 2 StormwaterGroundwater'!G31*3.78541)*I27 -> 163665.99 | K27: =K26 -> 1492.5 | L27: =K27*('Table 2 StormwaterGroundwater'!H31*3.78541) -> 48870.116 | M27: =M26 -> 47950 | N27: =('Table 2 StormwaterGroundwater'!Q36*3.78541)*M27 -> 609533.18 | O27: =O26 -> 47950 | P27: =('Table 2 StormwaterGroundwater'!U36*3.78541)*O27 -> 232794.79 | Q27: =Q26 -> 47950 | R27: =('Table 2 StormwaterGroundwater'!W36*3.78541)*Q27 -> 187079.8 | S27: =S26 -> 47950 | T27: =('Table 2 StormwaterGroundwater'!Y36*3.78541)*S27 -> 632976.76 | U27: =U26 -> 199667 | V27: =('Table 2 StormwaterGroundwater'!AA36*3.78541)*U27 -> 4998177.1 | W27: =W26 -> 199667 | X27: =('Table 2 StormwaterGroundwater'!AC36*3.78541)*W27 -> 6140338.7 | Y27: =Y26 -> 199667 | Z27: =('Table 2 StormwaterGroundwater'!AE36*3.78541)*Y27 -> 7721793.2 | AA27: ='Table 7 WTP Sulfate Balance'!G29 -> 7538.5493 | AB27: =AA27*'Table 6 WTP Flow Balance'!H27 -> 971719 | AC27: =(D27+F27+H27+J27+L27+N27+P27+R27+T27+V27+X27+Z27+AB27)/(('Table 5 Flows to Evap & WTP'!F33+'Table 6 WTP Flow Balance'!H27)*3.78541) -> 42657.399 | AD27: =(AC27/(453592*2000))*(('Table 5 Flows to Evap & WTP'!F33+'Table 6 WTP Flow Balance'!H27)*365*1440*3.785) -> 12575.108 | AE27: =((AD27*2000)/(77/2))/27 -> 24194.531
B28: =B27+1 -> 29 | C28: =C27 -> 2400 | D28: =('Table 2 StormwaterGroundwater'!K37*3.78541)*C28 -> 0 | E28: =E27 -> 2400 | F28: =('Table 2 StormwaterGroundwater'!M37*3.78541)*E28 -> 0 | G28: =G27 -> 2400 | H28: =('Table 2 StormwaterGroundwater'!O37*3.78541)*G28 -> 0 | I28: =I27 -> 2402 | J28: =('Table 2 StormwaterGroundwater'!G32*3.78541)*I28 -> 163665.99 | K28: =K27 -> 1492.5 | L28: =K28*('Table 2 StormwaterGroundwater'!H32*3.78541) -> 48870.116 | M28: =M27 -> 47950 | N28: =('Table 2 StormwaterGroundwater'!Q37*3.78541)*M28 -> 609533.18 | O28: =O27 -> 47950 | P28: =('Table 2 StormwaterGroundwater'!U37*3.78541)*O28 -> 232794.79 | Q28: =Q27 -> 47950 | R28: =('Table 2 StormwaterGroundwater'!W37*3.78541)*Q28 -> 187079.8 | S28: =S27 -> 47950 | T28: =('Table 2 StormwaterGroundwater'!Y37*3.78541)*S28 -> 632976.76 | U28: =U27 -> 199667 | V28: =('Table 2 StormwaterGroundwater'!AA37*3.78541)*U28 -> 4998177.1 | W28: =W27 -> 199667 | X28: =('Table 2 StormwaterGroundwater'!AC37*3.78541)*W28 -> 6140338.7 | Y28: =Y27 -> 199667 | Z28: =('Table 2 StormwaterGroundwater'!AE37*3.78541)*Y28 -> 7721793.2 | AA28: ='Table 7 WTP Sulfate Balance'!G30 -> 7538.8043 | AB28: =AA28*'Table 6 WTP Flow Balance'!H28 -> 970998 | AC28: =(D28+F28+H28+J28+L28+N28+P28+R28+T28+V28+X28+Z28+AB28)/(('Table 5 Flows to Evap & WTP'!F34+'Table 6 WTP Flow Balance'!H28)*3.78541) -> 42688.381 | AD28: =(AC28/(453592*2000))*(('Table 5 Flows to Evap & WTP'!F34+'Table 6 WTP Flow Balance'!H28)*365*1440*3.785) -> 12574.69 | AE28: =((AD28*2000)/(77/2))/27 -> 24193.728
B29: =B28+1 -> 30 | C29: =C28 -> 2400 | D29: =('Table 2 StormwaterGroundwater'!K38*3.78541)*C29 -> 0 | E29: =E28 -> 2400 | F29: =('Table 2 StormwaterGroundwater'!M38*3.78541)*E29 -> 0 | G29: =G28 -> 2400 | H29: =('Table 2 StormwaterGroundwater'!O38*3.78541)*G29 -> 0 | I29: =I28 -> 2402 | J29: =('Table 2 StormwaterGroundwater'!G33*3.78541)*I29 -> 163665.99 | K29: =K28 -> 1492.5 | L29: =K29*('Table 2 StormwaterGroundwater'!H33*3.78541) -> 48870.116 | M29: =M28 -> 47950 | N29: =('Table 2 StormwaterGroundwater'!Q38*3.78541)*M29 -> 609533.18 | O29: =O28 -> 47950 | P29: =('Table 2 StormwaterGroundwater'!U38*3.78541)*O29 -> 232794.79 | Q29: =Q28 -> 47950 | R29: =('Table 2 StormwaterGroundwater'!W38*3.78541)*Q29 -> 187079.8 | S29: =S28 -> 47950 | T29: =('Table 2 StormwaterGroundwater'!Y38*3.78541)*S29 -> 632976.76 | U29: =U28 -> 199667 | V29: =('Table 2 StormwaterGroundwater'!AA38*3.78541)*U29 -> 4998177.1 | W29: =W28 -> 199667 | X29: =('Table 2 StormwaterGroundwater'!AC38*3.78541)*W29 -> 6140338.7 | Y29: =Y28 -> 199667 | Z29: =('Table 2 StormwaterGroundwater'!AE38*3.78541)*Y29 -> 7721793.2 | AA29: ='Table 7 WTP Sulfate Balance'!G31 -> 7539.3157 | AB29: =AA29*'Table 6 WTP Flow Balance'!H29 -> 969556 | AC29: =(D29+F29+H29+J29+L29+N29+P29+R29+T29+V29+X29+Z29+AB29)/(('Table 5 Flows to Evap & WTP'!F35+'Table 6 WTP Flow Balance'!H29)*3.78541) -> 42750.487 | AD29: =(AC29/(453592*2000))*(('Table 5 Flows to Evap & WTP'!F35+'Table 6 WTP Flow Balance'!H29)*365*1440*3.785) -> 12573.855 | AE29: =((AD29*2000)/(77/2))/27 -> 24192.12
